 Dungeon Crawl Stone Soup version 0.31-a0-214-gb37851dbb3 (webtiles) character file.

Game seed: 18327418727906629324

537474 qw the Slayer (level 25, 0/178 HPs)
             Began as a Gargoyle Fighter on June 30, 2023.
             Was a High Priest of Okawaru.
             Killed from afar by a black draconian knight (6 damage)
             ... with a bolt of lightning
             ... led by a white draconian stormcaller
             ... on level 1 of the Realm of Zot.
             The game lasted 00:46:16 (47679 turns).

qw the Slayer (Gargoyle Fighter)                   Turns: 47679, Time: 00:46:16

Health: 0/178      AC: 50    Str: 44    XL:     25   Next: 86%
Magic:  30/30      EV: 19    Int: 14    God:    Okawaru [*****.]
Gold:   672        SH: 27    Dex: 17    Spells: 24/24 levels left

rFire   . . .        A - +5 broad axe (vamp)
rCold   + + .        F - +0 tower shield {rC+}
rNeg    + . .        o - +6 chain mail of Lexkiduc {rC+ Regen+ Str+3}
rPois   inf          (no helmet)
rElec   +            u - +2 cloak {Will+}
rCorr   .            T - +2 pair of gloves of the Sea {Int+3 Dex+3}
SInv    .            w - +1 pair of boots of Refuge {Str+5}
Will    ++...        k - amulet of faith Stlth
                     Y - +5 ring of evasion
HPRegen 1.29/turn    y - ring of Accord {rF+ Str+6 Dex+5 Stlth+}
MPRegen 0.22/turn

%: faith
@: about to teleport, flying, slowed, constricted, very slow
A: sickness immunity, AC +19, big wings, negative energy resistance 1,
electricity resistance, torment resistance 1, petrification resistance, large
bone plates 1, heat vulnerability 1, subdued magic 1, devolution 1
}: 3/15 runes: decaying, serpentine, silver
a: Renounce Religion, Heroism, Finesse, Duel


You were on level 1 of the Realm of Zot.
You worshipped Okawaru.
Okawaru was extremely pleased with you.
You visited 8 branches of the dungeon, and saw 40 of its levels.
You visited the Abyss 1 time.
You visited 1 bazaar.
You also visited: Gauntlet and Desolation.

You collected 6770 gold pieces.
You spent 6098 gold pieces at shops.


Innate Abilities, Weirdness & Mutations

You are immune to sickness and miasma.
Your stone body is resilient. (AC +19)
You are immune to poison.
Your large and strong wings let you fly.
You resist negative energy. (rN+)
You are resistant to electric shocks. (rElec)
You are resistant to unholy torment.
You are immune to petrification.
You are partially covered in large bone plates. (SH +4)
You are vulnerable to heat. (rF-)
Your spells are a little easier to cast, but a little less powerful.
You have hidden genetic defects.


   Skills:
 - Level 24.0 Fighting
 - Level 18.0 Axes
 + Level 13.8 Throwing
 - Level 19.1 Armour
 - Level 12.0 Dodging
 - Level 22.0 Shields
 - Level 10.0 Invocations


You had 24 spell levels left.
You didn't know any spells.
Your spell library was empty.

Inventory:

Hand Weapons
 h - a +3 vampiric war axe
 A - a +5 vampiric broad axe (weapon)
 E - a +4 heavy broad axe
 I - a +1 vampiric war axe
Missiles
 n - 8 boomerangs
 K - 6 javelins
 M - 4 silver javelins (quivered)
Armour
 c - the +0 crystal plate armour of Refuge {rElec rC+ Int+3}
   (Okawaru gifted it to you on level 1 of the Realm of Zot)

   Int:       It affects your intelligence (+3).
   rC:        It protects you from cold.
   rElec:     It insulates you from electricity.
 f - a +9 plate armour of ponderousness
 o - the +6 chain mail of Lexkiduc (worn) {rC+ Regen+ Str+3}
   (You found it on level 3 of the Dungeon)

   Str:       It affects your strength (+3).
   rC:        It protects you from cold.
   Regen:     It increases your rate of health regeneration.
 r - the +4 dragonskin cloak
   (You took it off Tiamat on level 1 of the Realm of Zot)

   Avatar's Aegis: It grants the wearer a chance to resist fire, cold, poison,
   electricity, acid, and negative energy.
 u - a +2 cloak of willpower (worn)
 v - the +2 cloak "Keyddap" {rElec Dex+2}
   (Okawaru gifted it to you on level 14 of the Dungeon)

   Dex:       It affects your dexterity (+2).
   rElec:     It insulates you from electricity.
 w - the +1 pair of boots of Refuge (worn) {Str+5}
   (Okawaru gifted it to you on level 1 of the Swamp)

   Str:       It affects your strength (+5).
 F - a +0 tower shield of cold resistance (worn)
 G - a +4 plate armour of fire resistance
 N - +0 gold dragon scales
 Q - the +3 ring mail of the Watchman {rPois rCorr Str+7}
   (You found it on level 5 of the Vaults)

   Str:       It affects your strength (+7).
   rPois:     It protects you from poison.
   rCorr:     It protects you from acid and corrosion.
 T - the +2 pair of gloves of the Sea (worn) {Int+3 Dex+3}
   (You found it on level 5 of the Vaults)

   Int:       It affects your intelligence (+3).
   Dex:       It affects your dexterity (+3).
Jewellery
 a - a ring of resist corrosion
 k - an amulet of faith (around neck)
 s - an amulet of reflection
 x - a ring of protection from cold
 y - the ring of Accord (right hand) {rF+ Str+6 Dex+5 Stlth+}
   (You bought it in a shop on level 3 of the Snake Pit)

   [ring of strength]

   Str:       It affects your strength (+6).
   Dex:       It affects your dexterity (+5).
   rF:        It protects you from fire.
   Stlth:     It makes you more stealthy.
 z - a ring of protection from cold
 J - a ring of protection from fire
 L - the amulet of Ypuyq {Spirit rC++}
   (You found it in the Desolation of Salt)

   [amulet of guardian spirit]

   It causes incoming damage to be divided between your reserves of health and
   magic.
   rC:        It greatly protects you from cold.
 Y - a +5 ring of evasion (left hand)
Scrolls
 g - 15 scrolls of identify
 j - 7 scrolls of teleportation
 C - 6 scrolls of enchant armour
 H - 2 scrolls of brand weapon
Potions
 b - 5 potions of cancellation
 d - 8 potions of might
 e - 5 potions of magic
 i - 6 potions of haste
 l - 5 potions of curing
 m - 7 potions of enlightenment
 p - 4 potions of heal wounds
 q - 2 potions of resistance
 t - 6 potions of lignification
 B - 3 potions of attraction

Dungeon Overview and Level Annotations

Branches:
Dungeon (15/15)            Temple (0/1) D:5            Lair (5/5) D:11
  Swamp (4/4) Lair:2        Snake (4/4) Lair:2        Slime (0/5) Lair:5
    Orc (2/2) D:12            Elf (0/3) Orc:2        Vaults (5/5) D:14
  Crypt (0/3) Vaults:2     Depths (4/4) D:15            Zot (1/5) Depths:4
Desolation (visited)      Gauntlet (visited)

Altars:
Dithmenos
Elyvilon
Fedhas
Gozag
Hepliaklqana
Kikubaaqudgha
Makhleb
Nemelex Xobeh
Okawaru
Ru
Sif Muna
Trog
Vehumet
Wu Jian
Yredelemnul
Zin
Jiyva

Shops:
D:3 (   D:6 (   D:8 !((?*   Orc:2 :([(   Snake:3 =   Snake:4 *?   Vaults:1 [*(

Portals:
Hell: Lair:5 Depths:1 Depths:2 Depths:3 Depths:4
Abyss: Depths:3 Depths:4
Pandemonium: Depths:2 Depths:3
Ziggurat: Depths:2
Trove: D:11 (give 5 potions of resistance)

Annotations:
D:10 3 runed translucent doors
Lair:2 3 runed translucent doors, qw's ghost, journeyman GrFi
Lair:3 3 runed translucent doors, qw's ghost, journeyman DEHu; qw's ghost, journeyman GrFi; qw's ghost, journeyman GrHu
Snake:2 1 runed translucent door, Ciageutz's ghost, journeyman GnHW
Orc:1 2 transporters


Message History

The tentacled monstrosity constricts you.
You hear some strange, mumbled words.
A shard of ice appears from out of thin air!
You block the shard of ice.
The tentacled monstrosity tentacle-slaps you but does no damage.
The tentacled monstrosity completely misses you.
The tentacled monstrosity tentacle-slaps you but does no damage.
The white draconian closely misses you.
The white draconian hits you but does no damage.
The tentacled monstrosity tentacle-slaps you!
The tentacled monstrosity misses you.
You block the tentacled monstrosity's attack.
The tentacled monstrosity constricts you.
47679 ||| DRINKING 5 potions of heal wounds.
You feel much better.
You feel like a meek peon again.
The white draconian is no longer berserk.
You block something's attack.
You block the tentacled monstrosity's attack.
The tentacled monstrosity tentacle-slaps you!
The tentacled monstrosity tentacle-slaps you but does no damage.
The white draconian hits you but does no damage.
The white draconian closely misses you.
The tentacled monstrosity tentacle-slaps you.
The tentacled monstrosity tentacle-slaps you but does no damage. x2
The tentacled monstrosity constricts you.
You hear some strange, mumbled words.
A bolt of cold appears from out of thin air!
The bolt of cold misses you.
The tentacled monstrosity tentacle-slaps you!
You block the tentacled monstrosity's attack.
The tentacled monstrosity tentacle-slaps you but does no damage.
You block the white draconian's attack. The white draconian barely misses you.
The tentacled monstrosity tentacle-slaps you but does no damage.
You block the tentacled monstrosity's attack.
The tentacled monstrosity tentacle-slaps you but does no damage.
The tentacled monstrosity constricts you.
A bolt of lightning appears from out of thin air!
The bolt of lightning hits you. You resist.
You die...

..........#
##'######...
..........#
#...........
..........#
#..)........
..........#
#...........
.........#
#...########
........#
#...# #...#
#...# #.X@#
#.{dXy..'..
#..ydd..#..
#.......#
#####...#
...# ...#
...#


You could see 2 tentacled monstrosities, a purple draconian, 2 draconians and 2
moths of wrath.

Vanquished Creatures
  A dread lich (Vaults:5)
  Tiamat (Zot:1)
  Mara (Swamp:4)
  A juggernaut (Depths:1)
  Sojobo (Vaults:2)
  Margery (Vaults:2)
  5 golden dragons
  A caustic shrike (Depths:2)
  Nikola (Depths:2)
  A profane servitor (Abyss:3)
  A bone dragon (Depths:2)
  Rupert (Orc:2)
  7 tentacled monstrosities
  3 liches
  4 titans (Vaults:5)
  A walking frostbound tome (Depths:2)
  4 quicksilver dragons
  3 death cobs (Zot:1)
  4 tentacled starspawn (Abyss:3)
  4 sphinxes
  A thorn hunter (Swamp:4)
  6 nagarajas
  A storm dragon (Depths:2)
  9 shadow dragons
  Donald (Snake:3)
  8 tengu reavers
  A draconian monk (Depths:4)
  A fenstrider witch (Swamp:1)
  7 fire giants
  2 spectral caustic shrikes (Depths:1)
  2 draconian knights (Zot:1)
  An imperial myrmidon (Desolation)
  13 frost giants
  A deep elf sorcerer (Abyss:3)
  2 iron dragons
  16 vault wardens
  Aizul (Swamp:3)
  3 orc warlords
  A draconian shifter (Zot:1)
  7 ironbound thunderhulks
  4 formless jellyfish
  20 stone giants
  3 war gargoyles
  A draconian annihilator (Depths:4)
  10 very ugly things
  2 draconian stormcallers (Zot:1)
  20 ironbound preservers
  7 vampire knights
  4 eleionomae
  A green draconian (Zot:1)
  3 purple draconians
  3 black draconians
  A deep elf demonologist (Abyss:3)
  3 spark wasps (Depths:1)
  A deep elf annihilator (Vaults:5)
  7 red draconians
  A bunyip (Swamp:3)
  A halazid warlock (Desolation)
  A minotaur (Gauntlet)
  6 white draconians
  17 dire elephants
  2 crystal guardians (Desolation)
  A yellow draconian (Zot:1)
  An eidolon (Vaults:2)
  A merfolk impaler (Depths:2)
  A merfolk javelineer (Depths:4)
  A green death (Abyss:3)
  13 ettins
  A shambling mangrove (Swamp:4)
  A deep elf death mage (Vaults:5)
  5 deep elf high priests
  3 jiangshi
  19 yaktaur captains
  4 entropy weavers
  5 fire dragons
  6 great orbs of eyes
  Josephine (Snake:1)
  5 ice dragons
  27 vault guards
  7 ragged hierophants (Desolation)
  A hell beast (Depths:2)
  5 anacondas
  10 servants of whispers (Desolation)
  A salamander tyrant (Snake:4)
  3 spriggan air magi
  21 hydras
  11 peacekeepers
  2 catoblepae
  4 ghost crabs
  20 centaur warriors
  7 rakshasas
  6 two-headed ogres
  2 dancing weapons (D:14)
  10 ironbound frosthearts
  A boulder beetle (shapeshifter) (Vaults:5)
  A hell hog (Depths:2)
  An anaconda (shapeshifter) (D:15)
  8 boulder beetles
  9 naga warriors
  14 deep troll shamans
  6 alligators
  6 death yaks (Lair:5)
  13 deep troll earth magi
  2 tengu warriors
  16 naga sharpshooters
  A demonic crawler (Abyss:3)
  3 vampire magi
  4 shock serpents
  11 spriggan berserkers
  23 spriggans
  5 thrashing horrors (Abyss:3)
  A fire crab (shapeshifter) (Vaults:1)
  15 hell knights
  7 iron trolls
  Sonja (D:11)
  A skyshark (Lair:2)
  Nergalle (D:11)
  A sixfirhy (Lair:5)
  2 salamander mystics (Snake:4)
  6 goliath frogs
  A bunyip zombie (Swamp:2)
  3 spriggan druids
  A spatial maelstrom (Abyss:3)
  A glowing orange brain (Depths:1)
  4 sea snakes (Snake:2)
  8 wizards
  11 bog bodies
  A flayed ghost (Vaults:5)
  68 deep trolls
  5 naga ritualists
  4 phantasmal warriors
  8 swamp dragons
  16 ironbound convokers
  4 deep elf pyromancers
  8 mana vipers
  6 harpies (Vaults:2)
  28 ugly things
  5 orc knights
  22 lindwurms
  2 cyclopes
  2 manticores
  5 orc sorcerers
  10 necromancers
  3 will-o-the-wisps
  An apocalypse crab (Abyss:3)
  A moth of wrath (Zot:1)
  14 salamanders
  Maurice (Orc:2)
  A guardian serpent (Abyss:3)
  2 moths of wrath (shapeshifter)
  30 vault sentinels
  An eye of devastation (shapeshifter) (Vaults:4)
  29 black mambas
  A gargoyle (Gauntlet)
  23 elephants
  17 cane toads
  19 naga magi
  A guardian serpent (shapeshifter) (Vaults:5)
  A molten gargoyle (Desolation)
  An orange demon (Lair:5)
  A torpor snail (Lair:5)
  2 smoke demons
  4 rime drakes
  A hellion (Abyss:3)
  31 yaktaurs
  4 freezing wraiths
  7 komodo dragons
  3 tengu conjurers
  2 bunyip simulacra (Swamp:2)
  A tormentor (Abyss:3)
  2 ice devils (Lair:5)
  2 ancient zymes (Abyss:3)
  A queen bee (Gauntlet)
  A hellwing (Abyss:3)
  3 red devils (Lair:5)
  A hydra zombie (Swamp:2)
  3 bloated husks
  6 tyrant leeches
  5 trolls
  A tarantella (Vaults:3)
  28 hornets
  2 alligator zombies (Swamp:2)
  29 blink frogs
  8 raiju (Abyss:3)
  57 saltlings
  A centaur simulacrum (Gauntlet)
  A wyvern (shapeshifter) (D:14)
  26 slime creatures
  A shadow (D:11)
  A spriggan (shapeshifter) (D:13)
  A culicivora (shapeshifter) (Vaults:5)
  11 water elementals
  6 wraiths
  4 basilisks
  2 large abominations (Abyss:3)
  46 yaks
  8 wyverns
  3 neqoxecs (Abyss:3)
  2 chaos spawn
  7 redbacks
  Grum (D:10)
  20 swamp worms
  A steam dragon (D:7)
  17 vampire mosquitoes
  6 wargs
  2 acid dragons (D:11)
  A warg (shapeshifter) (Depths:4)
  42 nagas
  An acid dragon (shapeshifter) (Vaults:5)
  15 water moccasins
  A hydra simulacrum (Gauntlet)
  A floating eye (Depths:2)
  4 hell hounds
  An ice beast (shapeshifter) (Vaults:5)
  A sky beast (D:6)
  36 orc warriors
  2 ice beasts (D:7)
  2 swamp dragon zombies (Swamp:2)
  11 swamp drakes (Swamp:4)
  A black bear (D:5)
  11 ogres
  30 wolves
  4 boggarts
  22 centaurs
  3 phantoms
  8 kobold brigands
  8 gnoll sergeants
  9 bullfrogs
  A scorpion (D:4)
  8 wights
  A hornet simulacrum (Gauntlet)
  5 small abominations (Abyss:3)
  11 killer bees
  3 howler monkeys
  3 lava snakes (Lair:2)
  2 quasits (Abyss:3)
  17 orc priests
  3 gnoll boudas
  2 hounds (D:6)
  An iron imp (Abyss:3)
  6 jellies
  A sleepcap (D:4)
  10 iguanas
  19 orc wizards
  3 yak simulacra (D:14)
  2 polar bear simulacra (D:14)
  3 wolf simulacra (D:14)
  32 gnolls
  6 adders
  3 ufetubi
  A dart slug (D:2)
  92 orcs
  4 endoplasms
  2 giant cockroaches (D:2)
  5 hobgoblins
  2 quokkas
  6 ball pythons
  5 bats
  12 frilled lizards
  7 goblins
  16 kobolds
  6 rats
  3 river rat simulacra (D:14)
  A lurking horror (Abyss:3)
  4 starspawn tentacles (Abyss:3)
1875 creatures vanquished.

Vanquished Creatures (others)
  An ironbound preserver (Vaults:5)
  A goliath frog (Swamp:3)
  A spriggan druid (Swamp:4)
  A wizard (Depths:3)
  A mana viper (shapeshifter) (Vaults:5)
  3 bloated husks
  A spriggan (Swamp:3)
  A swamp worm (Swamp:3)
  A small abomination (Abyss:3)
  8 foxfires
  9 starspawn tentacles (Abyss:3)
28 creatures vanquished.

Grand Total: 1903 creatures vanquished

Notes
Turn   | Place    | Note
-------+----------+-------------------------------------------
     0 | D:1      | qw the Gargoyle Fighter began the quest for the Orb.
     0 | D:1      | Reached XP level 1. HP: 14/14 MP: 1/1
     0 | D:1      | 0 ||| qw: Version: 0.3-a-26-gee661ec
     0 | D:1      | 0 ||| qw: Game counter: 7318
     0 | D:1      | 0 ||| qw: Melee chars always use a shield: true
     0 | D:1      | 0 ||| qw: God list: Okawaru
     0 | D:1      | 0 ||| qw: Allow faded altars: false
     0 | D:1      | 0 ||| qw: Do Orc after clearing Dungeon:15 true
     0 | D:1      | 0 ||| qw: Do second Lair branch before Depths: true
     0 | D:1      | 0 ||| qw: Lair rune preference: random
     0 | D:1      | 0 ||| qw: Goals: Normal, Zot:1-4, Slime:5, God:TSO, Crypt,
                  | Tomb, Abyss, Pan, Hells, Win
     0 | D:1      | 0 ||| PLANNING D:1-11
   126 | D:1      | 126 ||| Stepping ~*~*~tactically~*~*~ (stealth).
   164 | D:1      | 164 ||| Stepping ~*~*~tactically~*~*~ (stealth).
   170 | D:1      | Reached XP level 2. HP: 19/19 MP: 2/2
   540 | D:1      | 540 ||| UPGRADING to +1 ring mail of cold resistance.
   550 | D:1      | 550 ||| READING 2 scrolls labelled KYVEEG KYNARIBO.
   551 | D:1      | 551 ||| READING scroll labelled WEUR ARACLAIMN.
   554 | D:1      | 554 ||| DROPPING scroll of vulnerability.
   637 | D:2      | 637 ||| DROPPING +0 club.
   810 | D:2      | Reached skill level 3 in Axes
   872 | D:2      | 872 ||| FLEEEEING.
   882 | D:2      | Reached XP level 3. HP: 23/23 MP: 3/3
  1247 | D:2      | 1247 ||| DROPPING +0 scale mail.
  1248 | D:2      | 1248 ||| UPGRADING to +0 chain mail.
  1258 | D:2      | 1258 ||| READING scroll labelled NELEOXZAHUE.
  1259 | D:2      | 1259 ||| READING scroll labelled FOOFI XEUSYTZ.
  1260 | D:2      | 1260 ||| READING scroll labelled YCZYANG REAGGO.
  1261 | D:2      | 1261 ||| READING scroll labelled LYBBOEVIENUI.
  1262 | D:2      | 1262 ||| DRINKING 2 black potions.
  1366 | D:2      | 1366 ||| DROPPING potion of berserk rage.
  1426 | D:3      | Found an iron altar of Okawaru.
  1427 | D:3      | 1427 ||| PLANNING OKAWARU WORSHIP
  1427 | D:3      | 1427 ||| READING scroll labelled UHIOLU DEESKUO.
  1428 | D:3      | 1428 ||| READING scroll labelled NIMUEBBYUMA.
  1436 | D:3      | Became a worshipper of Warmaster Okawaru
  1437 | D:3      | 1437 ||| PLANNING D:1-11
  1474 | D:3      | Found Tash's Antique Weapon Shoppe.
  1484 | D:3      | Found a hazy altar of Hepliaklqana.
  1486 | D:3      | Found a shadowy altar of Dithmenos.
  1487 | D:3      | Noticed a shadow
  1599 | D:3      | Noticed a kobold brigand
  1658 | D:3      | 1658 ||| Stepping ~*~*~tactically~*~*~ (stealth).
  1660 | D:3      | 1660 ||| Stepping ~*~*~tactically~*~*~ (hiding).
  1667 | D:3      | Reached XP level 4. HP: 28/28 MP: 4/4
  1767 | D:3      | Found a blossoming altar of Fedhas.
  1908 | D:3      | 1908 ||| Stepping ~*~*~tactically~*~*~ (stealth).
  1989 | D:3      | Found a glowing silver altar of Zin.
  2052 | D:3      | Found an ornate altar of the Wu Jian Council.
  2078 | D:3      | Identified the +6 chain mail of Lexkiduc {rC+ Regen+ Str+3}
  2185 | D:3      | Reached XP level 5. HP: 32/32 MP: 5/5
  2204 | D:3      | Killed a kobold brigand
  2379 | D:3      | 2379 ||| UPGRADING to +0 pair of gloves.
  2384 | D:3      | 2384 ||| DROPPING +1 ring mail of cold resistance.
  2385 | D:3      | 2385 ||| UPGRADING to +6 chain mail of Lexkiduc {rC+ Regen+
                  | Str+3}.
  2395 | D:3      | 2395 ||| DROPPING +0 chain mail.
  2396 | D:3      | 2396 ||| UPGRADING to +2 buckler.
  2406 | D:3      | 2406 ||| DROPPING +0 buckler.
  2407 | D:3      | 2407 ||| READING scroll labelled LETINO EBENU.
  2508 | D:3      | 2508 ||| DRINKING 2 yellow potions.
  2513 | D:4      | Noticed a phantom
  2528 | D:4      | Killed a phantom
  2528 | D:4      | Reached * piety under Okawaru
  2529 | D:4      | Reached XP level 6. HP: 37/37 MP: 6/6
  2573 | D:4      | 2573 ||| INVOKING Heroism.
  2583 | D:4      | Reached skill level 4 in Fighting
  2593 | D:4      | 2593 ||| DROPPING +0 whip.
  2594 | D:4      | 2594 ||| DROPPING +2 whip of pain.
  2795 | D:4      | 2795 ||| READING scroll of enchant weapon.
  2795 | D:4      | 2795 ||| ENCHANTING +1 war axe.
  2938 | D:4      | 2938 ||| Stepping ~*~*~tactically~*~*~ (stealth).
  2940 | D:4      | 2940 ||| Stepping ~*~*~tactically~*~*~ (hiding).
  2945 | D:4      | 2945 ||| Stepping ~*~*~tactically~*~*~ (stealth).
  2946 | D:4      | 2946 ||| INVOKING Heroism.
  2950 | D:4      | Reached skill level 1 in Invocations
  2951 | D:4      | 2951 ||| Stepping ~*~*~tactically~*~*~ (stealth).
  2952 | D:4      | 2952 ||| Stepping ~*~*~tactically~*~*~ (stealth).
  2955 | D:4      | 2955 ||| Stepping ~*~*~tactically~*~*~ (stealth).
  2956 | D:4      | 2956 ||| Stepping ~*~*~tactically~*~*~ (stealth).
  2960 | D:4      | 2960 ||| Stepping ~*~*~tactically~*~*~ (stealth).
  2962 | D:4      | 2962 ||| Stepping ~*~*~tactically~*~*~ (stealth).
  2967 | D:4      | 2967 ||| Stepping ~*~*~tactically~*~*~ (hiding).
  2969 | D:4      | 2969 ||| INVOKING Heroism.
  3066 | D:4      | Reached XP level 7. HP: 43/43 MP: 6/8
  3105 | D:4      | Found a radiant altar of Vehumet.
  3441 | D:4      | Found a sparkling altar of Nemelex Xobeh.
  3492 | D:4      | 3492 ||| UPGRADING to +1 helmet of intelligence.
  3497 | D:4      | 3497 ||| UPGRADING to +5 ring of evasion.
  3498 | D:4      | 3498 ||| READING 2 scrolls of identify.
  3498 | D:4      | 3498 ||| IDENTIFYING viscous white potion
  3520 | D:5      | Entered Level 5 of the Dungeon
  3559 | D:5      | Found a staircase to the Ecumenical Temple.
  3651 | D:5      | 3651 ||| Stepping ~*~*~tactically~*~*~ (stealth).
  3663 | D:5      | Reached skill level 6 in Axes
  3676 | D:5      | 3676 ||| Stepping ~*~*~tactically~*~*~ (stealth).
  3677 | D:5      | 3677 ||| Stepping ~*~*~tactically~*~*~ (stealth).
  3680 | D:5      | 3680 ||| Stepping ~*~*~tactically~*~*~ (stealth).
  3685 | D:5      | 3685 ||| INVOKING Heroism.
  3706 | D:5      | Reached skill level 1 in Dodging
  3786 | D:5      | 3786 ||| INVOKING Heroism.
  3790 | D:5      | Reached skill level 3 in Invocations
  3806 | D:5      | 3806 ||| Stepping ~*~*~tactically~*~*~ (stealth).
  4022 | D:5      | 4022 ||| INVOKING Heroism.
  4033 | D:5      | Reached XP level 8. HP: 48/48 MP: 8/11
  4156 | D:5      | 4156 ||| DRINKING 2 viscous green potions.
  4157 | D:5      | 4157 ||| READING 2 scrolls of identify.
  4157 | D:5      | 4157 ||| IDENTIFYING inky potion
  4158 | D:5      | 4158 ||| DROPPING potion of ambrosia.
  4159 | D:5      | 4159 ||| DROPPING potion of brilliance.
  4194 | D:6      | 4194 ||| INVOKING Heroism.
  4234 | D:6      | 4234 ||| Stepping ~*~*~tactically~*~*~ (stealth).
  4291 | D:6      | Reached skill level 5 in Fighting
  4329 | D:6      | Found Iruyv's Antique Weapon Shoppe.
  4338 | D:6      | 4338 ||| BUYING glowing broad axe (224 gold).
  4338 | D:6      | Bought a glowing broad axe for 224 gold pieces
  4338 | D:6      | 4338 ||| SWAPPING to +1 broad axe of freezing.
  4339 | D:6      | 4339 ||| DROPPING +2 war axe.
  4347 | D:6      | 4347 ||| INVOKING Heroism.
  4392 | D:6      | 4392 ||| DROPPING +0 flail.
  4393 | D:6      | 4393 ||| DROPPING +1 flail of draining.
  4415 | D:6      | Found a basalt altar of Yredelemnul.
  4516 | D:6      | 4516 ||| Stepping ~*~*~tactically~*~*~ (hiding).
  4557 | D:6      | 4557 ||| Stepping ~*~*~tactically~*~*~ (stealth).
  4559 | D:6      | 4559 ||| Stepping ~*~*~tactically~*~*~ (stealth).
  4571 | D:6      | 4571 ||| INVOKING Heroism.
  4642 | D:6      | Found a white marble altar of Elyvilon.
  4710 | D:6      | 4710 ||| READING scroll labelled YFUODU FIRAUL.
  4711 | D:6      | 4711 ||| READING 2 scrolls of identify.
  4711 | D:6      | 4711 ||| IDENTIFYING lumpy pink potion
  4803 | D:7      | 4803 ||| INVOKING Heroism.
  4804 | D:7      | 4804 ||| Stepping ~*~*~tactically~*~*~ (water).
  4809 | D:7      | Reached XP level 9. HP: 54/54 MP: 9/12
  4810 | D:7      | Reached skill level 6 in Fighting
  4835 | D:7      | Found a sacrificial altar of Ru.
  4885 | D:7      | 4885 ||| Stepping ~*~*~tactically~*~*~ (stealth).
  4886 | D:7      | Noticed a hornet
  4888 | D:7      | 4888 ||| Stepping ~*~*~tactically~*~*~ (stealth).
  4900 | D:7      | Killed a hornet
  4900 | D:7      | Reached ** piety under Okawaru
  4905 | D:7      | Reached skill level 9 in Axes
  4926 | D:7      | 4926 ||| Stepping ~*~*~tactically~*~*~ (hiding).
  4947 | D:7      | Reached skill level 7 in Fighting
  5068 | D:7      | 5068 ||| Stepping ~*~*~tactically~*~*~ (stealth).
  5126 | D:7      | 5126 ||| Stepping ~*~*~tactically~*~*~ (hiding).
  5130 | D:7      | 5130 ||| INVOKING Heroism.
  5277 | D:7      | Noticed a hornet
  5289 | D:7      | Killed a hornet
  5433 | D:7      | 5433 ||| READING 2 scrolls labelled PEGIEL CIREXT.
  5434 | D:7      | 5434 ||| DRINKING 2 fuming sapphire potions.
  5435 | D:7      | 5435 ||| READING 3 scrolls of identify.
  5435 | D:7      | 5435 ||| IDENTIFYING metallic dark potion
  5436 | D:7      | 5436 ||| DROPPING scroll of blinking.
  5484 | D:8      | Found Uredaoh's Weapon Shoppe.
  5548 | D:8      | Reached XP level 10. HP: 63/63 MP: 13/13
  5552 | D:8      | Reached *** piety under Okawaru
  5561 | D:8      | Reached skill level 8 in Fighting
  5594 | D:8      | Found Xustrytt's General Store.
  5597 | D:8      | 5597 ||| SHOPLISTING +6 ring of strength (540 gold, have
                  | 93).
  5597 | D:8      | 5597 ||| BUYING potion of enlightenment (75 gold).
  5597 | D:8      | Bought a potion of enlightenment for 75 gold pieces
  5675 | D:8      | 5675 ||| Stepping ~*~*~tactically~*~*~ (stealth).
  5676 | D:8      | 5676 ||| Stepping ~*~*~tactically~*~*~ (stealth).
  5677 | D:8      | 5677 ||| Stepping ~*~*~tactically~*~*~ (stealth).
  5740 | D:8      | Found Sisuw's Magic Scroll Shop.
  5748 | D:8      | 5748 ||| SHOPLISTING 2 scrolls of identify (48 gold, have
                  | 46).
  5748 | D:8      | 5748 ||| SHOPLISTING scroll of enchant weapon (90 gold,
                  | have 46).
  5766 | D:8      | Found Usef Esu's Distillery.
  5776 | D:8      | 5776 ||| BUYING potion of curing (39 gold).
  5776 | D:8      | Bought a potion of curing for 39 gold pieces
  5776 | D:8      | 5776 ||| SHOPLISTING potion of haste (130 gold, have 7).
  5776 | D:8      | 5776 ||| SHOPLISTING potion of lignification (39 gold, have
                  | 7).
  5776 | D:8      | 5776 ||| SHOPLISTING potion of might (52 gold, have 7).
  5873 | D:8      | Found Nemet's Antique Weapon Shoppe.
  5882 | D:8      | 5882 ||| READING scroll of enchant armour.
  5882 | D:8      | 5882 ||| ENCHANTING +0 pair of gloves.
  6035 | D:8      | 6035 ||| READING scroll labelled LEOVOG ZASTRO.
  6036 | D:8      | 6036 ||| READING 3 scrolls of identify.
  6036 | D:8      | 6036 ||| IDENTIFYING fizzy sapphire potion
  6037 | D:8      | 6037 ||| READING 2 scrolls of identify.
  6037 | D:8      | 6037 ||| IDENTIFYING brown potion
  6038 | D:8      | 6038 ||| DROPPING potion of degeneration.
  6055 | D:9      | 6055 ||| STAIRDANCE
  6106 | D:9      | 6106 ||| INVOKING Heroism.
  6131 | D:9      | Found an ancient bone altar of Kikubaaqudgha.
  6179 | D:9      | Noticed a two-headed ogre
  6180 | D:9      | 6180 ||| INVOKING Heroism.
  6187 | D:9      | Killed a two-headed ogre
  6622 | D:9      | 6622 ||| Stepping ~*~*~tactically~*~*~ (stealth).
  6764 | D:9      | 6764 ||| Stepping ~*~*~tactically~*~*~ (hiding).
  6765 | D:9      | 6765 ||| Stepping ~*~*~tactically~*~*~ (hiding).
  7036 | D:10     | Entered Level 10 of the Dungeon
  7050 | D:10     | Reached **** piety under Okawaru
  7124 | D:10     | 7124 ||| DRINKING 4 potions of curing.
  7124 | D:10     | 7124 ||| (to cure confusion)
  7128 | D:10     | 7128 ||| DRINKING 3 potions of curing.
  7128 | D:10     | 7128 ||| (to cure confusion)
  7157 | D:10     | Reached skill level 6 in Armour
  7230 | D:10     | Found a runed translucent gate.
  7231 | D:10     | Noticed a death yak
  7231 | D:10     | Found a runed translucent gate.
  7231 | D:10     | Found a runed translucent gate.
  7232 | D:10     | Noticed a death yak
  7253 | D:10     | Noticed Grum
  7254 | D:10     | 7254 ||| Stepping ~*~*~tactically~*~*~ (hiding).
  7255 | D:10     | 7255 ||| INVOKING Heroism.
  7279 | D:10     | Killed Grum
  7325 | D:10     | 7325 ||| Stepping ~*~*~tactically~*~*~ (hiding).
  7874 | D:10     | 7874 ||| Stepping ~*~*~tactically~*~*~ (stealth).
  7875 | D:10     | 7875 ||| Stepping ~*~*~tactically~*~*~ (stealth).
  7953 | D:10     | 7953 ||| UPGRADING to +6 ring of strength.
  7954 | D:10     | 7954 ||| READING 2 scrolls labelled FACWOVVOTI.
  7955 | D:10     | 7955 ||| READING scroll labelled UFRYAX DUOFUPH.
  7956 | D:10     | 7956 ||| DROPPING scroll of fear.
  8003 | D:11     | Noticed Sonja
  8004 | D:11     | 8004 ||| Stepping ~*~*~tactically~*~*~ (hiding).
  8015 | D:11     | 8015 ||| Stepping ~*~*~tactically~*~*~ (hiding).
  8030 | D:11     | Killed Sonja
  8030 | D:11     | Received a gift from Okawaru
  8031 | D:11     | Reached skill level 9 in Fighting
  8031 | D:11     | Reached XP level 11. HP: 69/71 MP: 13/15
  8054 | D:11     | Noticed a two-headed ogre
  8055 | D:11     | 8055 ||| INVOKING Heroism.
  8055 | D:11     | Noticed a two-headed ogre
  8056 | D:11     | 8056 ||| Stepping ~*~*~tactically~*~*~ (stealth).
  8065 | D:11     | Reached skill level 6 in Invocations
  8068 | D:11     | Killed a two-headed ogre
  8069 | D:11     | Reached skill level 3 in Throwing
  8072 | D:11     | Killed a two-headed ogre
  8105 | D:11     | 8105 ||| READING scroll of enchant weapon.
  8105 | D:11     | 8105 ||| ENCHANTING +1 broad axe of freezing.
  8154 | D:11     | 8154 ||| Stepping ~*~*~tactically~*~*~ (stealth).
  8171 | D:11     | Reached ***** piety under Okawaru
  8199 | D:11     | 8199 ||| Stepping ~*~*~tactically~*~*~ (stealth).
  8200 | D:11     | 8200 ||| Stepping ~*~*~tactically~*~*~ (stealth).
  8205 | D:11     | 8205 ||| Stepping ~*~*~tactically~*~*~ (stealth).
  8232 | D:11     | Found a staircase to the Lair.
  8347 | D:11     | Noticed a boulder beetle
  8348 | D:11     | Noticed a two-headed ogre
  8349 | D:11     | 8349 ||| INVOKING Heroism.
  8351 | D:11     | 8351 ||| INVOKING Finesse.
  8355 | D:11     | Killed a two-headed ogre
  8363 | D:11     | Killed a boulder beetle
  8528 | D:11     | Noticed Nergalle
  8529 | D:11     | 8529 ||| Stepping ~*~*~tactically~*~*~ (hiding).
  8534 | D:11     | 8534 ||| INVOKING Heroism.
  8540 | D:11     | Killed Nergalle
  8540 | D:11     | Received a gift from Okawaru
  8541 | D:11     | Reached skill level 12 in Axes
  8614 | D:11     | Reached skill level 9 in Invocations
  8717 | D:11     | Found a portal to a secret trove of treasure.
  8840 | D:11     | 8840 ||| PLANNING LAIR
  8840 | D:11     | 8840 ||| UPGRADING to amulet of faith.
  8872 | Lair:1   | Entered Level 1 of the Lair of Beasts
  8919 | Lair:1   | 8919 ||| INVOKING Heroism.
  8955 | Lair:1   | Reached XP level 12. HP: 76/76 MP: 17/19
  8984 | Lair:1   | 8984 ||| INVOKING Heroism.
  8991 | Lair:1   | Reached skill level 6 in Shields
  9014 | Lair:1   | Identified the +6 glaive "Cimy" {spect, Will+ Str+3}
                  | (Okawaru gifted it to you on level 1 of the Lair of Beasts)
  9014 | Lair:1   | Received a gift from Okawaru
  9026 | Lair:1   | Reached skill level 10 in Fighting
  9026 | Lair:1   | 9026 ||| INVOKING Heroism.
  9283 | Lair:1   | Received a gift from Okawaru
  9284 | Lair:1   | 9284 ||| INVOKING Heroism.
  9342 | Lair:1   | 9342 ||| READING scroll of enchant armour.
  9342 | Lair:1   | 9342 ||| ENCHANTING +1 pair of gloves.
  9544 | Lair:1   | Identified the +1 pair of boots of the Twelve Moons
                  | {Rampage rN+ Dex+2} (Okawaru gifted it to you on level 1 of
                  | the Lair of Beasts)
  9544 | Lair:1   | Received a gift from Okawaru
  9556 | Lair:1   | 9556 ||| Stepping ~*~*~tactically~*~*~ (stealth).
  9559 | Lair:1   | 9559 ||| Stepping ~*~*~tactically~*~*~ (stealth).
  9643 | Lair:1   | 9643 ||| UPGRADING to +1 pair of boots of the Twelve Moons
                  | {Rampage rN+ Dex+2}.
  9648 | Lair:1   | 9648 ||| DROPPING +0 pair of boots.
  9649 | Lair:1   | 9649 ||| READING 6 scrolls of identify.
  9649 | Lair:1   | 9649 ||| IDENTIFYING white potion
  9650 | Lair:1   | 9650 ||| DRINKING potion of experience.
  9650 | Lair:1   | Reached XP level 13. HP: 82/82 MP: 20/20
  9702 | Lair:2   | Found a staircase to the Swamp.
  9715 | Lair:2   | Reached skill level 3 in Dodging
  9836 | Lair:2   | 9836 ||| Stepping ~*~*~tactically~*~*~ (stealth).
  9883 | Lair:2   | 9883 ||| Stepping ~*~*~tactically~*~*~ (stealth).
  9886 | Lair:2   | 9886 ||| INVOKING Heroism.
 10019 | Lair:2   | Found a staircase to the Snake Pit.
 10026 | Lair:2   | 10026 ||| FLEEEEING.
 10027 | Lair:2   | 10027 ||| FLEEEEING.
 10028 | Lair:2   | 10028 ||| FLEEEEING.
 10029 | Lair:2   | 10029 ||| FLEEEEING.
 10277 | Lair:2   | Found a runed translucent gate.
 10277 | Lair:2   | Found a runed translucent gate.
 10279 | Lair:2   | Found a runed translucent gate.
 10281 | Lair:2   | Noticed qw's ghost (journeyman GrFi)
 10567 | Lair:2   | 10567 ||| READING 5 scrolls of identify.
 10567 | Lair:2   | 10567 ||| IDENTIFYING lumpy blue potion
 10654 | Lair:3   | 10654 ||| INVOKING Heroism.
 10655 | Lair:3   | 10655 ||| INVOKING Finesse.
 10660 | Lair:3   | 10660 ||| SWAPPING to +0 morningstar.
 10666 | Lair:3   | Gained mutation: Your large and strong wings let you fly.
                  | [Gargoyle growth]
 10666 | Lair:3   | Reached XP level 14. HP: 88/88 MP: 14/21
 10666 | Lair:3   | 10666 ||| SWAPPING to +2 broad axe of freezing.
 10724 | Lair:3   | 10724 ||| Stepping ~*~*~tactically~*~*~ (stealth).
 10727 | Lair:3   | 10727 ||| Stepping ~*~*~tactically~*~*~ (stealth).
 10790 | Lair:3   | 10790 ||| Stepping ~*~*~tactically~*~*~ (stealth).
 10825 | Lair:3   | 10825 ||| Stepping ~*~*~tactically~*~*~ (stealth).
 10828 | Lair:3   | 10828 ||| Stepping ~*~*~tactically~*~*~ (stealth).
 10833 | Lair:3   | 10833 ||| Stepping ~*~*~tactically~*~*~ (stealth).
 10894 | Lair:3   | 10894 ||| Stepping ~*~*~tactically~*~*~ (stealth).
 10896 | Lair:3   | 10896 ||| Stepping ~*~*~tactically~*~*~ (stealth).
 11043 | Lair:3   | Received a gift from Okawaru
 11141 | Lair:3   | Found a runed translucent gate.
 11141 | Lair:3   | Found a runed translucent gate.
 11141 | Lair:3   | Found a runed translucent gate.
 11142 | Lair:3   | Noticed qw's ghost (journeyman GrFi)
 11142 | Lair:3   | Noticed qw's ghost (journeyman GrFi)
 11142 | Lair:3   | Noticed qw's ghost (journeyman DEHu)
 11142 | Lair:3   | Noticed qw's ghost (journeyman DEHu)
 11142 | Lair:3   | Noticed qw's ghost (journeyman GrHu)
 11577 | Lair:3   | 11577 ||| UPGRADING to +2 cloak of willpower.
 11649 | Lair:4   | 11649 ||| Stepping ~*~*~tactically~*~*~ (stealth).
 11680 | Lair:4   | Reached skill level 9 in Armour
 11799 | Lair:4   | Reached skill level 11 in Fighting
 11840 | Lair:4   | 11840 ||| Stepping ~*~*~tactically~*~*~ (stealth).
 12131 | Lair:4   | 12131 ||| Stepping ~*~*~tactically~*~*~ (stealth).
 12139 | Lair:4   | 12139 ||| Stepping ~*~*~tactically~*~*~ (hiding).
 12140 | Lair:4   | 12140 ||| Stepping ~*~*~tactically~*~*~ (hiding).
 12146 | Lair:4   | 12146 ||| INVOKING Heroism.
 12147 | Lair:4   | 12147 ||| INVOKING Finesse.
 12148 | Lair:4   | 12148 ||| INVOKING Finesse.
 12182 | Lair:4   | 12182 ||| FLEEEEING.
 12209 | Lair:4   | 12209 ||| Stepping ~*~*~tactically~*~*~ (stealth).
 12604 | Lair:4   | 12604 ||| READING scroll of enchant weapon.
 12604 | Lair:4   | 12604 ||| ENCHANTING +2 broad axe of freezing.
 12644 | Lair:4   | 12644 ||| DROPPING +2 broad axe of distortion.
 12674 | Lair:4   | 12674 ||| INVOKING Heroism.
 12675 | Lair:4   | 12675 ||| SWAPPING to +0 morningstar.
 12676 | Lair:4   | 12676 ||| INVOKING Finesse.
 12684 | Lair:4   | 12684 ||| SWAPPING to +3 broad axe of freezing.
 12788 | Lair:4   | 12788 ||| DROPPING ring of positive energy.
 12817 | Lair:5   | Entered Level 5 of the Lair of Beasts
 12873 | Lair:5   | Received a gift from Okawaru
 12878 | Lair:5   | Reached skill level 15 in Axes
 12941 | Lair:5   | 12941 ||| Stepping ~*~*~tactically~*~*~ (stealth).
 12943 | Lair:5   | 12943 ||| Stepping ~*~*~tactically~*~*~ (stealth).
 12946 | Lair:5   | 12946 ||| Stepping ~*~*~tactically~*~*~ (stealth).
 12947 | Lair:5   | 12947 ||| Stepping ~*~*~tactically~*~*~ (stealth).
 12949 | Lair:5   | 12949 ||| Stepping ~*~*~tactically~*~*~ (stealth).
 12970 | Lair:5   | Found a viscous altar of Jiyva.
 12970 | Lair:5   | Found a staircase to the Slime Pits.
 13003 | Lair:5   | 13003 ||| INVOKING Heroism.
 13004 | Lair:5   | 13004 ||| INVOKING Finesse.
 13006 | Lair:5   | 13006 ||| Stepping ~*~*~tactically~*~*~ (stealth).
 13007 | Lair:5   | 13007 ||| Stepping ~*~*~tactically~*~*~ (stealth).
 13008 | Lair:5   | 13008 ||| Stepping ~*~*~tactically~*~*~ (stealth).
 13192 | Lair:5   | 13192 ||| Stepping ~*~*~tactically~*~*~ (stealth).
 13373 | Lair:5   | 13373 ||| INVOKING Heroism.
 13374 | Lair:5   | 13374 ||| INVOKING Finesse.
 13375 | Lair:5   | 13375 ||| SWAPPING to +0 morningstar.
 13382 | Lair:5   | Reached XP level 15. HP: 89/96 MP: 14/22
 13382 | Lair:5   | 13382 ||| SWAPPING to +3 broad axe of freezing.
 13384 | Lair:5   | 13384 ||| Stepping ~*~*~tactically~*~*~ (hiding).
 13438 | Lair:5   | Reached skill level 12 in Fighting
 13440 | Lair:5   | 13440 ||| INVOKING Heroism.
 13443 | Lair:5   | 13443 ||| SWAPPING to +0 morningstar.
 13444 | Lair:5   | 13444 ||| Stepping ~*~*~tactically~*~*~ (stealth).
 13448 | Lair:5   | 13448 ||| SWAPPING to +3 broad axe of freezing.
 13468 | Lair:5   | 13468 ||| Stepping ~*~*~tactically~*~*~ (stealth).
 13484 | Lair:5   | 13484 ||| Stepping ~*~*~tactically~*~*~ (hiding).
 13600 | Lair:5   | 13600 ||| Stepping ~*~*~tactically~*~*~ (hiding).
 13601 | Lair:5   | 13601 ||| Stepping ~*~*~tactically~*~*~ (hiding).
 13638 | Lair:5   | 13638 ||| Stepping ~*~*~tactically~*~*~ (hiding).
 13639 | Lair:5   | 13639 ||| Stepping ~*~*~tactically~*~*~ (hiding).
 13640 | Lair:5   | 13640 ||| Stepping ~*~*~tactically~*~*~ (hiding).
 13651 | Lair:5   | 13651 ||| INVOKING Heroism.
 13674 | Lair:5   | 13674 ||| Stepping ~*~*~tactically~*~*~ (hiding).
 13687 | Lair:5   | 13687 ||| Stepping ~*~*~tactically~*~*~ (stealth).
 13688 | Lair:5   | 13688 ||| Stepping ~*~*~tactically~*~*~ (stealth).
 13690 | Lair:5   | 13690 ||| Stepping ~*~*~tactically~*~*~ (hiding).
 13697 | Lair:5   | 13697 ||| INVOKING Heroism.
 13707 | Lair:5   | Found a burning altar of Makhleb.
 13735 | Lair:5   | Found a gateway to Hell.
 13797 | Lair:5   | 13797 ||| FLEEEEING.
 13798 | Lair:5   | 13798 ||| FLEEEEING.
 13801 | Lair:5   | 13801 ||| FLEEEEING.
 13802 | Lair:5   | 13802 ||| FLEEEEING.
 13803 | Lair:5   | 13803 ||| FLEEEEING.
 13804 | Lair:5   | 13804 ||| FLEEEEING.
 13805 | Lair:5   | 13805 ||| FLEEEEING.
 13806 | Lair:5   | 13806 ||| FLEEEEING.
 13807 | Lair:5   | 13807 ||| FLEEEEING.
 13808 | Lair:5   | 13808 ||| FLEEEEING.
 13809 | Lair:5   | 13809 ||| FLEEEEING.
 13810 | Lair:5   | 13810 ||| FLEEEEING.
 13811 | Lair:5   | 13811 ||| FLEEEEING.
 13812 | Lair:5   | 13812 ||| FLEEEEING.
 13813 | Lair:5   | 13813 ||| FLEEEEING.
 13814 | Lair:5   | 13814 ||| FLEEEEING.
 13815 | Lair:5   | 13815 ||| FLEEEEING.
 13816 | Lair:5   | 13816 ||| FLEEEEING.
 13817 | Lair:5   | 13817 ||| FLEEEEING.
 13818 | Lair:5   | 13818 ||| FLEEEEING.
 13819 | Lair:5   | 13819 ||| FLEEEEING.
 13820 | Lair:5   | 13820 ||| FLEEEEING.
 13821 | Lair:5   | 13821 ||| FLEEEEING.
 13822 | Lair:5   | 13822 ||| FLEEEEING.
 13840 | Lair:5   | 13840 ||| Stepping ~*~*~tactically~*~*~ (stealth).
 13842 | Lair:5   | 13842 ||| INVOKING Heroism.
 13843 | Lair:5   | 13843 ||| SWAPPING to +0 morningstar.
 13848 | Lair:5   | 13848 ||| SWAPPING to +3 broad axe of freezing.
 14158 | Lair:5   | 14158 ||| INVOKING Heroism.
 14224 | Lair:5   | 14224 ||| PLANNING D
 14224 | Lair:5   | 14224 ||| DROPPING +0 pair of boots of flying.
 14225 | Lair:5   | 14225 ||| UPGRADING to +0 kite shield.
 14235 | Lair:5   | 14235 ||| DROPPING +2 buckler.
 14405 | D:12     | 14405 ||| Stepping ~*~*~tactically~*~*~ (hiding).
 14415 | D:12     | Received a gift from Okawaru
 14563 | D:12     | 14563 ||| Stepping ~*~*~tactically~*~*~ (hiding).
 14673 | D:12     | Received a gift from Okawaru
 14787 | D:12     | 14787 ||| INVOKING Heroism.
 14861 | D:12     | Found a staircase to the Orcish Mines.
 14869 | D:12     | Reached skill level 9 in Shields
 14951 | D:13     | 14951 ||| READING scroll of enchant weapon.
 14951 | D:13     | 14951 ||| ENCHANTING +3 broad axe of freezing.
 15092 | D:13     | Found a hazy altar of Hepliaklqana.
 15588 | D:13     | 15588 ||| Stepping ~*~*~tactically~*~*~ (hiding).
 15589 | D:13     | 15589 ||| Stepping ~*~*~tactically~*~*~ (hiding).
 15590 | D:13     | 15590 ||| Stepping ~*~*~tactically~*~*~ (hiding).
 15591 | D:13     | 15591 ||| Stepping ~*~*~tactically~*~*~ (hiding).
 15925 | D:14     | 15925 ||| INVOKING Heroism.
 15926 | D:14     | 15926 ||| INVOKING Finesse.
 15929 | D:14     | 15929 ||| SWAPPING to +0 morningstar.
 15948 | D:14     | 15948 ||| SWAPPING to +4 broad axe of freezing.
 15953 | D:14     | 15953 ||| SWAPPING to +0 morningstar.
 15970 | D:14     | 15970 ||| Stepping ~*~*~tactically~*~*~ (outnumbered).
 15982 | D:14     | 15982 ||| SWAPPING to +4 broad axe of freezing.
 15988 | D:14     | 15988 ||| SWAPPING to +0 morningstar.
 15998 | D:14     | 15998 ||| SWAPPING to +4 broad axe of freezing.
 16387 | D:14     | 16387 ||| INVOKING Heroism.
 16388 | D:14     | 16388 ||| Stepping ~*~*~tactically~*~*~ (stealth).
 16391 | D:14     | 16391 ||| SWAPPING to +0 morningstar.
 16392 | D:14     | 16392 ||| INVOKING Finesse.
 16399 | D:14     | 16399 ||| SWAPPING to +4 broad axe of freezing.
 16461 | D:14     | 16461 ||| Stepping ~*~*~tactically~*~*~ (hiding).
 16496 | D:14     | 16496 ||| Stepping ~*~*~tactically~*~*~ (hiding).
 16497 | D:14     | 16497 ||| Stepping ~*~*~tactically~*~*~ (hiding).
 16498 | D:14     | 16498 ||| Stepping ~*~*~tactically~*~*~ (hiding).
 16506 | D:14     | Identified the +2 cloak "Keyddap" {rElec Dex+2} (Okawaru
                  | gifted it to you on level 14 of the Dungeon)
 16506 | D:14     | Received a gift from Okawaru
 16543 | D:14     | Reached skill level 12 in Shields
 16596 | D:14     | 16596 ||| Stepping ~*~*~tactically~*~*~ (stealth).
 16600 | D:14     | 16600 ||| Stepping ~*~*~tactically~*~*~ (stealth).
 16602 | D:14     | 16602 ||| Stepping ~*~*~tactically~*~*~ (stealth).
 16617 | D:14     | Reached XP level 16. HP: 94/101 MP: 23/23
 16639 | D:14     | Found a gate to the Vaults.
 16863 | D:14     | 16863 ||| DROPPING ring of magical power.
 16864 | D:14     | 16864 ||| READING scroll labelled WEPHYOPHAH.
 16881 | D:14     | 16881 ||| READING scroll labelled GIRAKE MEILL.
 16882 | D:14     | 16882 ||| READING 9 scrolls of identify.
 16882 | D:14     | 16882 ||| IDENTIFYING ruby potion
 16919 | D:15     | Entered Level 15 of the Dungeon
 16920 | D:15     | 16920 ||| PLANNING GAUNTLET
 16920 | D:15     | 16920 ||| Stepping ~*~*~tactically~*~*~ (hiding).
 16921 | D:15     | 16921 ||| Stepping ~*~*~tactically~*~*~ (hiding).
 16947 | D:15     | 16947 ||| Stepping ~*~*~tactically~*~*~ (hiding).
 16952 | D:15     | 16952 ||| INVOKING Heroism.
 16973 | D:15     | Found a gate leading to a gauntlet.
 16979 | Gauntlet | Entered a Gauntlet
 16979 | Gauntlet | Found a transporter.
 16979 | Gauntlet | Found a transporter.
 16992 | Gauntlet | Found a transporter.
 17010 | Gauntlet | Found a transporter.
 17010 | Gauntlet | Found a transporter.
 17010 | Gauntlet | Found a transporter.
 17013 | Gauntlet | Found a transporter.
 17013 | Gauntlet | Found a transporter.
 17027 | Gauntlet | Found a transporter.
 17043 | Gauntlet | Found a transporter.
 17053 | Gauntlet | Found a transporter.
 17070 | Gauntlet | Found a transporter.
 17090 | Gauntlet | Found a transporter.
 17103 | Gauntlet | Found a transporter.
 17147 | Gauntlet | 17147 ||| DROPPING scarf of shadows.
 17190 | Gauntlet | 17190 ||| SWAPPING to +0 morningstar.
 17195 | Gauntlet | 17195 ||| SWAPPING to +4 broad axe of freezing.
 17212 | Gauntlet | 17212 ||| READING scroll of enchant armour.
 17212 | Gauntlet | 17212 ||| ENCHANTING +1 helmet of intelligence.
 17228 | Gauntlet | 17228 ||| INVOKING Heroism.
 17243 | Gauntlet | 17243 ||| SWAPPING to +2 vampiric broad axe.
 17295 | Gauntlet | 17295 ||| DRINKING 2 green potions.
 17311 | D:15     | 17311 ||| PLANNING D
 17322 | D:15     | 17322 ||| Stepping ~*~*~tactically~*~*~ (hiding).
 17372 | D:15     | 17372 ||| Stepping ~*~*~tactically~*~*~ (hiding).
 17460 | D:15     | 17460 ||| Stepping ~*~*~tactically~*~*~ (hiding).
 17576 | D:15     | 17576 ||| DROPPING +2 heavy flail.
 17727 | D:15     | 17727 ||| Stepping ~*~*~tactically~*~*~ (hiding).
 18026 | D:15     | 18026 ||| FLEEEEING.
 18027 | D:15     | 18027 ||| FLEEEEING.
 18028 | D:15     | 18028 ||| FLEEEEING.
 18029 | D:15     | 18029 ||| FLEEEEING.
 18030 | D:15     | 18030 ||| FLEEEEING.
 18031 | D:15     | 18031 ||| FLEEEEING.
 18032 | D:15     | 18032 ||| FLEEEEING.
 18033 | D:15     | 18033 ||| FLEEEEING.
 18034 | D:15     | 18034 ||| FLEEEEING.
 18036 | D:15     | 18036 ||| Stepping ~*~*~tactically~*~*~ (hiding).
 18038 | D:15     | 18038 ||| Stepping ~*~*~tactically~*~*~ (hiding).
 18063 | D:15     | 18063 ||| Stepping ~*~*~tactically~*~*~ (stealth).
 18097 | D:15     | 18097 ||| READING scroll of enchant weapon.
 18097 | D:15     | 18097 ||| ENCHANTING +2 vampiric broad axe.
 18118 | D:15     | 18118 ||| Stepping ~*~*~tactically~*~*~ (stealth).
 18121 | D:15     | 18121 ||| Stepping ~*~*~tactically~*~*~ (stealth).
 18290 | D:15     | 18290 ||| Stepping ~*~*~tactically~*~*~ (stealth).
 18296 | D:15     | Received a gift from Okawaru
 18321 | D:15     | 18321 ||| INVOKING Heroism.
 18357 | D:15     | 18357 ||| DROPPING +4 broad axe of freezing.
 18363 | D:15     | Found a staircase to the Depths.
 18631 | D:15     | 18631 ||| PLANNING ORC
 18631 | D:15     | 18631 ||| READING scroll labelled BEOSEE XUKH.
 18725 | Orc:1    | Entered Level 1 of the Orcish Mines
 18742 | Orc:1    | 18742 ||| Stepping ~*~*~tactically~*~*~ (stealth).
 18744 | Orc:1    | 18744 ||| Stepping ~*~*~tactically~*~*~ (stealth).
 18746 | Orc:1    | 18746 ||| Stepping ~*~*~tactically~*~*~ (hiding).
 18755 | Orc:1    | 18755 ||| INVOKING Heroism.
 18757 | Orc:1    | 18757 ||| INVOKING Finesse.
 18761 | Orc:1    | 18761 ||| Stepping ~*~*~tactically~*~*~ (hiding).
 18819 | Orc:1    | 18819 ||| Stepping ~*~*~tactically~*~*~ (stealth).
 18937 | Orc:1    | Found a transporter.
 18943 | Orc:1    | Found a transporter.
 19036 | Orc:2    | Entered Level 2 of the Orcish Mines
 19036 | Orc:2    | Found a staircase to the Elven Halls.
 19040 | Orc:2    | 19040 ||| Stepping ~*~*~tactically~*~*~ (stealth).
 19046 | Orc:2    | 19046 ||| Stepping ~*~*~tactically~*~*~ (stealth).
 19055 | Orc:2    | 19055 ||| INVOKING Heroism.
 19056 | Orc:2    | 19056 ||| INVOKING Finesse.
 19058 | Orc:2    | Noticed Rupert
 19088 | Orc:2    | Noticed Maurice
 19102 | Orc:2    | Killed Rupert
 19115 | Orc:2    | Received a gift from Okawaru
 19132 | Orc:2    | Killed Maurice
 19145 | Orc:2    | 19145 ||| Stepping ~*~*~tactically~*~*~ (stealth).
 19146 | Orc:2    | 19146 ||| Stepping ~*~*~tactically~*~*~ (stealth).
 19161 | Orc:2    | 19161 ||| Stepping ~*~*~tactically~*~*~ (hiding).
 19170 | Orc:2    | Reached skill level 13 in Fighting
 19175 | Orc:2    | 19175 ||| Stepping ~*~*~tactically~*~*~ (stealth).
 19176 | Orc:2    | 19176 ||| Stepping ~*~*~tactically~*~*~ (stealth).
 19178 | Orc:2    | 19178 ||| INVOKING Heroism.
 19199 | Orc:2    | 19199 ||| Stepping ~*~*~tactically~*~*~ (stealth).
 19201 | Orc:2    | 19201 ||| Stepping ~*~*~tactically~*~*~ (stealth).
 19227 | Orc:2    | 19227 ||| INVOKING Heroism.
 19261 | Orc:2    | 19261 ||| Stepping ~*~*~tactically~*~*~ (stealth).
 19270 | Orc:2    | 19270 ||| Stepping ~*~*~tactically~*~*~ (stealth).
 19286 | Orc:2    | 19286 ||| Stepping ~*~*~tactically~*~*~ (hiding).
 19288 | Orc:2    | 19288 ||| Stepping ~*~*~tactically~*~*~ (hiding).
 19289 | Orc:2    | 19289 ||| Stepping ~*~*~tactically~*~*~ (hiding).
 19297 | Orc:2    | 19297 ||| Stepping ~*~*~tactically~*~*~ (hiding).
 19303 | Orc:2    | Received a gift from Okawaru
 19304 | Orc:2    | 19304 ||| Stepping ~*~*~tactically~*~*~ (hiding).
 19306 | Orc:2    | 19306 ||| Stepping ~*~*~tactically~*~*~ (hiding).
 19307 | Orc:2    | 19307 ||| Stepping ~*~*~tactically~*~*~ (hiding).
 19342 | Orc:2    | 19342 ||| Stepping ~*~*~tactically~*~*~ (stealth).
 19344 | Orc:2    | 19344 ||| Stepping ~*~*~tactically~*~*~ (hiding).
 19345 | Orc:2    | 19345 ||| Stepping ~*~*~tactically~*~*~ (hiding).
 19346 | Orc:2    | 19346 ||| Stepping ~*~*~tactically~*~*~ (hiding).
 19523 | Orc:1    | 19523 ||| Stepping ~*~*~tactically~*~*~ (stealth).
 19526 | Orc:1    | 19526 ||| Stepping ~*~*~tactically~*~*~ (stealth).
 19532 | Orc:1    | 19532 ||| Stepping ~*~*~tactically~*~*~ (hiding).
 19533 | Orc:1    | 19533 ||| Stepping ~*~*~tactically~*~*~ (hiding).
 19543 | Orc:1    | 19543 ||| Stepping ~*~*~tactically~*~*~ (stealth).
 19644 | Orc:1    | Found a bloodstained altar of Trog.
 19762 | Orc:2    | 19762 ||| Stepping ~*~*~tactically~*~*~ (stealth).
 19766 | Orc:2    | 19766 ||| Stepping ~*~*~tactically~*~*~ (stealth).
 19768 | Orc:2    | 19768 ||| Stepping ~*~*~tactically~*~*~ (stealth).
 19771 | Orc:2    | 19771 ||| Stepping ~*~*~tactically~*~*~ (hiding).
 19773 | Orc:2    | 19773 ||| Stepping ~*~*~tactically~*~*~ (hiding).
 19778 | Orc:2    | 19778 ||| INVOKING Heroism.
 19792 | Orc:2    | Found Ulerr's Antique Weapon Shoppe.
 19792 | Orc:2    | Found Xaintofi's Armour Boutique.
 19792 | Orc:2    | Found Ilaqyuk's Antique Weapon Shop.
 19852 | Orc:2    | Found Qiladdegh's Book Emporium.
 19856 | Orc:2    | 19856 ||| BUYING glowing flail (208 gold).
 19856 | Orc:2    | Bought a glowing flail for 208 gold pieces
 19856 | Orc:2    | 19856 ||| DROPPING +3 flail of draining.
 19993 | Orc:1    | 19993 ||| INVOKING Heroism.
 19997 | Orc:1    | 19997 ||| Stepping ~*~*~tactically~*~*~ (hiding).
 20102 | Orc:2    | 20102 ||| PLANNING SWAMP:1-3
 20231 | Swamp:1  | Entered Level 1 of the Swamp
 20231 | Swamp:1  | Noticed a fenstrider witch
 20232 | Swamp:1  | 20232 ||| INVOKING Heroism.
 20241 | Swamp:1  | Paralysed by a fenstrider witch for 3 turns
 20246 | Swamp:1  | Killed a fenstrider witch
 20328 | Swamp:1  | 20328 ||| INVOKING Heroism.
 20364 | Swamp:1  | 20364 ||| Stepping ~*~*~tactically~*~*~ (hiding).
 20476 | Swamp:1  | 20476 ||| Stepping ~*~*~tactically~*~*~ (hiding).
 20479 | Swamp:1  | 20479 ||| INVOKING Heroism.
 20529 | Swamp:1  | Received a gift from Okawaru
 20543 | Swamp:1  | 20543 ||| INVOKING Heroism.
 20546 | Swamp:1  | Received a gift from Okawaru
 20608 | Swamp:1  | Reached XP level 17. HP: 108/108 MP: 24/24
 20627 | Swamp:1  | Identified the +6 long sword "Death Rattle" {flame, rElec
                  | SInv}
 20634 | Swamp:1  | 20634 ||| INVOKING Heroism.
 20643 | Swamp:1  | Reached skill level 18 in Axes
 20652 | Swamp:1  | 20652 ||| Stepping ~*~*~tactically~*~*~ (hiding).
 20655 | Swamp:1  | 20655 ||| Stepping ~*~*~tactically~*~*~ (hiding).
 20921 | Swamp:1  | 20921 ||| Stepping ~*~*~tactically~*~*~ (hiding).
 20923 | Swamp:1  | 20923 ||| Stepping ~*~*~tactically~*~*~ (hiding).
 20924 | Swamp:1  | 20924 ||| Stepping ~*~*~tactically~*~*~ (hiding).
 21104 | Swamp:1  | 21104 ||| INVOKING Heroism.
 21118 | Swamp:1  | Identified the +1 pair of boots of Refuge {Str+5} (Okawaru
                  | gifted it to you on level 1 of the Swamp)
 21118 | Swamp:1  | Received a gift from Okawaru
 21150 | Swamp:1  | 21150 ||| UPGRADING to +1 pair of boots of Refuge {Str+5}.
 21160 | Swamp:1  | 21160 ||| DROPPING +1 pair of boots of the Twelve Moons
                  | {Rampage rN+ Dex+2}.
 21187 | Swamp:2  | 21187 ||| INVOKING Heroism.
 21267 | Swamp:2  | 21267 ||| SWAPPING to +0 morningstar.
 21270 | Swamp:2  | 21270 ||| SWAPPING to +3 vampiric broad axe.
 21337 | Swamp:2  | 21337 ||| INVOKING Heroism.
 21393 | Swamp:2  | 21393 ||| SWAPPING to +0 morningstar.
 21409 | Swamp:2  | 21409 ||| SWAPPING to +3 vampiric broad axe.
 21444 | Swamp:2  | 21444 ||| Stepping ~*~*~tactically~*~*~ (stealth).
 21446 | Swamp:2  | 21446 ||| Stepping ~*~*~tactically~*~*~ (stealth).
 21473 | Swamp:2  | 21473 ||| INVOKING Heroism.
 21481 | Swamp:2  | Reached skill level 14 in Fighting
 21699 | Swamp:3  | 21699 ||| INVOKING Heroism.
 21714 | Swamp:3  | 21714 ||| Stepping ~*~*~tactically~*~*~ (cloud).
 21715 | Swamp:3  | 21715 ||| STAIRDANCE
 21831 | Swamp:3  | 21831 ||| Stepping ~*~*~tactically~*~*~ (hiding).
 21836 | Swamp:3  | 21836 ||| INVOKING Heroism.
 21839 | Swamp:3  | 21839 ||| Stepping ~*~*~tactically~*~*~ (hiding).
 21840 | Swamp:3  | 21840 ||| SWAPPING to +0 morningstar.
 21844 | Swamp:3  | 21844 ||| Stepping ~*~*~tactically~*~*~ (hiding).
 21845 | Swamp:3  | 21845 ||| SWAPPING to +3 vampiric broad axe.
 21853 | Swamp:3  | 21853 ||| Stepping ~*~*~tactically~*~*~ (hiding).
 21924 | Swamp:3  | 21924 ||| READING scroll of enchant weapon.
 21924 | Swamp:3  | 21924 ||| ENCHANTING +3 vampiric broad axe.
 21927 | Swamp:3  | 21927 ||| Stepping ~*~*~tactically~*~*~ (hiding).
 22067 | Swamp:3  | Noticed Aizul
 22068 | Swamp:3  | 22068 ||| Stepping ~*~*~tactically~*~*~ (hiding).
 22069 | Swamp:3  | 22069 ||| Stepping ~*~*~tactically~*~*~ (hiding).
 22070 | Swamp:3  | 22070 ||| Stepping ~*~*~tactically~*~*~ (hiding).
 22071 | Swamp:3  | 22071 ||| Stepping ~*~*~tactically~*~*~ (hiding).
 22072 | Swamp:3  | 22072 ||| INVOKING Heroism.
 22073 | Swamp:3  | 22073 ||| INVOKING Finesse.
 22092 | Swamp:3  | Killed Aizul
 22122 | Swamp:3  | 22122 ||| Stepping ~*~*~tactically~*~*~ (hiding).
 22194 | Swamp:3  | 22194 ||| Stepping ~*~*~tactically~*~*~ (stealth).
 22196 | Swamp:3  | 22196 ||| Stepping ~*~*~tactically~*~*~ (hiding).
 22198 | Swamp:3  | 22198 ||| Stepping ~*~*~tactically~*~*~ (hiding).
 22436 | Swamp:3  | 22436 ||| PLANNING SNAKE:1-3
 22569 | Snake:1  | Entered Level 1 of the Snake Pit
 22578 | Snake:1  | 22578 ||| Stepping ~*~*~tactically~*~*~ (hiding).
 22580 | Snake:1  | 22580 ||| Stepping ~*~*~tactically~*~*~ (hiding).
 22792 | Snake:1  | Reached skill level 12 in Armour
 22991 | Snake:1  | 22991 ||| Stepping ~*~*~tactically~*~*~ (stealth).
 23001 | Snake:1  | Received a gift from Okawaru
 23002 | Snake:1  | 23002 ||| Stepping ~*~*~tactically~*~*~ (hiding).
 23215 | Snake:1  | 23215 ||| Stepping ~*~*~tactically~*~*~ (hiding).
 23219 | Snake:1  | 23219 ||| Stepping ~*~*~tactically~*~*~ (hiding).
 23249 | Snake:1  | 23249 ||| Stepping ~*~*~tactically~*~*~ (stealth).
 23395 | Snake:1  | 23395 ||| Stepping ~*~*~tactically~*~*~ (hiding).
 23396 | Snake:1  | 23396 ||| Stepping ~*~*~tactically~*~*~ (hiding).
 23398 | Snake:1  | 23398 ||| Stepping ~*~*~tactically~*~*~ (hiding).
 23451 | Snake:1  | 23451 ||| Stepping ~*~*~tactically~*~*~ (hiding).
 23459 | Snake:1  | Identified the +1 ring mail of Liberty {rPois} (Okawaru
                  | gifted it to you on level 1 of the Snake Pit)
 23459 | Snake:1  | Received a gift from Okawaru
 23556 | Snake:1  | 23556 ||| Stepping ~*~*~tactically~*~*~ (stealth).
 23562 | Snake:1  | Noticed Josephine
 23581 | Snake:1  | Killed Josephine
 23582 | Snake:1  | 23582 ||| Stepping ~*~*~tactically~*~*~ (hiding).
 23757 | Snake:1  | 23757 ||| Stepping ~*~*~tactically~*~*~ (hiding).
 23761 | Snake:1  | 23761 ||| Stepping ~*~*~tactically~*~*~ (hiding).
 24098 | Snake:1  | 24098 ||| DROPPING +1 hat.
 24184 | Snake:2  | 24184 ||| INVOKING Heroism.
 24210 | Snake:2  | Reached skill level 15 in Fighting
 24291 | Snake:2  | 24291 ||| Stepping ~*~*~tactically~*~*~ (hiding).
 24565 | Snake:2  | Found a runed translucent door.
 24610 | Snake:2  | 24610 ||| INVOKING Heroism.
 24676 | Snake:2  | Noticed Ciageutz's ghost (journeyman GnHW)
 24954 | Snake:2  | 24954 ||| INVOKING Heroism.
 25084 | Snake:2  | Received a gift from Okawaru
 25085 | Snake:2  | Reached XP level 18. HP: 119/119 MP: 25/25
 25089 | Snake:2  | 25089 ||| DROPPING +0 morningstar.
 25474 | Snake:2  | 25474 ||| UPGRADING to +0 tower shield.
 25484 | Snake:2  | 25484 ||| DROPPING +0 kite shield.
 25485 | Snake:2  | 25485 ||| UPGRADING to +0 tower shield of cold resistance.
 25495 | Snake:2  | 25495 ||| DROPPING +0 tower shield.
 25516 | Snake:3  | Noticed Donald
 25517 | Snake:3  | 25517 ||| INVOKING Heroism.
 25518 | Snake:3  | 25518 ||| INVOKING Finesse.
 25540 | Snake:3  | Killed Donald
 25541 | Snake:3  | Reached skill level 15 in Shields
 25664 | Snake:3  | 25664 ||| INVOKING Heroism.
 25825 | Snake:3  | 25825 ||| INVOKING Heroism.
 25947 | Snake:3  | 25947 ||| Stepping ~*~*~tactically~*~*~ (hiding).
 25952 | Snake:3  | 25952 ||| Stepping ~*~*~tactically~*~*~ (hiding).
 25955 | Snake:3  | 25955 ||| INVOKING Heroism.
 26001 | Snake:3  | Found Otzewiokh's Jewellery Boutique.
 26004 | Snake:3  | 26004 ||| BUYING +5 ring of evasion (540 gold).
 26004 | Snake:3  | Bought a +5 ring of evasion for 540 gold pieces
 26004 | Snake:3  | 26004 ||| BUYING amulet of reflection (450 gold).
 26004 | Snake:3  | Bought an amulet of reflection for 450 gold pieces
 26004 | Snake:3  | 26004 ||| BUYING ring of Accord {rF+ Str+6 Dex+5 Stlth+}
                  | (949 gold).
 26004 | Snake:3  | Bought the ring of Accord {rF+ Str+6 Dex+5 Stlth+} for 949
                  | gold pieces
 26004 | Snake:3  | 26004 ||| SHOPLISTING ring of protection from fire (375
                  | gold, have 148).
 26004 | Snake:3  | 26004 ||| SHOPLISTING ring of resist corrosion (300 gold,
                  | have 148).
 26004 | Snake:3  | 26004 ||| SHOPLISTING ring of the Dolphin {Fire Int+3} (574
                  | gold, have 148).
 26040 | Snake:3  | 26040 ||| Stepping ~*~*~tactically~*~*~ (hiding).
 26264 | Snake:3  | 26264 ||| PLANNING SWAMP:4
 26264 | Snake:3  | 26264 ||| UPGRADING to +5 ring of evasion.
 26266 | Snake:3  | 26266 ||| UPGRADING to ring of Accord {rF+ Str+6 Dex+5
                  | Stlth+}.
 26268 | Snake:3  | 26268 ||| DROPPING +5 ring of evasion.
 26269 | Snake:3  | 26269 ||| DROPPING +6 ring of strength.
 26472 | Swamp:4  | Entered Level 4 of the Swamp
 26473 | Swamp:4  | 26473 ||| INVOKING Heroism.
 26559 | Swamp:4  | 26559 ||| INVOKING Heroism.
 26574 | Swamp:4  | 26574 ||| Stepping ~*~*~tactically~*~*~ (cloud).
 26675 | Swamp:4  | 26675 ||| Stepping ~*~*~tactically~*~*~ (stealth).
 26680 | Swamp:4  | 26680 ||| INVOKING Heroism.
 26682 | Swamp:4  | 26682 ||| Stepping ~*~*~tactically~*~*~ (stealth).
 26688 | Swamp:4  | Noticed Mara
 26693 | Swamp:4  | Noticed qw's illusion
 26715 | Swamp:4  | 26715 ||| INVOKING Heroism.
 26727 | Swamp:4  | HP: 17/119 [qw's illusion (illusionary)[Mara] (14)]
 26728 | Swamp:4  | 26728 ||| READING 9 scrolls of teleportation.
 26729 | Swamp:4  | 26729 ||| DRINKING 5 potions of heal wounds.
 26730 | Swamp:4  | 26730 ||| DRINKING 4 potions of heal wounds.
 26798 | Swamp:4  | 26798 ||| Stepping ~*~*~tactically~*~*~ (hiding).
 26801 | Swamp:4  | 26801 ||| INVOKING Heroism.
 26804 | Swamp:4  | Received a gift from Okawaru
 26807 | Swamp:4  | 26807 ||| Stepping ~*~*~tactically~*~*~ (hiding).
 26877 | Swamp:4  | 26877 ||| Stepping ~*~*~tactically~*~*~ (hiding).
 26880 | Swamp:4  | 26880 ||| INVOKING Heroism.
 27001 | Swamp:4  | 27001 ||| INVOKING Heroism.
 27015 | Swamp:4  | Noticed qw's illusion
 27044 | Swamp:4  | 27044 ||| INVOKING Heroism.
 27045 | Swamp:4  | Killed Mara
 27133 | Swamp:4  | 27133 ||| INVOKING Heroism.
 27160 | Swamp:4  | 27160 ||| Stepping ~*~*~tactically~*~*~ (stealth).
 27162 | Swamp:4  | 27162 ||| Stepping ~*~*~tactically~*~*~ (stealth).
 27164 | Swamp:4  | 27164 ||| Stepping ~*~*~tactically~*~*~ (hiding).
 27167 | Swamp:4  | 27167 ||| Stepping ~*~*~tactically~*~*~ (hiding).
 27168 | Swamp:4  | 27168 ||| Stepping ~*~*~tactically~*~*~ (hiding).
 27293 | Swamp:4  | Got a decaying rune of Zot
 27308 | Swamp:4  | 27308 ||| Stepping ~*~*~tactically~*~*~ (hiding).
 27319 | Swamp:4  | 27319 ||| INVOKING Heroism.
 27339 | Swamp:4  | 27339 ||| Stepping ~*~*~tactically~*~*~ (stealth).
 27343 | Swamp:4  | 27343 ||| Stepping ~*~*~tactically~*~*~ (hiding).
 27350 | Swamp:4  | Received a gift from Okawaru
 27482 | Swamp:4  | 27482 ||| INVOKING Heroism.
 27513 | Swamp:4  | Reached skill level 18 in Shields
 27562 | Swamp:4  | 27562 ||| PLANNING VAULTS:1-4
 27562 | Swamp:4  | 27562 ||| READING 8 scrolls of teleportation.
 27567 | Swamp:4  | 27567 ||| READING 7 scrolls of teleportation.
 27570 | Swamp:4  | 27570 ||| READING 6 scrolls of teleportation.
 27573 | Swamp:4  | 27573 ||| READING 5 scrolls of teleportation.
 27577 | Swamp:4  | 27577 ||| READING 4 scrolls of teleportation.
 27581 | Swamp:4  | 27581 ||| READING 3 scrolls of teleportation.
 27586 | Swamp:4  | 27586 ||| READING 2 scrolls of teleportation.
 27591 | Swamp:4  | 27591 ||| READING scroll of teleportation.
 27840 | Vaults:1 | Entered Level 1 of the Vaults
 27859 | Vaults:1 | 27859 ||| Stepping ~*~*~tactically~*~*~ (hiding).
 27874 | Vaults:1 | 27874 ||| FLEEEEING.
 27884 | Vaults:1 | 27884 ||| Stepping ~*~*~tactically~*~*~ (hiding).
 27896 | Vaults:1 | Reached skill level 6 in Dodging
 27908 | Vaults:1 | 27908 ||| Stepping ~*~*~tactically~*~*~ (cloud).
 27955 | Vaults:1 | Found Gozag's Antique Weapon Boutique.
 27978 | Vaults:1 | Received a gift from Okawaru
 28091 | Vaults:1 | Found an opulent altar of Gozag.
 28091 | Vaults:1 | Found Gozag's Antique Armour Shop.
 28099 | Vaults:1 | Found Gozag's Assorted Antiques.
 28102 | Vaults:1 | 28102 ||| SHOPLISTING glowing helmet (750 gold, have 371).
 28102 | Vaults:1 | 28102 ||| SHOPLISTING pair of embroidered boots (750 gold,
                  | have 371).
 28110 | Vaults:1 | 28110 ||| SHOPLISTING dented diamond amulet (500 gold, have
                  | 371).
 28159 | Vaults:1 | 28159 ||| Stepping ~*~*~tactically~*~*~ (hiding).
 28160 | Vaults:1 | 28160 ||| Stepping ~*~*~tactically~*~*~ (hiding).
 28185 | Vaults:1 | Reached XP level 19. HP: 124/124 MP: 26/26
 28268 | Vaults:1 | Received a gift from Okawaru
 28415 | Vaults:1 | 28415 ||| INVOKING Finesse.
 28458 | Vaults:1 | 28458 ||| Stepping ~*~*~tactically~*~*~ (hiding).
 28558 | Vaults:1 | 28558 ||| Stepping ~*~*~tactically~*~*~ (hiding).
 28559 | Vaults:1 | 28559 ||| Stepping ~*~*~tactically~*~*~ (hiding).
 28585 | Vaults:1 | Received a gift from Okawaru
 28598 | Vaults:1 | 28598 ||| FLEEEEING.
 28602 | Vaults:1 | 28602 ||| FLEEEEING.
 28603 | Vaults:1 | 28603 ||| FLEEEEING.
 28604 | Vaults:1 | 28604 ||| FLEEEEING.
 28605 | Vaults:1 | 28605 ||| FLEEEEING.
 28606 | Vaults:1 | 28606 ||| FLEEEEING.
 28607 | Vaults:1 | 28607 ||| FLEEEEING.
 28608 | Vaults:1 | 28608 ||| FLEEEEING.
 28609 | Vaults:1 | 28609 ||| FLEEEEING.
 28610 | Vaults:1 | 28610 ||| FLEEEEING.
 28611 | Vaults:1 | 28611 ||| FLEEEEING.
 28612 | Vaults:1 | 28612 ||| FLEEEEING.
 28613 | Vaults:1 | 28613 ||| FLEEEEING.
 28614 | Vaults:1 | 28614 ||| FLEEEEING.
 28616 | Vaults:1 | 28616 ||| FLEEEEING.
 28618 | Vaults:1 | 28618 ||| FLEEEEING.
 28620 | Vaults:1 | 28620 ||| FLEEEEING.
 28622 | Vaults:1 | 28622 ||| FLEEEEING.
 28623 | Vaults:1 | 28623 ||| FLEEEEING.
 28624 | Vaults:1 | 28624 ||| FLEEEEING.
 28626 | Vaults:1 | 28626 ||| STAIRDANCE
 28693 | Vaults:1 | 28693 ||| Stepping ~*~*~tactically~*~*~ (hiding).
 28708 | Vaults:1 | 28708 ||| Stepping ~*~*~tactically~*~*~ (hiding).
 28710 | Vaults:1 | 28710 ||| Stepping ~*~*~tactically~*~*~ (hiding).
 28807 | Vaults:1 | 28807 ||| Stepping ~*~*~tactically~*~*~ (hiding).
 28817 | Vaults:1 | 28817 ||| Stepping ~*~*~tactically~*~*~ (hiding).
 28870 | Vaults:1 | 28870 ||| FLEEEEING.
 28871 | Vaults:1 | 28871 ||| FLEEEEING.
 28872 | Vaults:1 | 28872 ||| FLEEEEING.
 28873 | Vaults:1 | 28873 ||| FLEEEEING.
 28874 | Vaults:1 | 28874 ||| FLEEEEING.
 28875 | Vaults:1 | 28875 ||| FLEEEEING.
 28876 | Vaults:1 | 28876 ||| FLEEEEING.
 28877 | Vaults:1 | 28877 ||| FLEEEEING.
 28878 | Vaults:1 | 28878 ||| FLEEEEING.
 28879 | Vaults:1 | 28879 ||| FLEEEEING.
 28880 | Vaults:1 | 28880 ||| FLEEEEING.
 28881 | Vaults:1 | 28881 ||| FLEEEEING.
 28883 | Vaults:1 | 28883 ||| FLEEEEING.
 28933 | Vaults:1 | 28933 ||| INVOKING Heroism.
 28939 | Vaults:1 | Reached skill level 16 in Fighting
 28983 | Vaults:1 | 28983 ||| Stepping ~*~*~tactically~*~*~ (stealth).
 29052 | Vaults:1 | 29052 ||| INVOKING Finesse.
 29215 | Vaults:1 | Found a gateway to a bazaar.
 29216 | Vaults:1 | 29216 ||| PLANNING BAZAAR
 29224 | Bazaar   | Entered a bazaar
 29224 | Bazaar   | Found Hatoura's General Store.
 29231 | Bazaar   | 29231 ||| BUYING 2 potions of resistance (340 gold).
 29231 | Bazaar   | Bought 2 potions of resistance for 340 gold pieces
 29231 | Bazaar   | 29231 ||| BUYING potion of curing (51 gold).
 29231 | Bazaar   | Bought a potion of curing for 51 gold pieces
 29249 | Bazaar   | Found Lehuqe's Antique Armour Shop.
 29269 | Bazaar   | Found Atsir's Antique Weapon Shop.
 29293 | Vaults:1 | 29293 ||| PLANNING VAULTS:1-4
 29337 | Vaults:1 | 29337 ||| FLEEEEING.
 29338 | Vaults:1 | 29338 ||| FLEEEEING.
 29339 | Vaults:1 | 29339 ||| FLEEEEING.
 29340 | Vaults:1 | 29340 ||| FLEEEEING.
 29341 | Vaults:1 | 29341 ||| FLEEEEING.
 29342 | Vaults:1 | 29342 ||| FLEEEEING.
 29343 | Vaults:1 | 29343 ||| FLEEEEING.
 29344 | Vaults:1 | 29344 ||| FLEEEEING.
 29345 | Vaults:1 | 29345 ||| FLEEEEING.
 29346 | Vaults:1 | 29346 ||| FLEEEEING.
 29347 | Vaults:1 | 29347 ||| FLEEEEING.
 29348 | Vaults:1 | 29348 ||| FLEEEEING.
 29349 | Vaults:1 | 29349 ||| FLEEEEING.
 29350 | Vaults:1 | 29350 ||| FLEEEEING.
 29356 | Vaults:1 | 29356 ||| FLEEEEING.
 29357 | Vaults:1 | 29357 ||| FLEEEEING.
 29358 | Vaults:1 | 29358 ||| FLEEEEING.
 29359 | Vaults:1 | 29359 ||| FLEEEEING.
 29360 | Vaults:1 | 29360 ||| FLEEEEING.
 29361 | Vaults:1 | 29361 ||| FLEEEEING.
 29362 | Vaults:1 | 29362 ||| FLEEEEING.
 29363 | Vaults:1 | 29363 ||| FLEEEEING.
 29364 | Vaults:1 | 29364 ||| FLEEEEING.
 29365 | Vaults:1 | 29365 ||| FLEEEEING.
 29366 | Vaults:1 | 29366 ||| FLEEEEING.
 29367 | Vaults:1 | 29367 ||| FLEEEEING.
 29368 | Vaults:1 | 29368 ||| FLEEEEING.
 29373 | Vaults:1 | 29373 ||| FLEEEEING.
 29374 | Vaults:1 | 29374 ||| FLEEEEING.
 29375 | Vaults:1 | 29375 ||| FLEEEEING.
 29376 | Vaults:1 | 29376 ||| FLEEEEING.
 29377 | Vaults:1 | 29377 ||| FLEEEEING.
 29378 | Vaults:1 | 29378 ||| FLEEEEING.
 29379 | Vaults:1 | 29379 ||| FLEEEEING.
 29380 | Vaults:1 | 29380 ||| FLEEEEING.
 29381 | Vaults:1 | 29381 ||| FLEEEEING.
 29382 | Vaults:1 | 29382 ||| FLEEEEING.
 29458 | Vaults:1 | Identified the +11 shortbow of Blood-Lust {freeze, rC+ rN+
                  | Int+2}
 29744 | Vaults:1 | 29744 ||| FLEEEEING.
 29747 | Vaults:1 | 29747 ||| FLEEEEING.
 29748 | Vaults:1 | 29748 ||| FLEEEEING.
 29749 | Vaults:1 | 29749 ||| FLEEEEING.
 29754 | Vaults:1 | 29754 ||| FLEEEEING.
 29755 | Vaults:1 | 29755 ||| FLEEEEING.
 29756 | Vaults:1 | 29756 ||| FLEEEEING.
 29757 | Vaults:1 | 29757 ||| FLEEEEING.
 29762 | Vaults:1 | 29762 ||| FLEEEEING.
 29763 | Vaults:1 | 29763 ||| FLEEEEING.
 29764 | Vaults:1 | 29764 ||| FLEEEEING.
 29765 | Vaults:1 | 29765 ||| FLEEEEING.
 29766 | Vaults:1 | 29766 ||| FLEEEEING.
 29767 | Vaults:1 | 29767 ||| FLEEEEING.
 29768 | Vaults:1 | 29768 ||| FLEEEEING.
 29769 | Vaults:1 | 29769 ||| FLEEEEING.
 29770 | Vaults:1 | 29770 ||| FLEEEEING.
 29771 | Vaults:1 | 29771 ||| FLEEEEING.
 29772 | Vaults:1 | 29772 ||| FLEEEEING.
 29773 | Vaults:1 | 29773 ||| FLEEEEING.
 29774 | Vaults:1 | 29774 ||| FLEEEEING.
 29775 | Vaults:1 | 29775 ||| FLEEEEING.
 29913 | Vaults:2 | 29913 ||| Stepping ~*~*~tactically~*~*~ (stealth).
 29935 | Vaults:2 | Reached ****** piety under Okawaru
 29989 | Vaults:2 | Received a gift from Okawaru
 30071 | Vaults:2 | 30071 ||| Stepping ~*~*~tactically~*~*~ (hiding).
 30083 | Vaults:2 | Identified the +8 plate armour of Analysis {rPois} (Okawaru
                  | gifted it to you on level 2 of the Vaults)
 30083 | Vaults:2 | Received a gift from Okawaru
 30095 | Vaults:2 | 30095 ||| Stepping ~*~*~tactically~*~*~ (hiding).
 30143 | Vaults:2 | Identified the +0 scale mail of Vehumet's Scorn {rN+}
 30187 | Vaults:2 | 30187 ||| INVOKING Heroism.
 30194 | Vaults:2 | Noticed Margery
 30195 | Vaults:2 | 30195 ||| DRINKING 3 potions of resistance.
 30203 | Vaults:2 | Reached skill level 9 in Throwing
 30214 | Vaults:2 | Killed Margery
 30218 | Vaults:2 | Reached skill level 17 in Fighting
 30238 | Vaults:2 | 30238 ||| INVOKING Heroism.
 30261 | Vaults:2 | Reached XP level 20. HP: 57/134 MP: 27/27
 30481 | Vaults:2 | 30481 ||| Stepping ~*~*~tactically~*~*~ (hiding).
 30532 | Vaults:2 | Found a staircase to the Crypt.
 30607 | Vaults:2 | Identified the +5 long sword "Xisil" {flame, rF- rC++
                  | Stlth+}
 30639 | Vaults:2 | 30639 ||| FLEEEEING.
 30640 | Vaults:2 | 30640 ||| FLEEEEING.
 30645 | Vaults:2 | 30645 ||| Stepping ~*~*~tactically~*~*~ (hiding).
 30646 | Vaults:2 | 30646 ||| Stepping ~*~*~tactically~*~*~ (hiding).
 30759 | Vaults:2 | 30759 ||| INVOKING Heroism.
 30913 | Vaults:2 | Identified the +1 scale mail of Liberty {rCorr} (Okawaru
                  | gifted it to you on level 2 of the Vaults)
 30913 | Vaults:2 | Received a gift from Okawaru
 30942 | Vaults:2 | Noticed Sojobo
 30943 | Vaults:2 | 30943 ||| FLEEEEING.
 30944 | Vaults:2 | 30944 ||| FLEEEEING.
 30945 | Vaults:2 | 30945 ||| FLEEEEING.
 30953 | Vaults:2 | 30953 ||| INVOKING Heroism.
 30954 | Vaults:2 | 30954 ||| INVOKING Finesse.
 30957 | Vaults:2 | Paralysed by an air elemental for 1 turns
 30980 | Vaults:2 | Killed Sojobo
 31205 | Vaults:2 | 31205 ||| Stepping ~*~*~tactically~*~*~ (hiding).
 31208 | Vaults:2 | 31208 ||| Stepping ~*~*~tactically~*~*~ (hiding).
 31209 | Vaults:2 | 31209 ||| Stepping ~*~*~tactically~*~*~ (hiding).
 31268 | Vaults:2 | 31268 ||| Stepping ~*~*~tactically~*~*~ (hiding).
 31269 | Vaults:2 | 31269 ||| Stepping ~*~*~tactically~*~*~ (hiding).
 31271 | Vaults:2 | 31271 ||| Stepping ~*~*~tactically~*~*~ (hiding).
 31474 | Vaults:3 | 31474 ||| PLANNING DESOLATION
 31856 | Vaults:3 | Reached skill level 18 in Fighting
 31887 | Vaults:3 | 31887 ||| Stepping ~*~*~tactically~*~*~ (stealth).
 32028 | Vaults:3 | Found a crumbling gateway.
 32043 | Vaults:3 | 32043 ||| INVOKING Heroism.
 32044 | Vaults:3 | 32044 ||| INVOKING Finesse.
 32079 | Vaults:3 | 32079 ||| Stepping ~*~*~tactically~*~*~ (hiding).
 32094 | Desolati | Entered the Desolation of Salt
 32186 | Desolati | 32186 ||| Stepping ~*~*~tactically~*~*~ (hiding).
 32188 | Desolati | 32188 ||| Stepping ~*~*~tactically~*~*~ (hiding).
 32189 | Desolati | 32189 ||| Stepping ~*~*~tactically~*~*~ (stealth).
 32219 | Desolati | Received a gift from Okawaru
 32231 | Desolati | Identified the +2 orcbow of an ice cave {heavy, Fly rElec
                  | rPois}
 32303 | Desolati | Identified the +11 long sword "Yskaur" {flame, rPois Int+4}
 32323 | Desolati | 32323 ||| Stepping ~*~*~tactically~*~*~ (stealth).
 32328 | Desolati | 32328 ||| Stepping ~*~*~tactically~*~*~ (stealth).
 32433 | Desolati | 32433 ||| Stepping ~*~*~tactically~*~*~ (stealth).
 32434 | Desolati | 32434 ||| Stepping ~*~*~tactically~*~*~ (stealth).
 32485 | Desolati | 32485 ||| Stepping ~*~*~tactically~*~*~ (hiding).
 32486 | Desolati | 32486 ||| Stepping ~*~*~tactically~*~*~ (hiding).
 32502 | Desolati | 32502 ||| Stepping ~*~*~tactically~*~*~ (stealth).
 32503 | Desolati | 32503 ||| Stepping ~*~*~tactically~*~*~ (stealth).
 32610 | Desolati | Reached skill level 15 in Armour
 32619 | Desolati | Received a gift from Okawaru
 32678 | Desolati | Identified the +7 great sword "Eguibboo" {spect, rPois}
 32705 | Desolati | Received a gift from Okawaru
 32728 | Desolati | 32728 ||| Stepping ~*~*~tactically~*~*~ (hiding).
 32752 | Desolati | 32752 ||| INVOKING Heroism.
 32812 | Desolati | Identified the amulet of Ypuyq {Spirit rC++}
 32817 | Desolati | Identified the +5 flail of Sicat {flame, rF+ rN+ rCorr
                  | Dex-2}
 32818 | Desolati | 32818 ||| Stepping ~*~*~tactically~*~*~ (hiding).
 32819 | Desolati | 32819 ||| Stepping ~*~*~tactically~*~*~ (hiding).
 32837 | Desolati | Reached XP level 21. HP: 141/141 MP: 28/28
 32922 | Desolati | 32922 ||| Stepping ~*~*~tactically~*~*~ (stealth).
 32928 | Desolati | 32928 ||| Stepping ~*~*~tactically~*~*~ (stealth).
 32929 | Desolati | 32929 ||| Stepping ~*~*~tactically~*~*~ (stealth).
 32930 | Desolati | 32930 ||| Stepping ~*~*~tactically~*~*~ (stealth).
 32931 | Desolati | 32931 ||| Stepping ~*~*~tactically~*~*~ (stealth).
 32932 | Desolati | 32932 ||| Stepping ~*~*~tactically~*~*~ (stealth).
 32933 | Desolati | 32933 ||| Stepping ~*~*~tactically~*~*~ (stealth).
 32934 | Desolati | 32934 ||| Stepping ~*~*~tactically~*~*~ (stealth).
 32945 | Desolati | Identified the +0 chain mail of the Gravedigger {rElec
                  | Dex+5}
 32950 | Desolati | 32950 ||| DROPPING +1 heavy broad axe.
 33166 | Desolati | 33166 ||| DROPPING +1 helmet of intelligence.
 33200 | Vaults:3 | 33200 ||| PLANNING VAULTS:1-4
 33384 | Vaults:3 | 33384 ||| Stepping ~*~*~tactically~*~*~ (stealth).
 33425 | Vaults:3 | 33425 ||| DRINKING 6 potions of curing.
 33425 | Vaults:3 | 33425 ||| (to cure confusion)
 33537 | Vaults:3 | 33537 ||| Stepping ~*~*~tactically~*~*~ (stealth).
 33539 | Vaults:3 | 33539 ||| Stepping ~*~*~tactically~*~*~ (hiding).
 33566 | Vaults:3 | Reached skill level 19 in Fighting
 33817 | Vaults:4 | Received a gift from Okawaru
 33839 | Vaults:4 | 33839 ||| Stepping ~*~*~tactically~*~*~ (hiding).
 34045 | Vaults:4 | 34045 ||| Stepping ~*~*~tactically~*~*~ (hiding).
 34067 | Vaults:4 | 34067 ||| Stepping ~*~*~tactically~*~*~ (hiding).
 34172 | Vaults:4 | 34172 ||| FLEEEEING.
 34173 | Vaults:4 | 34173 ||| FLEEEEING.
 34174 | Vaults:4 | 34174 ||| FLEEEEING.
 34175 | Vaults:4 | 34175 ||| FLEEEEING.
 34176 | Vaults:4 | 34176 ||| FLEEEEING.
 34177 | Vaults:4 | 34177 ||| FLEEEEING.
 34178 | Vaults:4 | 34178 ||| FLEEEEING.
 34179 | Vaults:4 | 34179 ||| FLEEEEING.
 34180 | Vaults:4 | 34180 ||| FLEEEEING.
 34181 | Vaults:4 | 34181 ||| FLEEEEING.
 34183 | Vaults:4 | 34183 ||| FLEEEEING.
 34184 | Vaults:4 | 34184 ||| FLEEEEING.
 34185 | Vaults:4 | 34185 ||| FLEEEEING.
 34186 | Vaults:4 | 34186 ||| FLEEEEING.
 34187 | Vaults:4 | 34187 ||| FLEEEEING.
 34188 | Vaults:4 | 34188 ||| FLEEEEING.
 34189 | Vaults:4 | 34189 ||| FLEEEEING.
 34190 | Vaults:4 | 34190 ||| FLEEEEING.
 34191 | Vaults:4 | 34191 ||| FLEEEEING.
 34192 | Vaults:4 | 34192 ||| FLEEEEING.
 34193 | Vaults:4 | 34193 ||| FLEEEEING.
 34194 | Vaults:4 | 34194 ||| FLEEEEING.
 34195 | Vaults:4 | 34195 ||| FLEEEEING.
 34196 | Vaults:4 | 34196 ||| FLEEEEING.
 34197 | Vaults:4 | 34197 ||| FLEEEEING.
 34198 | Vaults:4 | 34198 ||| FLEEEEING.
 34199 | Vaults:4 | 34199 ||| FLEEEEING.
 34200 | Vaults:4 | 34200 ||| FLEEEEING.
 34201 | Vaults:4 | 34201 ||| FLEEEEING.
 34202 | Vaults:4 | 34202 ||| FLEEEEING.
 34203 | Vaults:4 | 34203 ||| FLEEEEING.
 34204 | Vaults:4 | 34204 ||| FLEEEEING.
 34205 | Vaults:4 | 34205 ||| FLEEEEING.
 34206 | Vaults:4 | 34206 ||| FLEEEEING.
 34207 | Vaults:4 | 34207 ||| FLEEEEING.
 34208 | Vaults:4 | 34208 ||| FLEEEEING.
 34209 | Vaults:4 | 34209 ||| FLEEEEING.
 34210 | Vaults:4 | 34210 ||| FLEEEEING.
 34211 | Vaults:4 | 34211 ||| FLEEEEING.
 34212 | Vaults:4 | 34212 ||| FLEEEEING.
 34213 | Vaults:4 | 34213 ||| FLEEEEING.
 34214 | Vaults:4 | 34214 ||| FLEEEEING.
 34215 | Vaults:4 | 34215 ||| FLEEEEING.
 34217 | Vaults:4 | 34217 ||| FLEEEEING.
 34218 | Vaults:4 | 34218 ||| FLEEEEING.
 34219 | Vaults:4 | 34219 ||| FLEEEEING.
 34220 | Vaults:4 | 34220 ||| FLEEEEING.
 34221 | Vaults:4 | 34221 ||| FLEEEEING.
 34222 | Vaults:4 | 34222 ||| FLEEEEING.
 34223 | Vaults:4 | 34223 ||| FLEEEEING.
 34224 | Vaults:4 | 34224 ||| FLEEEEING.
 34243 | Vaults:4 | 34243 ||| FLEEEEING.
 34244 | Vaults:4 | 34244 ||| FLEEEEING.
 34245 | Vaults:4 | 34245 ||| FLEEEEING.
 34246 | Vaults:4 | 34246 ||| FLEEEEING.
 34247 | Vaults:4 | 34247 ||| FLEEEEING.
 34248 | Vaults:4 | 34248 ||| FLEEEEING.
 34249 | Vaults:4 | 34249 ||| FLEEEEING.
 34250 | Vaults:4 | 34250 ||| FLEEEEING.
 34251 | Vaults:4 | 34251 ||| FLEEEEING.
 34252 | Vaults:4 | 34252 ||| FLEEEEING.
 34253 | Vaults:4 | 34253 ||| FLEEEEING.
 34254 | Vaults:4 | 34254 ||| FLEEEEING.
 34255 | Vaults:4 | 34255 ||| FLEEEEING.
 34263 | Vaults:4 | 34263 ||| FLEEEEING.
 34264 | Vaults:4 | 34264 ||| FLEEEEING.
 34265 | Vaults:4 | 34265 ||| FLEEEEING.
 34266 | Vaults:4 | 34266 ||| FLEEEEING.
 34267 | Vaults:4 | 34267 ||| FLEEEEING.
 34268 | Vaults:4 | 34268 ||| FLEEEEING.
 34269 | Vaults:4 | 34269 ||| FLEEEEING.
 34270 | Vaults:4 | 34270 ||| FLEEEEING.
 34271 | Vaults:4 | 34271 ||| FLEEEEING.
 34272 | Vaults:4 | 34272 ||| FLEEEEING.
 34273 | Vaults:4 | 34273 ||| FLEEEEING.
 34274 | Vaults:4 | 34274 ||| FLEEEEING.
 34275 | Vaults:4 | 34275 ||| FLEEEEING.
 34276 | Vaults:4 | 34276 ||| FLEEEEING.
 34277 | Vaults:4 | 34277 ||| FLEEEEING.
 34278 | Vaults:4 | 34278 ||| FLEEEEING.
 34279 | Vaults:4 | 34279 ||| FLEEEEING.
 34280 | Vaults:4 | 34280 ||| FLEEEEING.
 34281 | Vaults:4 | 34281 ||| FLEEEEING.
 34282 | Vaults:4 | 34282 ||| FLEEEEING.
 34283 | Vaults:4 | 34283 ||| FLEEEEING.
 34384 | Vaults:4 | Received a gift from Okawaru
 34670 | Vaults:4 | 34670 ||| Stepping ~*~*~tactically~*~*~ (hiding).
 34671 | Vaults:4 | 34671 ||| Stepping ~*~*~tactically~*~*~ (hiding).
 34675 | Vaults:4 | 34675 ||| Stepping ~*~*~tactically~*~*~ (hiding).
 34796 | Vaults:4 | 34796 ||| Stepping ~*~*~tactically~*~*~ (hiding).
 34799 | Vaults:4 | 34799 ||| Stepping ~*~*~tactically~*~*~ (hiding).
 34955 | Vaults:4 | 34955 ||| Stepping ~*~*~tactically~*~*~ (stealth).
 34997 | Vaults:4 | 34997 ||| INVOKING Finesse.
 35066 | Vaults:4 | 35066 ||| Stepping ~*~*~tactically~*~*~ (hiding).
 35067 | Vaults:4 | 35067 ||| Stepping ~*~*~tactically~*~*~ (hiding).
 35068 | Vaults:4 | 35068 ||| Stepping ~*~*~tactically~*~*~ (hiding).
 35070 | Vaults:4 | 35070 ||| Stepping ~*~*~tactically~*~*~ (hiding).
 35072 | Vaults:4 | 35072 ||| Stepping ~*~*~tactically~*~*~ (hiding).
 35074 | Vaults:4 | 35074 ||| Stepping ~*~*~tactically~*~*~ (hiding).
 35227 | Vaults:4 | 35227 ||| FLEEEEING.
 35228 | Vaults:4 | 35228 ||| FLEEEEING.
 35229 | Vaults:4 | 35229 ||| FLEEEEING.
 35230 | Vaults:4 | 35230 ||| FLEEEEING.
 35231 | Vaults:4 | 35231 ||| FLEEEEING.
 35234 | Vaults:4 | 35234 ||| FLEEEEING.
 35235 | Vaults:4 | 35235 ||| FLEEEEING.
 35236 | Vaults:4 | 35236 ||| FLEEEEING.
 35237 | Vaults:4 | 35237 ||| FLEEEEING.
 35238 | Vaults:4 | 35238 ||| FLEEEEING.
 35244 | Vaults:4 | 35244 ||| FLEEEEING.
 35245 | Vaults:4 | 35245 ||| FLEEEEING.
 35246 | Vaults:4 | 35246 ||| FLEEEEING.
 35247 | Vaults:4 | 35247 ||| FLEEEEING.
 35248 | Vaults:4 | 35248 ||| FLEEEEING.
 35249 | Vaults:4 | 35249 ||| STAIRDANCE
 35270 | Vaults:3 | 35270 ||| INVOKING Finesse.
 35287 | Vaults:3 | Reached skill level 9 in Dodging
 35505 | Vaults:4 | 35505 ||| PLANNING SNAKE:4
 35839 | Snake:2  | Received a gift from Okawaru
 35887 | Snake:4  | Entered Level 4 of the Snake Pit
 35888 | Snake:4  | 35888 ||| PLANNING BAZAAR
 35889 | Snake:4  | 35889 ||| Stepping randomly (stuck).
 35890 | Snake:4  | 35890 ||| Stepping randomly (stuck).
 35891 | Snake:4  | 35891 ||| Stepping randomly (stuck).
 35892 | Snake:4  | 35892 ||| Stepping randomly (stuck).
 35893 | Snake:4  | 35893 ||| Stepping randomly (stuck).
 35894 | Snake:4  | 35894 ||| Stepping randomly (stuck).
 35895 | Snake:4  | 35895 ||| Stepping randomly (stuck).
 35896 | Snake:4  | 35896 ||| Stepping randomly (stuck).
 35897 | Snake:4  | 35897 ||| Stepping randomly (stuck).
 35898 | Snake:4  | 35898 ||| Stepping randomly (stuck).
 35899 | Snake:4  | 35899 ||| Stepping randomly (stuck).
 35900 | Snake:4  | 35900 ||| Stepping randomly (stuck).
 35901 | Snake:4  | 35901 ||| Stepping randomly (stuck).
 35902 | Snake:4  | 35902 ||| Stepping randomly (stuck).
 35903 | Snake:4  | 35903 ||| Stepping randomly (stuck).
 35904 | Snake:4  | 35904 ||| Stepping randomly (stuck).
 35905 | Snake:4  | 35905 ||| Stepping randomly (stuck).
 35906 | Snake:4  | 35906 ||| Stepping randomly (stuck).
 35907 | Snake:4  | 35907 ||| Stepping randomly (stuck).
 35908 | Snake:4  | 35908 ||| Stepping randomly (stuck).
 35909 | Snake:4  | 35909 ||| Stepping randomly (stuck).
 35910 | Snake:4  | 35910 ||| Stepping randomly (stuck).
 35911 | Snake:4  | 35911 ||| Stepping randomly (stuck).
 35912 | Snake:4  | 35912 ||| Stepping randomly (stuck).
 35913 | Snake:4  | 35913 ||| Stepping randomly (stuck).
 35914 | Snake:4  | 35914 ||| Stepping randomly (stuck).
 35915 | Snake:4  | 35915 ||| Stepping randomly (stuck).
 35916 | Snake:4  | 35916 ||| Stepping randomly (stuck).
 35917 | Snake:4  | 35917 ||| Stepping randomly (stuck).
 35918 | Snake:4  | 35918 ||| Stepping randomly (stuck).
 35919 | Snake:4  | 35919 ||| Stepping randomly (stuck).
 35920 | Snake:4  | 35920 ||| Stepping randomly (stuck).
 35921 | Snake:4  | 35921 ||| Stepping randomly (stuck).
 35922 | Snake:4  | 35922 ||| Stepping randomly (stuck).
 35923 | Snake:4  | 35923 ||| Stepping randomly (stuck).
 35924 | Snake:4  | 35924 ||| Stepping randomly (stuck).
 35925 | Snake:4  | 35925 ||| Stepping randomly (stuck).
 35926 | Snake:4  | 35926 ||| Stepping randomly (stuck).
 35927 | Snake:4  | 35927 ||| Stepping randomly (stuck).
 35928 | Snake:4  | 35928 ||| Stepping randomly (stuck).
 35929 | Snake:4  | 35929 ||| Stepping randomly (stuck).
 35930 | Snake:4  | 35930 ||| Stepping randomly (stuck).
 35931 | Snake:4  | 35931 ||| Stepping randomly (stuck).
 35932 | Snake:4  | 35932 ||| Stepping randomly (stuck).
 35933 | Snake:4  | 35933 ||| Stepping randomly (stuck).
 35934 | Snake:4  | 35934 ||| Stepping randomly (stuck).
 35935 | Snake:4  | 35935 ||| Stepping randomly (stuck).
 35936 | Snake:4  | 35936 ||| Stepping randomly (stuck).
 35937 | Snake:4  | 35937 ||| Stepping randomly (stuck).
 35938 | Snake:4  | 35938 ||| Stepping randomly (stuck).
 35939 | Snake:4  | 35939 ||| Stepping randomly (stuck).
 35940 | Snake:4  | 35940 ||| READING scroll of teleportation.
 35941 | Snake:4  | 35941 ||| STAIRDANCE
 35952 | Snake:4  | 35952 ||| Stepping randomly (stuck).
 35953 | Snake:4  | 35953 ||| Stepping randomly (stuck).
 35954 | Snake:4  | 35954 ||| Stepping randomly (stuck).
 35955 | Snake:4  | 35955 ||| Stepping randomly (stuck).
 35956 | Snake:4  | 35956 ||| Stepping randomly (stuck).
 35957 | Snake:4  | 35957 ||| Stepping randomly (stuck).
 35958 | Snake:4  | 35958 ||| Stepping randomly (stuck).
 35959 | Snake:4  | 35959 ||| Stepping randomly (stuck).
 35960 | Snake:4  | 35960 ||| Stepping randomly (stuck).
 35961 | Snake:4  | 35961 ||| Stepping randomly (stuck).
 35962 | Snake:4  | 35962 ||| Stepping randomly (stuck).
 35963 | Snake:4  | 35963 ||| Stepping randomly (stuck).
 35964 | Snake:4  | 35964 ||| Stepping randomly (stuck).
 35965 | Snake:4  | 35965 ||| Stepping randomly (stuck).
 35966 | Snake:4  | 35966 ||| Stepping randomly (stuck).
 35967 | Snake:4  | 35967 ||| Stepping randomly (stuck).
 35968 | Snake:4  | 35968 ||| Stepping randomly (stuck).
 35969 | Snake:4  | 35969 ||| Stepping randomly (stuck).
 35970 | Snake:4  | 35970 ||| Stepping randomly (stuck).
 35971 | Snake:4  | 35971 ||| Stepping randomly (stuck).
 35972 | Snake:4  | 35972 ||| Stepping randomly (stuck).
 35973 | Snake:4  | 35973 ||| Stepping randomly (stuck).
 35974 | Snake:4  | 35974 ||| Stepping randomly (stuck).
 35975 | Snake:4  | 35975 ||| Stepping randomly (stuck).
 35976 | Snake:4  | 35976 ||| Stepping randomly (stuck).
 35977 | Snake:4  | 35977 ||| Stepping randomly (stuck).
 35978 | Snake:4  | 35978 ||| Stepping randomly (stuck).
 35979 | Snake:4  | 35979 ||| Stepping randomly (stuck).
 35980 | Snake:4  | 35980 ||| Stepping randomly (stuck).
 35981 | Snake:4  | 35981 ||| Stepping randomly (stuck).
 35982 | Snake:4  | 35982 ||| Stepping randomly (stuck).
 35983 | Snake:4  | 35983 ||| Stepping randomly (stuck).
 35984 | Snake:4  | 35984 ||| Stepping randomly (stuck).
 35985 | Snake:4  | 35985 ||| Stepping randomly (stuck).
 35986 | Snake:4  | 35986 ||| Stepping randomly (stuck).
 35987 | Snake:4  | 35987 ||| Stepping randomly (stuck).
 35988 | Snake:4  | 35988 ||| Stepping randomly (stuck).
 35989 | Snake:4  | 35989 ||| Stepping randomly (stuck).
 35990 | Snake:4  | 35990 ||| Stepping randomly (stuck).
 35991 | Snake:4  | 35991 ||| Stepping randomly (stuck).
 35992 | Snake:4  | 35992 ||| Stepping randomly (stuck).
 35993 | Snake:4  | 35993 ||| Stepping randomly (stuck).
 35994 | Snake:4  | 35994 ||| Stepping randomly (stuck).
 35995 | Snake:4  | 35995 ||| Stepping randomly (stuck).
 35996 | Snake:4  | 35996 ||| Stepping randomly (stuck).
 35997 | Snake:4  | 35997 ||| Stepping randomly (stuck).
 35998 | Snake:4  | 35998 ||| Stepping randomly (stuck).
 35999 | Snake:4  | 35999 ||| Stepping randomly (stuck).
 36000 | Snake:4  | 36000 ||| Stepping randomly (stuck).
 36001 | Snake:4  | 36001 ||| Stepping randomly (stuck).
 36002 | Snake:4  | 36002 ||| Stepping randomly (stuck).
 36003 | Snake:4  | 36003 ||| Stepping randomly (stuck).
 36004 | Snake:4  | 36004 ||| Stepping randomly (stuck).
 36005 | Snake:4  | 36005 ||| Stepping randomly (stuck).
 36006 | Snake:4  | 36006 ||| Stepping randomly (stuck).
 36007 | Snake:4  | 36007 ||| Stepping randomly (stuck).
 36008 | Snake:4  | 36008 ||| Stepping randomly (stuck).
 36009 | Snake:4  | 36009 ||| Stepping randomly (stuck).
 36010 | Snake:4  | 36010 ||| Stepping randomly (stuck).
 36011 | Snake:4  | 36011 ||| Stepping randomly (stuck).
 36012 | Snake:4  | 36012 ||| Stepping randomly (stuck).
 36013 | Snake:4  | 36013 ||| Stepping randomly (stuck).
 36014 | Snake:4  | 36014 ||| Stepping randomly (stuck).
 36015 | Snake:4  | 36015 ||| Stepping randomly (stuck).
 36016 | Snake:4  | 36016 ||| Stepping randomly (stuck).
 36017 | Snake:4  | 36017 ||| Stepping randomly (stuck).
 36018 | Snake:4  | 36018 ||| Stepping randomly (stuck).
 36019 | Snake:4  | 36019 ||| Stepping randomly (stuck).
 36020 | Snake:4  | 36020 ||| Stepping randomly (stuck).
 36021 | Snake:4  | 36021 ||| Stepping randomly (stuck).
 36022 | Snake:4  | 36022 ||| Stepping randomly (stuck).
 36023 | Snake:4  | 36023 ||| Stepping randomly (stuck).
 36024 | Snake:4  | 36024 ||| Stepping randomly (stuck).
 36025 | Snake:4  | 36025 ||| Stepping randomly (stuck).
 36026 | Snake:4  | 36026 ||| Stepping randomly (stuck).
 36027 | Snake:4  | 36027 ||| Stepping randomly (stuck).
 36028 | Snake:4  | 36028 ||| Stepping randomly (stuck).
 36029 | Snake:4  | 36029 ||| Stepping randomly (stuck).
 36030 | Snake:4  | 36030 ||| Stepping randomly (stuck).
 36031 | Snake:4  | 36031 ||| Stepping randomly (stuck).
 36032 | Snake:4  | 36032 ||| Stepping randomly (stuck).
 36033 | Snake:4  | 36033 ||| Stepping randomly (stuck).
 36034 | Snake:4  | 36034 ||| Stepping randomly (stuck).
 36035 | Snake:4  | 36035 ||| Stepping randomly (stuck).
 36036 | Snake:4  | 36036 ||| Stepping randomly (stuck).
 36037 | Snake:4  | 36037 ||| Stepping randomly (stuck).
 36038 | Snake:4  | 36038 ||| Stepping randomly (stuck).
 36039 | Snake:4  | 36039 ||| Stepping randomly (stuck).
 36040 | Snake:4  | 36040 ||| Stepping randomly (stuck).
 36041 | Snake:4  | 36041 ||| Stepping randomly (stuck).
 36042 | Snake:4  | 36042 ||| Stepping randomly (stuck).
 36043 | Snake:4  | 36043 ||| Stepping randomly (stuck).
 36044 | Snake:4  | 36044 ||| Stepping randomly (stuck).
 36045 | Snake:4  | 36045 ||| Stepping randomly (stuck).
 36046 | Snake:4  | 36046 ||| Stepping randomly (stuck).
 36047 | Snake:4  | 36047 ||| Stepping randomly (stuck).
 36048 | Snake:4  | 36048 ||| Stepping randomly (stuck).
 36049 | Snake:4  | 36049 ||| Stepping randomly (stuck).
 36050 | Snake:4  | 36050 ||| Stepping randomly (stuck).
 36051 | Snake:4  | 36051 ||| Stepping randomly (stuck).
 36052 | Snake:4  | 36052 ||| Stepping randomly (stuck).
 36053 | Snake:4  | 36053 ||| Stepping randomly (stuck).
 36054 | Snake:4  | 36054 ||| Stepping randomly (stuck).
 36055 | Snake:4  | 36055 ||| Stepping randomly (stuck).
 36056 | Snake:4  | 36056 ||| Stepping randomly (stuck).
 36057 | Snake:4  | 36057 ||| Stepping randomly (stuck).
 36058 | Snake:4  | 36058 ||| Stepping randomly (stuck).
 36059 | Snake:4  | 36059 ||| Stepping randomly (stuck).
 36060 | Snake:4  | 36060 ||| Stepping randomly (stuck).
 36061 | Snake:4  | 36061 ||| Stepping randomly (stuck).
 36062 | Snake:4  | 36062 ||| Stepping randomly (stuck).
 36063 | Snake:4  | 36063 ||| Stepping randomly (stuck).
 36064 | Snake:4  | 36064 ||| Stepping randomly (stuck).
 36065 | Snake:4  | 36065 ||| Stepping randomly (stuck).
 36066 | Snake:4  | 36066 ||| Stepping randomly (stuck).
 36067 | Snake:4  | 36067 ||| Stepping randomly (stuck).
 36068 | Snake:4  | 36068 ||| Stepping randomly (stuck).
 36069 | Snake:4  | 36069 ||| Stepping randomly (stuck).
 36070 | Snake:4  | 36070 ||| Stepping randomly (stuck).
 36071 | Snake:4  | 36071 ||| Stepping randomly (stuck).
 36072 | Snake:4  | 36072 ||| Stepping randomly (stuck).
 36073 | Snake:4  | 36073 ||| Stepping randomly (stuck).
 36074 | Snake:4  | 36074 ||| Stepping randomly (stuck).
 36075 | Snake:4  | 36075 ||| Stepping randomly (stuck).
 36076 | Snake:4  | 36076 ||| Stepping randomly (stuck).
 36077 | Snake:4  | 36077 ||| Stepping randomly (stuck).
 36078 | Snake:4  | 36078 ||| Stepping randomly (stuck).
 36079 | Snake:4  | 36079 ||| Stepping randomly (stuck).
 36080 | Snake:4  | 36080 ||| Stepping randomly (stuck).
 36081 | Snake:4  | 36081 ||| Stepping randomly (stuck).
 36082 | Snake:4  | 36082 ||| Stepping randomly (stuck).
 36083 | Snake:4  | 36083 ||| Stepping randomly (stuck).
 36084 | Snake:4  | 36084 ||| Stepping randomly (stuck).
 36085 | Snake:4  | 36085 ||| Stepping randomly (stuck).
 36086 | Snake:4  | 36086 ||| Stepping randomly (stuck).
 36087 | Snake:4  | 36087 ||| Stepping randomly (stuck).
 36088 | Snake:4  | 36088 ||| Stepping randomly (stuck).
 36089 | Snake:4  | 36089 ||| Stepping randomly (stuck).
 36090 | Snake:4  | 36090 ||| Stepping randomly (stuck).
 36091 | Snake:4  | 36091 ||| Stepping randomly (stuck).
 36092 | Snake:4  | 36092 ||| Stepping randomly (stuck).
 36093 | Snake:4  | 36093 ||| Stepping randomly (stuck).
 36094 | Snake:4  | 36094 ||| Stepping randomly (stuck).
 36095 | Snake:4  | 36095 ||| Stepping randomly (stuck).
 36096 | Snake:4  | 36096 ||| Stepping randomly (stuck).
 36097 | Snake:4  | 36097 ||| Stepping randomly (stuck).
 36098 | Snake:4  | 36098 ||| Stepping randomly (stuck).
 36099 | Snake:4  | 36099 ||| Stepping randomly (stuck).
 36100 | Snake:4  | 36100 ||| Stepping randomly (stuck).
 36101 | Snake:4  | 36101 ||| Stepping randomly (stuck).
 36102 | Snake:4  | 36102 ||| Stepping randomly (stuck).
 36103 | Snake:4  | 36103 ||| Stepping randomly (stuck).
 36104 | Snake:4  | 36104 ||| Stepping randomly (stuck).
 36105 | Snake:4  | 36105 ||| Stepping randomly (stuck).
 36106 | Snake:4  | 36106 ||| Stepping randomly (stuck).
 36107 | Snake:4  | 36107 ||| Stepping randomly (stuck).
 36108 | Snake:4  | 36108 ||| Stepping randomly (stuck).
 36109 | Snake:4  | 36109 ||| Stepping randomly (stuck).
 36110 | Snake:4  | 36110 ||| Stepping randomly (stuck).
 36111 | Snake:4  | 36111 ||| Stepping randomly (stuck).
 36112 | Snake:4  | 36112 ||| Stepping randomly (stuck).
 36113 | Snake:4  | 36113 ||| Stepping randomly (stuck).
 36114 | Snake:4  | 36114 ||| Stepping randomly (stuck).
 36115 | Snake:4  | 36115 ||| Stepping randomly (stuck).
 36116 | Snake:4  | 36116 ||| Stepping randomly (stuck).
 36117 | Snake:4  | 36117 ||| Stepping randomly (stuck).
 36118 | Snake:4  | 36118 ||| Stepping randomly (stuck).
 36119 | Snake:4  | 36119 ||| Stepping randomly (stuck).
 36120 | Snake:4  | 36120 ||| Stepping randomly (stuck).
 36121 | Snake:4  | 36121 ||| Stepping randomly (stuck).
 36122 | Snake:4  | 36122 ||| Stepping randomly (stuck).
 36123 | Snake:4  | 36123 ||| Stepping randomly (stuck).
 36124 | Snake:4  | 36124 ||| Stepping randomly (stuck).
 36125 | Snake:4  | 36125 ||| Stepping randomly (stuck).
 36126 | Snake:4  | 36126 ||| Stepping randomly (stuck).
 36127 | Snake:4  | 36127 ||| Stepping randomly (stuck).
 36128 | Snake:4  | 36128 ||| Stepping randomly (stuck).
 36129 | Snake:4  | 36129 ||| Stepping randomly (stuck).
 36130 | Snake:4  | 36130 ||| Stepping randomly (stuck).
 36131 | Snake:4  | 36131 ||| Stepping randomly (stuck).
 36132 | Snake:4  | 36132 ||| Stepping randomly (stuck).
 36133 | Snake:4  | 36133 ||| Stepping randomly (stuck).
 36134 | Snake:4  | 36134 ||| Stepping randomly (stuck).
 36135 | Snake:4  | 36135 ||| Stepping randomly (stuck).
 36136 | Snake:4  | 36136 ||| Stepping randomly (stuck).
 36137 | Snake:4  | 36137 ||| Stepping randomly (stuck).
 36138 | Snake:4  | 36138 ||| Stepping randomly (stuck).
 36139 | Snake:4  | 36139 ||| Stepping randomly (stuck).
 36140 | Snake:4  | 36140 ||| Stepping randomly (stuck).
 36141 | Snake:4  | 36141 ||| Stepping randomly (stuck).
 36142 | Snake:4  | 36142 ||| Stepping randomly (stuck).
 36143 | Snake:4  | 36143 ||| Stepping randomly (stuck).
 36144 | Snake:4  | 36144 ||| Stepping randomly (stuck).
 36145 | Snake:4  | 36145 ||| Stepping randomly (stuck).
 36146 | Snake:4  | 36146 ||| Stepping randomly (stuck).
 36147 | Snake:4  | 36147 ||| Stepping randomly (stuck).
 36148 | Snake:4  | 36148 ||| Stepping randomly (stuck).
 36149 | Snake:4  | 36149 ||| Stepping randomly (stuck).
 36150 | Snake:4  | 36150 ||| Stepping randomly (stuck).
 36151 | Snake:4  | 36151 ||| Stepping randomly (stuck).
 36152 | Snake:4  | 36152 ||| Stepping randomly (stuck).
 36153 | Snake:4  | 36153 ||| Stepping randomly (stuck).
 36154 | Snake:4  | 36154 ||| Stepping randomly (stuck).
 36155 | Snake:4  | 36155 ||| Stepping randomly (stuck).
 36156 | Snake:4  | 36156 ||| Stepping randomly (stuck).
 36157 | Snake:4  | 36157 ||| Stepping randomly (stuck).
 36158 | Snake:4  | 36158 ||| Stepping randomly (stuck).
 36159 | Snake:4  | 36159 ||| Stepping randomly (stuck).
 36160 | Snake:4  | 36160 ||| Stepping randomly (stuck).
 36161 | Snake:4  | 36161 ||| Stepping randomly (stuck).
 36162 | Snake:4  | 36162 ||| Stepping randomly (stuck).
 36163 | Snake:4  | 36163 ||| Stepping randomly (stuck).
 36164 | Snake:4  | 36164 ||| Stepping randomly (stuck).
 36165 | Snake:4  | 36165 ||| Stepping randomly (stuck).
 36166 | Snake:4  | 36166 ||| Stepping randomly (stuck).
 36167 | Snake:4  | 36167 ||| Stepping randomly (stuck).
 36168 | Snake:4  | 36168 ||| Stepping randomly (stuck).
 36169 | Snake:4  | 36169 ||| Stepping randomly (stuck).
 36170 | Snake:4  | 36170 ||| Stepping randomly (stuck).
 36171 | Snake:4  | 36171 ||| Stepping randomly (stuck).
 36172 | Snake:4  | 36172 ||| Stepping randomly (stuck).
 36173 | Snake:4  | 36173 ||| Stepping randomly (stuck).
 36174 | Snake:4  | 36174 ||| Stepping randomly (stuck).
 36175 | Snake:4  | 36175 ||| Stepping randomly (stuck).
 36176 | Snake:4  | 36176 ||| Stepping randomly (stuck).
 36177 | Snake:4  | 36177 ||| Stepping randomly (stuck).
 36178 | Snake:4  | 36178 ||| Stepping randomly (stuck).
 36179 | Snake:4  | 36179 ||| Stepping randomly (stuck).
 36180 | Snake:4  | 36180 ||| Stepping randomly (stuck).
 36181 | Snake:4  | 36181 ||| Stepping randomly (stuck).
 36182 | Snake:4  | 36182 ||| Stepping randomly (stuck).
 36183 | Snake:4  | 36183 ||| Stepping randomly (stuck).
 36184 | Snake:4  | 36184 ||| Stepping randomly (stuck).
 36185 | Snake:4  | 36185 ||| Stepping randomly (stuck).
 36186 | Snake:4  | 36186 ||| Stepping randomly (stuck).
 36187 | Snake:4  | 36187 ||| Stepping randomly (stuck).
 36188 | Snake:4  | 36188 ||| Stepping randomly (stuck).
 36189 | Snake:4  | 36189 ||| Stepping randomly (stuck).
 36190 | Snake:4  | 36190 ||| Stepping randomly (stuck).
 36191 | Snake:4  | 36191 ||| Stepping randomly (stuck).
 36192 | Snake:4  | 36192 ||| Stepping randomly (stuck).
 36193 | Snake:4  | 36193 ||| Stepping randomly (stuck).
 36194 | Snake:4  | 36194 ||| Stepping randomly (stuck).
 36195 | Snake:4  | 36195 ||| Stepping randomly (stuck).
 36196 | Snake:4  | 36196 ||| Stepping randomly (stuck).
 36197 | Snake:4  | 36197 ||| Stepping randomly (stuck).
 36198 | Snake:4  | 36198 ||| Stepping randomly (stuck).
 36199 | Snake:4  | 36199 ||| Stepping randomly (stuck).
 36200 | Snake:4  | 36200 ||| Stepping randomly (stuck).
 36201 | Snake:4  | 36201 ||| Stepping randomly (stuck).
 36202 | Snake:4  | 36202 ||| Stepping randomly (stuck).
 36203 | Snake:4  | 36203 ||| Stepping randomly (stuck).
 36204 | Snake:4  | 36204 ||| Stepping randomly (stuck).
 36205 | Snake:4  | 36205 ||| Stepping randomly (stuck).
 36206 | Snake:4  | 36206 ||| Stepping randomly (stuck).
 36207 | Snake:4  | 36207 ||| Stepping randomly (stuck).
 36208 | Snake:4  | 36208 ||| Stepping randomly (stuck).
 36209 | Snake:4  | 36209 ||| Stepping randomly (stuck).
 36210 | Snake:4  | 36210 ||| Stepping randomly (stuck).
 36211 | Snake:4  | 36211 ||| Stepping randomly (stuck).
 36212 | Snake:4  | 36212 ||| Stepping randomly (stuck).
 36213 | Snake:4  | 36213 ||| Stepping randomly (stuck).
 36214 | Snake:4  | 36214 ||| Stepping randomly (stuck).
 36215 | Snake:4  | 36215 ||| Stepping randomly (stuck).
 36216 | Snake:4  | 36216 ||| Stepping randomly (stuck).
 36217 | Snake:4  | 36217 ||| Stepping randomly (stuck).
 36218 | Snake:4  | 36218 ||| Stepping randomly (stuck).
 36219 | Snake:4  | 36219 ||| Stepping randomly (stuck).
 36220 | Snake:4  | 36220 ||| Stepping randomly (stuck).
 36221 | Snake:4  | 36221 ||| Stepping randomly (stuck).
 36222 | Snake:4  | 36222 ||| Stepping randomly (stuck).
 36223 | Snake:4  | 36223 ||| Stepping randomly (stuck).
 36224 | Snake:4  | 36224 ||| Stepping randomly (stuck).
 36225 | Snake:4  | 36225 ||| Stepping randomly (stuck).
 36226 | Snake:4  | 36226 ||| Stepping randomly (stuck).
 36227 | Snake:4  | 36227 ||| Stepping randomly (stuck).
 36228 | Snake:4  | 36228 ||| Stepping randomly (stuck).
 36229 | Snake:4  | 36229 ||| Stepping randomly (stuck).
 36230 | Snake:4  | 36230 ||| Stepping randomly (stuck).
 36231 | Snake:4  | 36231 ||| Stepping randomly (stuck).
 36232 | Snake:4  | 36232 ||| Stepping randomly (stuck).
 36233 | Snake:4  | 36233 ||| Stepping randomly (stuck).
 36234 | Snake:4  | 36234 ||| Stepping randomly (stuck).
 36235 | Snake:4  | 36235 ||| Stepping randomly (stuck).
 36236 | Snake:4  | 36236 ||| Stepping randomly (stuck).
 36237 | Snake:4  | 36237 ||| Stepping randomly (stuck).
 36238 | Snake:4  | 36238 ||| Stepping randomly (stuck).
 36239 | Snake:4  | 36239 ||| Stepping randomly (stuck).
 36240 | Snake:4  | 36240 ||| Stepping randomly (stuck).
 36241 | Snake:4  | 36241 ||| Stepping randomly (stuck).
 36242 | Snake:4  | 36242 ||| Stepping randomly (stuck).
 36243 | Snake:4  | 36243 ||| Stepping randomly (stuck).
 36244 | Snake:4  | 36244 ||| Stepping randomly (stuck).
 36245 | Snake:4  | 36245 ||| Stepping randomly (stuck).
 36246 | Snake:4  | 36246 ||| Stepping randomly (stuck).
 36247 | Snake:4  | 36247 ||| Stepping randomly (stuck).
 36248 | Snake:4  | 36248 ||| Stepping randomly (stuck).
 36249 | Snake:4  | 36249 ||| Stepping randomly (stuck).
 36250 | Snake:4  | 36250 ||| Stepping randomly (stuck).
 36251 | Snake:4  | 36251 ||| Stepping randomly (stuck).
 36252 | Snake:4  | 36252 ||| Stepping randomly (stuck).
 36253 | Snake:4  | 36253 ||| Stepping randomly (stuck).
 36254 | Snake:4  | 36254 ||| Stepping randomly (stuck).
 36255 | Snake:4  | 36255 ||| Stepping randomly (stuck).
 36256 | Snake:4  | 36256 ||| Stepping randomly (stuck).
 36257 | Snake:4  | 36257 ||| Stepping randomly (stuck).
 36258 | Snake:4  | 36258 ||| Stepping randomly (stuck).
 36259 | Snake:4  | 36259 ||| Stepping randomly (stuck).
 36260 | Snake:4  | 36260 ||| Stepping randomly (stuck).
 36261 | Snake:4  | 36261 ||| Stepping randomly (stuck).
 36262 | Snake:4  | 36262 ||| Stepping randomly (stuck).
 36263 | Snake:4  | 36263 ||| Stepping randomly (stuck).
 36264 | Snake:4  | 36264 ||| Stepping randomly (stuck).
 36265 | Snake:4  | 36265 ||| Stepping randomly (stuck).
 36266 | Snake:4  | 36266 ||| Stepping randomly (stuck).
 36267 | Snake:4  | 36267 ||| Stepping randomly (stuck).
 36268 | Snake:4  | 36268 ||| Stepping randomly (stuck).
 36269 | Snake:4  | 36269 ||| Stepping randomly (stuck).
 36270 | Snake:4  | 36270 ||| Stepping randomly (stuck).
 36271 | Snake:4  | 36271 ||| Stepping randomly (stuck).
 36272 | Snake:4  | 36272 ||| Stepping randomly (stuck).
 36273 | Snake:4  | 36273 ||| Stepping randomly (stuck).
 36274 | Snake:4  | 36274 ||| Stepping randomly (stuck).
 36275 | Snake:4  | 36275 ||| Stepping randomly (stuck).
 36276 | Snake:4  | 36276 ||| Stepping randomly (stuck).
 36277 | Snake:4  | 36277 ||| Stepping randomly (stuck).
 36278 | Snake:4  | 36278 ||| Stepping randomly (stuck).
 36279 | Snake:4  | 36279 ||| Stepping randomly (stuck).
 36280 | Snake:4  | 36280 ||| Stepping randomly (stuck).
 36281 | Snake:4  | 36281 ||| Stepping randomly (stuck).
 36282 | Snake:4  | 36282 ||| Stepping randomly (stuck).
 36283 | Snake:4  | 36283 ||| Stepping randomly (stuck).
 36284 | Snake:4  | 36284 ||| Stepping randomly (stuck).
 36285 | Snake:4  | 36285 ||| Stepping randomly (stuck).
 36286 | Snake:4  | 36286 ||| Stepping randomly (stuck).
 36287 | Snake:4  | 36287 ||| Stepping randomly (stuck).
 36288 | Snake:4  | 36288 ||| Stepping randomly (stuck).
 36289 | Snake:4  | 36289 ||| Stepping randomly (stuck).
 36290 | Snake:4  | 36290 ||| Stepping randomly (stuck).
 36291 | Snake:4  | 36291 ||| Stepping randomly (stuck).
 36292 | Snake:4  | 36292 ||| Stepping randomly (stuck).
 36293 | Snake:4  | 36293 ||| Stepping randomly (stuck).
 36294 | Snake:4  | 36294 ||| Stepping randomly (stuck).
 36295 | Snake:4  | 36295 ||| Stepping randomly (stuck).
 36296 | Snake:4  | 36296 ||| Stepping randomly (stuck).
 36297 | Snake:4  | 36297 ||| Stepping randomly (stuck).
 36298 | Snake:4  | 36298 ||| Stepping randomly (stuck).
 36299 | Snake:4  | 36299 ||| Stepping randomly (stuck).
 36300 | Snake:4  | 36300 ||| Stepping randomly (stuck).
 36301 | Snake:4  | 36301 ||| Stepping randomly (stuck).
 36302 | Snake:4  | 36302 ||| Stepping randomly (stuck).
 36303 | Snake:4  | 36303 ||| Stepping randomly (stuck).
 36304 | Snake:4  | 36304 ||| Stepping randomly (stuck).
 36305 | Snake:4  | 36305 ||| Stepping randomly (stuck).
 36306 | Snake:4  | 36306 ||| Stepping randomly (stuck).
 36307 | Snake:4  | 36307 ||| Stepping randomly (stuck).
 36308 | Snake:4  | 36308 ||| Stepping randomly (stuck).
 36309 | Snake:4  | 36309 ||| Stepping randomly (stuck).
 36310 | Snake:4  | 36310 ||| Stepping randomly (stuck).
 36311 | Snake:4  | 36311 ||| Stepping randomly (stuck).
 36312 | Snake:4  | 36312 ||| Stepping randomly (stuck).
 36313 | Snake:4  | 36313 ||| Stepping randomly (stuck).
 36314 | Snake:4  | 36314 ||| Stepping randomly (stuck).
 36315 | Snake:4  | 36315 ||| Stepping randomly (stuck).
 36316 | Snake:4  | 36316 ||| Stepping randomly (stuck).
 36317 | Snake:4  | 36317 ||| Stepping randomly (stuck).
 36318 | Snake:4  | 36318 ||| Stepping randomly (stuck).
 36319 | Snake:4  | 36319 ||| Stepping randomly (stuck).
 36323 | Snake:4  | 36323 ||| Stepping randomly (stuck).
 36324 | Snake:4  | 36324 ||| Stepping randomly (stuck).
 36325 | Snake:4  | 36325 ||| Stepping randomly (stuck).
 36326 | Snake:4  | 36326 ||| Stepping randomly (stuck).
 36327 | Snake:4  | 36327 ||| Stepping randomly (stuck).
 36328 | Snake:4  | 36328 ||| Stepping randomly (stuck).
 36329 | Snake:4  | 36329 ||| Stepping randomly (stuck).
 36330 | Snake:4  | 36330 ||| Stepping randomly (stuck).
 36331 | Snake:4  | 36331 ||| Stepping randomly (stuck).
 36332 | Snake:4  | 36332 ||| Stepping randomly (stuck).
 36333 | Snake:4  | 36333 ||| Stepping randomly (stuck).
 36334 | Snake:4  | 36334 ||| Stepping randomly (stuck).
 36335 | Snake:4  | 36335 ||| Stepping randomly (stuck).
 36336 | Snake:4  | 36336 ||| Stepping randomly (stuck).
 36337 | Snake:4  | 36337 ||| Stepping randomly (stuck).
 36338 | Snake:4  | 36338 ||| Stepping randomly (stuck).
 36339 | Snake:4  | 36339 ||| Stepping randomly (stuck).
 36340 | Snake:4  | 36340 ||| Stepping randomly (stuck).
 36341 | Snake:4  | 36341 ||| Stepping randomly (stuck).
 36342 | Snake:4  | 36342 ||| Stepping randomly (stuck).
 36343 | Snake:4  | 36343 ||| Stepping randomly (stuck).
 36344 | Snake:4  | 36344 ||| Stepping randomly (stuck).
 36345 | Snake:4  | 36345 ||| Stepping randomly (stuck).
 36346 | Snake:4  | 36346 ||| Stepping randomly (stuck).
 36347 | Snake:4  | 36347 ||| Stepping randomly (stuck).
 36348 | Snake:4  | 36348 ||| Stepping randomly (stuck).
 36349 | Snake:4  | 36349 ||| Stepping randomly (stuck).
 36350 | Snake:4  | 36350 ||| Stepping randomly (stuck).
 36351 | Snake:4  | 36351 ||| Stepping randomly (stuck).
 36352 | Snake:4  | 36352 ||| Stepping randomly (stuck).
 36353 | Snake:4  | 36353 ||| Stepping randomly (stuck).
 36354 | Snake:4  | 36354 ||| Stepping randomly (stuck).
 36355 | Snake:4  | 36355 ||| Stepping randomly (stuck).
 36356 | Snake:4  | 36356 ||| Stepping randomly (stuck).
 36357 | Snake:4  | 36357 ||| Stepping randomly (stuck).
 36358 | Snake:4  | 36358 ||| Stepping randomly (stuck).
 36359 | Snake:4  | 36359 ||| Stepping randomly (stuck).
 36360 | Snake:4  | 36360 ||| Stepping randomly (stuck).
 36361 | Snake:4  | 36361 ||| Stepping randomly (stuck).
 36362 | Snake:4  | 36362 ||| Stepping randomly (stuck).
 36363 | Snake:4  | 36363 ||| Stepping randomly (stuck).
 36364 | Snake:4  | 36364 ||| Stepping randomly (stuck).
 36365 | Snake:4  | 36365 ||| Stepping randomly (stuck).
 36366 | Snake:4  | 36366 ||| Stepping randomly (stuck).
 36367 | Snake:4  | 36367 ||| Stepping randomly (stuck).
 36368 | Snake:4  | 36368 ||| Stepping randomly (stuck).
 36369 | Snake:4  | 36369 ||| Stepping randomly (stuck).
 36370 | Snake:4  | 36370 ||| Stepping randomly (stuck).
 36371 | Snake:4  | 36371 ||| Stepping randomly (stuck).
 36372 | Snake:4  | 36372 ||| Stepping randomly (stuck).
 36373 | Snake:4  | 36373 ||| Stepping randomly (stuck).
 36374 | Snake:4  | 36374 ||| Stepping randomly (stuck).
 36375 | Snake:4  | 36375 ||| Stepping randomly (stuck).
 36376 | Snake:4  | 36376 ||| Stepping randomly (stuck).
 36377 | Snake:4  | 36377 ||| Stepping randomly (stuck).
 36378 | Snake:4  | 36378 ||| Stepping randomly (stuck).
 36379 | Snake:4  | 36379 ||| Stepping randomly (stuck).
 36380 | Snake:4  | 36380 ||| Stepping randomly (stuck).
 36381 | Snake:4  | 36381 ||| Stepping randomly (stuck).
 36382 | Snake:4  | 36382 ||| Stepping randomly (stuck).
 36383 | Snake:4  | 36383 ||| Stepping randomly (stuck).
 36384 | Snake:4  | 36384 ||| Stepping randomly (stuck).
 36385 | Snake:4  | 36385 ||| Stepping randomly (stuck).
 36386 | Snake:4  | 36386 ||| Stepping randomly (stuck).
 36387 | Snake:4  | 36387 ||| Stepping randomly (stuck).
 36388 | Snake:4  | 36388 ||| Stepping randomly (stuck).
 36389 | Snake:4  | 36389 ||| Stepping randomly (stuck).
 36390 | Snake:4  | 36390 ||| Stepping randomly (stuck).
 36391 | Snake:4  | 36391 ||| Stepping randomly (stuck).
 36392 | Snake:4  | 36392 ||| Stepping randomly (stuck).
 36393 | Snake:4  | 36393 ||| Stepping randomly (stuck).
 36394 | Snake:4  | 36394 ||| Stepping randomly (stuck).
 36395 | Snake:4  | 36395 ||| Stepping randomly (stuck).
 36396 | Snake:4  | 36396 ||| Stepping randomly (stuck).
 36397 | Snake:4  | 36397 ||| Stepping randomly (stuck).
 36398 | Snake:4  | 36398 ||| Stepping randomly (stuck).
 36399 | Snake:4  | 36399 ||| Stepping randomly (stuck).
 36400 | Snake:4  | 36400 ||| Stepping randomly (stuck).
 36401 | Snake:4  | 36401 ||| Stepping randomly (stuck).
 36402 | Snake:4  | 36402 ||| Stepping randomly (stuck).
 36403 | Snake:4  | 36403 ||| Stepping randomly (stuck).
 36404 | Snake:4  | 36404 ||| Stepping randomly (stuck).
 36405 | Snake:4  | 36405 ||| Stepping randomly (stuck).
 36406 | Snake:4  | 36406 ||| Stepping randomly (stuck).
 36407 | Snake:4  | 36407 ||| Stepping randomly (stuck).
 36408 | Snake:4  | 36408 ||| Stepping randomly (stuck).
 36409 | Snake:4  | 36409 ||| Stepping randomly (stuck).
 36410 | Snake:4  | 36410 ||| Stepping randomly (stuck).
 36411 | Snake:4  | 36411 ||| Stepping randomly (stuck).
 36412 | Snake:4  | 36412 ||| Stepping randomly (stuck).
 36413 | Snake:4  | 36413 ||| Stepping randomly (stuck).
 36414 | Snake:4  | 36414 ||| Stepping randomly (stuck).
 36415 | Snake:4  | 36415 ||| Stepping randomly (stuck).
 36416 | Snake:4  | 36416 ||| Stepping randomly (stuck).
 36417 | Snake:4  | 36417 ||| Stepping randomly (stuck).
 36418 | Snake:4  | 36418 ||| Stepping randomly (stuck).
 36419 | Snake:4  | 36419 ||| Stepping randomly (stuck).
 36420 | Snake:4  | 36420 ||| Stepping randomly (stuck).
 36421 | Snake:4  | 36421 ||| Stepping randomly (stuck).
 36422 | Snake:4  | 36422 ||| Stepping randomly (stuck).
 36423 | Snake:4  | 36423 ||| Stepping randomly (stuck).
 36424 | Snake:4  | 36424 ||| Stepping randomly (stuck).
 36425 | Snake:4  | 36425 ||| Stepping randomly (stuck).
 36426 | Snake:4  | 36426 ||| Stepping randomly (stuck).
 36427 | Snake:4  | 36427 ||| Stepping randomly (stuck).
 36428 | Snake:4  | 36428 ||| Stepping randomly (stuck).
 36429 | Snake:4  | 36429 ||| Stepping randomly (stuck).
 36430 | Snake:4  | 36430 ||| Stepping randomly (stuck).
 36431 | Snake:4  | 36431 ||| Stepping randomly (stuck).
 36432 | Snake:4  | 36432 ||| Stepping randomly (stuck).
 36433 | Snake:4  | 36433 ||| Stepping randomly (stuck).
 36434 | Snake:4  | 36434 ||| Stepping randomly (stuck).
 36435 | Snake:4  | 36435 ||| Stepping randomly (stuck).
 36436 | Snake:4  | 36436 ||| Stepping randomly (stuck).
 36437 | Snake:4  | 36437 ||| Stepping randomly (stuck).
 36438 | Snake:4  | 36438 ||| Stepping randomly (stuck).
 36439 | Snake:4  | 36439 ||| Stepping randomly (stuck).
 36440 | Snake:4  | 36440 ||| Stepping randomly (stuck).
 36441 | Snake:4  | 36441 ||| Stepping randomly (stuck).
 36442 | Snake:4  | 36442 ||| Stepping randomly (stuck).
 36443 | Snake:4  | 36443 ||| Stepping randomly (stuck).
 36444 | Snake:4  | 36444 ||| Stepping randomly (stuck).
 36445 | Snake:4  | 36445 ||| Stepping randomly (stuck).
 36452 | Snake:4  | 36452 ||| Stepping randomly (stuck).
 36453 | Snake:4  | 36453 ||| Stepping randomly (stuck).
 36454 | Snake:4  | 36454 ||| Stepping randomly (stuck).
 36455 | Snake:4  | 36455 ||| Stepping randomly (stuck).
 36456 | Snake:4  | 36456 ||| Stepping randomly (stuck).
 36457 | Snake:4  | 36457 ||| Stepping randomly (stuck).
 36458 | Snake:4  | 36458 ||| Stepping randomly (stuck).
 36459 | Snake:4  | 36459 ||| Stepping randomly (stuck).
 36460 | Snake:4  | 36460 ||| Stepping randomly (stuck).
 36461 | Snake:4  | 36461 ||| Stepping randomly (stuck).
 36462 | Snake:4  | 36462 ||| Stepping randomly (stuck).
 36463 | Snake:4  | 36463 ||| Stepping randomly (stuck).
 36464 | Snake:4  | 36464 ||| Stepping randomly (stuck).
 36465 | Snake:4  | 36465 ||| Stepping randomly (stuck).
 36466 | Snake:4  | 36466 ||| Stepping randomly (stuck).
 36467 | Snake:4  | 36467 ||| Stepping randomly (stuck).
 36468 | Snake:4  | 36468 ||| Stepping randomly (stuck).
 36469 | Snake:4  | 36469 ||| Stepping randomly (stuck).
 36470 | Snake:4  | 36470 ||| Stepping randomly (stuck).
 36471 | Snake:4  | 36471 ||| Stepping randomly (stuck).
 36472 | Snake:4  | 36472 ||| Stepping randomly (stuck).
 36473 | Snake:4  | 36473 ||| Stepping randomly (stuck).
 36474 | Snake:4  | 36474 ||| Stepping randomly (stuck).
 36475 | Snake:4  | 36475 ||| Stepping randomly (stuck).
 36476 | Snake:4  | 36476 ||| Stepping randomly (stuck).
 36477 | Snake:4  | 36477 ||| Stepping randomly (stuck).
 36478 | Snake:4  | 36478 ||| Stepping randomly (stuck).
 36479 | Snake:4  | 36479 ||| Stepping randomly (stuck).
 36480 | Snake:4  | 36480 ||| Stepping randomly (stuck).
 36481 | Snake:4  | 36481 ||| Stepping randomly (stuck).
 36482 | Snake:4  | 36482 ||| Stepping randomly (stuck).
 36483 | Snake:4  | 36483 ||| Stepping randomly (stuck).
 36484 | Snake:4  | 36484 ||| Stepping randomly (stuck).
 36485 | Snake:4  | 36485 ||| Stepping randomly (stuck).
 36486 | Snake:4  | 36486 ||| Stepping randomly (stuck).
 36487 | Snake:4  | 36487 ||| Stepping randomly (stuck).
 36488 | Snake:4  | 36488 ||| Stepping randomly (stuck).
 36489 | Snake:4  | 36489 ||| Stepping randomly (stuck).
 36490 | Snake:4  | 36490 ||| Stepping randomly (stuck).
 36491 | Snake:4  | 36491 ||| Stepping randomly (stuck).
 36492 | Snake:4  | 36492 ||| Stepping randomly (stuck).
 36493 | Snake:4  | 36493 ||| Stepping randomly (stuck).
 36494 | Snake:4  | 36494 ||| Stepping randomly (stuck).
 36495 | Snake:4  | 36495 ||| Stepping randomly (stuck).
 36496 | Snake:4  | 36496 ||| Stepping randomly (stuck).
 36497 | Snake:4  | 36497 ||| Stepping randomly (stuck).
 36498 | Snake:4  | 36498 ||| Stepping randomly (stuck).
 36499 | Snake:4  | 36499 ||| Stepping randomly (stuck).
 36500 | Snake:4  | 36500 ||| Stepping randomly (stuck).
 36501 | Snake:4  | 36501 ||| Stepping randomly (stuck).
 36502 | Snake:4  | 36502 ||| Stepping randomly (stuck).
 36503 | Snake:4  | 36503 ||| Stepping randomly (stuck).
 36504 | Snake:4  | 36504 ||| Stepping randomly (stuck).
 36505 | Snake:4  | 36505 ||| Stepping randomly (stuck).
 36506 | Snake:4  | 36506 ||| Stepping randomly (stuck).
 36507 | Snake:4  | 36507 ||| Stepping randomly (stuck).
 36508 | Snake:4  | 36508 ||| Stepping randomly (stuck).
 36509 | Snake:4  | 36509 ||| Stepping randomly (stuck).
 36510 | Snake:4  | 36510 ||| Stepping randomly (stuck).
 36511 | Snake:4  | 36511 ||| Stepping randomly (stuck).
 36512 | Snake:4  | 36512 ||| Stepping randomly (stuck).
 36513 | Snake:4  | 36513 ||| Stepping randomly (stuck).
 36514 | Snake:4  | 36514 ||| Stepping randomly (stuck).
 36515 | Snake:4  | 36515 ||| Stepping randomly (stuck).
 36516 | Snake:4  | 36516 ||| Stepping randomly (stuck).
 36517 | Snake:4  | 36517 ||| Stepping randomly (stuck).
 36518 | Snake:4  | 36518 ||| Stepping randomly (stuck).
 36529 | Snake:4  | 36529 ||| Stepping randomly (stuck).
 36530 | Snake:4  | 36530 ||| Stepping randomly (stuck).
 36531 | Snake:4  | 36531 ||| Stepping randomly (stuck).
 36532 | Snake:4  | 36532 ||| Stepping randomly (stuck).
 36533 | Snake:4  | 36533 ||| Stepping randomly (stuck).
 36534 | Snake:4  | 36534 ||| Stepping randomly (stuck).
 36535 | Snake:4  | 36535 ||| Stepping randomly (stuck).
 36536 | Snake:4  | 36536 ||| Stepping randomly (stuck).
 36537 | Snake:4  | 36537 ||| Stepping randomly (stuck).
 36538 | Snake:4  | 36538 ||| Stepping randomly (stuck).
 36539 | Snake:4  | 36539 ||| Stepping randomly (stuck).
 36540 | Snake:4  | 36540 ||| Stepping randomly (stuck).
 36541 | Snake:4  | 36541 ||| Stepping randomly (stuck).
 36542 | Snake:4  | 36542 ||| Stepping randomly (stuck).
 36543 | Snake:4  | 36543 ||| Stepping randomly (stuck).
 36544 | Snake:4  | 36544 ||| Stepping randomly (stuck).
 36545 | Snake:4  | 36545 ||| Stepping randomly (stuck).
 36546 | Snake:4  | 36546 ||| Stepping randomly (stuck).
 36547 | Snake:4  | 36547 ||| Stepping randomly (stuck).
 36548 | Snake:4  | 36548 ||| Stepping randomly (stuck).
 36549 | Snake:4  | 36549 ||| Stepping randomly (stuck).
 36550 | Snake:4  | 36550 ||| Stepping randomly (stuck).
 36551 | Snake:4  | 36551 ||| Stepping randomly (stuck).
 36552 | Snake:4  | 36552 ||| Stepping randomly (stuck).
 36553 | Snake:4  | 36553 ||| Stepping randomly (stuck).
 36554 | Snake:4  | 36554 ||| Stepping randomly (stuck).
 36555 | Snake:4  | 36555 ||| Stepping randomly (stuck).
 36556 | Snake:4  | 36556 ||| Stepping randomly (stuck).
 36557 | Snake:4  | 36557 ||| Stepping randomly (stuck).
 36558 | Snake:4  | 36558 ||| Stepping randomly (stuck).
 36559 | Snake:4  | 36559 ||| Stepping randomly (stuck).
 36560 | Snake:4  | 36560 ||| Stepping randomly (stuck).
 36561 | Snake:4  | 36561 ||| Stepping randomly (stuck).
 36562 | Snake:4  | 36562 ||| Stepping randomly (stuck).
 36563 | Snake:4  | 36563 ||| Stepping randomly (stuck).
 36564 | Snake:4  | 36564 ||| Stepping randomly (stuck).
 36565 | Snake:4  | 36565 ||| Stepping randomly (stuck).
 36566 | Snake:4  | 36566 ||| Stepping randomly (stuck).
 36567 | Snake:4  | 36567 ||| Stepping randomly (stuck).
 36568 | Snake:4  | 36568 ||| Stepping randomly (stuck).
 36569 | Snake:4  | 36569 ||| Stepping randomly (stuck).
 36570 | Snake:4  | 36570 ||| Stepping randomly (stuck).
 36571 | Snake:4  | 36571 ||| Stepping randomly (stuck).
 36572 | Snake:4  | 36572 ||| Stepping randomly (stuck).
 36573 | Snake:4  | 36573 ||| Stepping randomly (stuck).
 36574 | Snake:4  | 36574 ||| Stepping randomly (stuck).
 36575 | Snake:4  | 36575 ||| Stepping randomly (stuck).
 36576 | Snake:4  | 36576 ||| Stepping randomly (stuck).
 36577 | Snake:4  | 36577 ||| Stepping randomly (stuck).
 36578 | Snake:4  | 36578 ||| Stepping randomly (stuck).
 36579 | Snake:4  | 36579 ||| Stepping randomly (stuck).
 36580 | Snake:4  | 36580 ||| Stepping randomly (stuck).
 36581 | Snake:4  | 36581 ||| Stepping randomly (stuck).
 36582 | Snake:4  | 36582 ||| Stepping randomly (stuck).
 36583 | Snake:4  | 36583 ||| Stepping randomly (stuck).
 36584 | Snake:4  | 36584 ||| Stepping randomly (stuck).
 36585 | Snake:4  | 36585 ||| Stepping randomly (stuck).
 36586 | Snake:4  | 36586 ||| Stepping randomly (stuck).
 36587 | Snake:4  | 36587 ||| Stepping randomly (stuck).
 36588 | Snake:4  | 36588 ||| Stepping randomly (stuck).
 36589 | Snake:4  | 36589 ||| Stepping randomly (stuck).
 36590 | Snake:4  | 36590 ||| Stepping randomly (stuck).
 36591 | Snake:4  | 36591 ||| Stepping randomly (stuck).
 36592 | Snake:4  | 36592 ||| Stepping randomly (stuck).
 36593 | Snake:4  | 36593 ||| Stepping randomly (stuck).
 36594 | Snake:4  | 36594 ||| Stepping randomly (stuck).
 36595 | Snake:4  | 36595 ||| Stepping randomly (stuck).
 36596 | Snake:4  | 36596 ||| Stepping randomly (stuck).
 36597 | Snake:4  | 36597 ||| Stepping randomly (stuck).
 36598 | Snake:4  | 36598 ||| Stepping randomly (stuck).
 36599 | Snake:4  | 36599 ||| Stepping randomly (stuck).
 36600 | Snake:4  | 36600 ||| Stepping randomly (stuck).
 36601 | Snake:4  | 36601 ||| Stepping randomly (stuck).
 36602 | Snake:4  | 36602 ||| Stepping randomly (stuck).
 36603 | Snake:4  | 36603 ||| Stepping randomly (stuck).
 36604 | Snake:4  | 36604 ||| Stepping randomly (stuck).
 36605 | Snake:4  | 36605 ||| Stepping randomly (stuck).
 36606 | Snake:4  | 36606 ||| Stepping randomly (stuck).
 36607 | Snake:4  | 36607 ||| Stepping randomly (stuck).
 36608 | Snake:4  | 36608 ||| Stepping randomly (stuck).
 36609 | Snake:4  | 36609 ||| Stepping randomly (stuck).
 36610 | Snake:4  | 36610 ||| Stepping randomly (stuck).
 36611 | Snake:4  | 36611 ||| Stepping randomly (stuck).
 36612 | Snake:4  | 36612 ||| Stepping randomly (stuck).
 36613 | Snake:4  | 36613 ||| Stepping randomly (stuck).
 36614 | Snake:4  | 36614 ||| Stepping randomly (stuck).
 36615 | Snake:4  | 36615 ||| Stepping randomly (stuck).
 36616 | Snake:4  | 36616 ||| Stepping randomly (stuck).
 36617 | Snake:4  | 36617 ||| Stepping randomly (stuck).
 36618 | Snake:4  | 36618 ||| Stepping randomly (stuck).
 36619 | Snake:4  | 36619 ||| Stepping randomly (stuck).
 36620 | Snake:4  | 36620 ||| Stepping randomly (stuck).
 36621 | Snake:4  | 36621 ||| Stepping randomly (stuck).
 36622 | Snake:4  | 36622 ||| Stepping randomly (stuck).
 36623 | Snake:4  | 36623 ||| Stepping randomly (stuck).
 36624 | Snake:4  | 36624 ||| Stepping randomly (stuck).
 36625 | Snake:4  | 36625 ||| Stepping randomly (stuck).
 36626 | Snake:4  | 36626 ||| Stepping randomly (stuck).
 36627 | Snake:4  | 36627 ||| Stepping randomly (stuck).
 36628 | Snake:4  | 36628 ||| Stepping randomly (stuck).
 36629 | Snake:4  | 36629 ||| Stepping randomly (stuck).
 36630 | Snake:4  | 36630 ||| Stepping randomly (stuck).
 36631 | Snake:4  | 36631 ||| Stepping randomly (stuck).
 36632 | Snake:4  | 36632 ||| Stepping randomly (stuck).
 36633 | Snake:4  | 36633 ||| Stepping randomly (stuck).
 36634 | Snake:4  | 36634 ||| Stepping randomly (stuck).
 36635 | Snake:4  | 36635 ||| Stepping randomly (stuck).
 36636 | Snake:4  | 36636 ||| Stepping randomly (stuck).
 36637 | Snake:4  | 36637 ||| Stepping randomly (stuck).
 36638 | Snake:4  | 36638 ||| Stepping randomly (stuck).
 36639 | Snake:4  | 36639 ||| Stepping randomly (stuck).
 36640 | Snake:4  | 36640 ||| Stepping randomly (stuck).
 36641 | Snake:4  | 36641 ||| Stepping randomly (stuck).
 36642 | Snake:4  | 36642 ||| Stepping randomly (stuck).
 36643 | Snake:4  | 36643 ||| Stepping randomly (stuck).
 36644 | Snake:4  | 36644 ||| Stepping randomly (stuck).
 36645 | Snake:4  | 36645 ||| Stepping randomly (stuck).
 36646 | Snake:4  | 36646 ||| Stepping randomly (stuck).
 36647 | Snake:4  | 36647 ||| Stepping randomly (stuck).
 36648 | Snake:4  | 36648 ||| Stepping randomly (stuck).
 36649 | Snake:4  | 36649 ||| Stepping randomly (stuck).
 36650 | Snake:4  | 36650 ||| Stepping randomly (stuck).
 36651 | Snake:4  | 36651 ||| Stepping randomly (stuck).
 36652 | Snake:4  | 36652 ||| Stepping randomly (stuck).
 36653 | Snake:4  | 36653 ||| Stepping randomly (stuck).
 36654 | Snake:4  | 36654 ||| Stepping randomly (stuck).
 36655 | Snake:4  | 36655 ||| Stepping randomly (stuck).
 36656 | Snake:4  | 36656 ||| Stepping randomly (stuck).
 36657 | Snake:4  | 36657 ||| Stepping randomly (stuck).
 36658 | Snake:4  | 36658 ||| Stepping randomly (stuck).
 36659 | Snake:4  | 36659 ||| Stepping randomly (stuck).
 36660 | Snake:4  | 36660 ||| Stepping randomly (stuck).
 36661 | Snake:4  | 36661 ||| Stepping randomly (stuck).
 36662 | Snake:4  | 36662 ||| Stepping randomly (stuck).
 36663 | Snake:4  | 36663 ||| Stepping randomly (stuck).
 36664 | Snake:4  | 36664 ||| Stepping randomly (stuck).
 36665 | Snake:4  | 36665 ||| Stepping randomly (stuck).
 36666 | Snake:4  | 36666 ||| Stepping randomly (stuck).
 36667 | Snake:4  | 36667 ||| Stepping randomly (stuck).
 36668 | Snake:4  | 36668 ||| Stepping randomly (stuck).
 36669 | Snake:4  | 36669 ||| Stepping randomly (stuck).
 36670 | Snake:4  | 36670 ||| Stepping randomly (stuck).
 36671 | Snake:4  | 36671 ||| Stepping randomly (stuck).
 36672 | Snake:4  | 36672 ||| Stepping randomly (stuck).
 36673 | Snake:4  | 36673 ||| Stepping randomly (stuck).
 36674 | Snake:4  | 36674 ||| Stepping randomly (stuck).
 36675 | Snake:4  | 36675 ||| Stepping randomly (stuck).
 36676 | Snake:4  | 36676 ||| Stepping randomly (stuck).
 36677 | Snake:4  | 36677 ||| Stepping randomly (stuck).
 36678 | Snake:4  | 36678 ||| Stepping randomly (stuck).
 36679 | Snake:4  | 36679 ||| Stepping randomly (stuck).
 36680 | Snake:4  | 36680 ||| Stepping randomly (stuck).
 36681 | Snake:4  | 36681 ||| Stepping randomly (stuck).
 36682 | Snake:4  | 36682 ||| Stepping randomly (stuck).
 36683 | Snake:4  | 36683 ||| Stepping randomly (stuck).
 36684 | Snake:4  | 36684 ||| Stepping randomly (stuck).
 36685 | Snake:4  | 36685 ||| Stepping randomly (stuck).
 36686 | Snake:4  | 36686 ||| Stepping randomly (stuck).
 36687 | Snake:4  | 36687 ||| Stepping randomly (stuck).
 36688 | Snake:4  | 36688 ||| Stepping randomly (stuck).
 36689 | Snake:4  | 36689 ||| Stepping randomly (stuck).
 36690 | Snake:4  | 36690 ||| Stepping randomly (stuck).
 36691 | Snake:4  | 36691 ||| Stepping randomly (stuck).
 36692 | Snake:4  | 36692 ||| Stepping randomly (stuck).
 36693 | Snake:4  | 36693 ||| Stepping randomly (stuck).
 36694 | Snake:4  | 36694 ||| Stepping randomly (stuck).
 36695 | Snake:4  | 36695 ||| Stepping randomly (stuck).
 36696 | Snake:4  | 36696 ||| Stepping randomly (stuck).
 36697 | Snake:4  | 36697 ||| Stepping randomly (stuck).
 36698 | Snake:4  | 36698 ||| Stepping randomly (stuck).
 36699 | Snake:4  | 36699 ||| Stepping randomly (stuck).
 36700 | Snake:4  | 36700 ||| Stepping randomly (stuck).
 36701 | Snake:4  | 36701 ||| Stepping randomly (stuck).
 36702 | Snake:4  | 36702 ||| Stepping randomly (stuck).
 36703 | Snake:4  | 36703 ||| Stepping randomly (stuck).
 36704 | Snake:4  | 36704 ||| Stepping randomly (stuck).
 36705 | Snake:4  | 36705 ||| Stepping randomly (stuck).
 36706 | Snake:4  | 36706 ||| Stepping randomly (stuck).
 36707 | Snake:4  | 36707 ||| Stepping randomly (stuck).
 36708 | Snake:4  | 36708 ||| Stepping randomly (stuck).
 36709 | Snake:4  | 36709 ||| Stepping randomly (stuck).
 36710 | Snake:4  | 36710 ||| Stepping randomly (stuck).
 36711 | Snake:4  | 36711 ||| Stepping randomly (stuck).
 36712 | Snake:4  | 36712 ||| Stepping randomly (stuck).
 36713 | Snake:4  | 36713 ||| Stepping randomly (stuck).
 36714 | Snake:4  | 36714 ||| Stepping randomly (stuck).
 36715 | Snake:4  | 36715 ||| Stepping randomly (stuck).
 36716 | Snake:4  | 36716 ||| Stepping randomly (stuck).
 36717 | Snake:4  | 36717 ||| Stepping randomly (stuck).
 36718 | Snake:4  | 36718 ||| Stepping randomly (stuck).
 36719 | Snake:4  | 36719 ||| Stepping randomly (stuck).
 36720 | Snake:4  | 36720 ||| Stepping randomly (stuck).
 36721 | Snake:4  | 36721 ||| Stepping randomly (stuck).
 36722 | Snake:4  | 36722 ||| Stepping randomly (stuck).
 36723 | Snake:4  | 36723 ||| Stepping randomly (stuck).
 36724 | Snake:4  | 36724 ||| Stepping randomly (stuck).
 36725 | Snake:4  | 36725 ||| Stepping randomly (stuck).
 36726 | Snake:4  | 36726 ||| Stepping randomly (stuck).
 36727 | Snake:4  | 36727 ||| Stepping randomly (stuck).
 36728 | Snake:4  | 36728 ||| Stepping randomly (stuck).
 36729 | Snake:4  | 36729 ||| Stepping randomly (stuck).
 36730 | Snake:4  | 36730 ||| Stepping randomly (stuck).
 36731 | Snake:4  | 36731 ||| Stepping randomly (stuck).
 36732 | Snake:4  | 36732 ||| Stepping randomly (stuck).
 36733 | Snake:4  | 36733 ||| Stepping randomly (stuck).
 36734 | Snake:4  | 36734 ||| Stepping randomly (stuck).
 36735 | Snake:4  | 36735 ||| Stepping randomly (stuck).
 36736 | Snake:4  | 36736 ||| Stepping randomly (stuck).
 36737 | Snake:4  | 36737 ||| Stepping randomly (stuck).
 36738 | Snake:4  | 36738 ||| Stepping randomly (stuck).
 36739 | Snake:4  | 36739 ||| Stepping randomly (stuck).
 36740 | Snake:4  | 36740 ||| Stepping randomly (stuck).
 36741 | Snake:4  | 36741 ||| Stepping randomly (stuck).
 36742 | Snake:4  | 36742 ||| Stepping randomly (stuck).
 36743 | Snake:4  | 36743 ||| Stepping randomly (stuck).
 36744 | Snake:4  | 36744 ||| Stepping randomly (stuck).
 36745 | Snake:4  | 36745 ||| Stepping randomly (stuck).
 36746 | Snake:4  | 36746 ||| Stepping randomly (stuck).
 36747 | Snake:4  | 36747 ||| Stepping randomly (stuck).
 36748 | Snake:4  | 36748 ||| Stepping randomly (stuck).
 36749 | Snake:4  | 36749 ||| Stepping randomly (stuck).
 36750 | Snake:4  | 36750 ||| Stepping randomly (stuck).
 36751 | Snake:4  | 36751 ||| Stepping randomly (stuck).
 36752 | Snake:4  | 36752 ||| Stepping randomly (stuck).
 36753 | Snake:4  | 36753 ||| Stepping randomly (stuck).
 36754 | Snake:4  | 36754 ||| Stepping randomly (stuck).
 36755 | Snake:4  | 36755 ||| Stepping randomly (stuck).
 36756 | Snake:4  | 36756 ||| Stepping randomly (stuck).
 36757 | Snake:4  | 36757 ||| Stepping randomly (stuck).
 36758 | Snake:4  | 36758 ||| Stepping randomly (stuck).
 36759 | Snake:4  | 36759 ||| Stepping randomly (stuck).
 36760 | Snake:4  | 36760 ||| Stepping randomly (stuck).
 36761 | Snake:4  | 36761 ||| Stepping randomly (stuck).
 36762 | Snake:4  | 36762 ||| Stepping randomly (stuck).
 36763 | Snake:4  | 36763 ||| Stepping randomly (stuck).
 36764 | Snake:4  | 36764 ||| Stepping randomly (stuck).
 36765 | Snake:4  | 36765 ||| Stepping randomly (stuck).
 36766 | Snake:4  | 36766 ||| Stepping randomly (stuck).
 36767 | Snake:4  | 36767 ||| Stepping randomly (stuck).
 36768 | Snake:4  | 36768 ||| Stepping randomly (stuck).
 36769 | Snake:4  | 36769 ||| Stepping randomly (stuck).
 36770 | Snake:4  | 36770 ||| Stepping randomly (stuck).
 36771 | Snake:4  | 36771 ||| Stepping randomly (stuck).
 36772 | Snake:4  | 36772 ||| Stepping randomly (stuck).
 36773 | Snake:4  | 36773 ||| Stepping randomly (stuck).
 36774 | Snake:4  | 36774 ||| Stepping randomly (stuck).
 36775 | Snake:4  | 36775 ||| Stepping randomly (stuck).
 36776 | Snake:4  | 36776 ||| Stepping randomly (stuck).
 36777 | Snake:4  | 36777 ||| Stepping randomly (stuck).
 36778 | Snake:4  | 36778 ||| Stepping randomly (stuck).
 36779 | Snake:4  | 36779 ||| Stepping randomly (stuck).
 36780 | Snake:4  | 36780 ||| Stepping randomly (stuck).
 36781 | Snake:4  | 36781 ||| Stepping randomly (stuck).
 36782 | Snake:4  | 36782 ||| Stepping randomly (stuck).
 36783 | Snake:4  | 36783 ||| Stepping randomly (stuck).
 36784 | Snake:4  | 36784 ||| Stepping randomly (stuck).
 36785 | Snake:4  | 36785 ||| Stepping randomly (stuck).
 36786 | Snake:4  | 36786 ||| Stepping randomly (stuck).
 36787 | Snake:4  | 36787 ||| Stepping randomly (stuck).
 36788 | Snake:4  | 36788 ||| Stepping randomly (stuck).
 36789 | Snake:4  | 36789 ||| Stepping randomly (stuck).
 36790 | Snake:4  | 36790 ||| Stepping randomly (stuck).
 36791 | Snake:4  | 36791 ||| Stepping randomly (stuck).
 36792 | Snake:4  | 36792 ||| Stepping randomly (stuck).
 36793 | Snake:4  | 36793 ||| Stepping randomly (stuck).
 36794 | Snake:4  | 36794 ||| Stepping randomly (stuck).
 36795 | Snake:4  | 36795 ||| Stepping randomly (stuck).
 36796 | Snake:4  | 36796 ||| Stepping randomly (stuck).
 36797 | Snake:4  | 36797 ||| Stepping randomly (stuck).
 36798 | Snake:4  | 36798 ||| Stepping randomly (stuck).
 36799 | Snake:4  | 36799 ||| Stepping randomly (stuck).
 36800 | Snake:4  | 36800 ||| Stepping randomly (stuck).
 36801 | Snake:4  | 36801 ||| Stepping randomly (stuck).
 36802 | Snake:4  | 36802 ||| Stepping randomly (stuck).
 36803 | Snake:4  | 36803 ||| Stepping randomly (stuck).
 36804 | Snake:4  | 36804 ||| Stepping randomly (stuck).
 36805 | Snake:4  | 36805 ||| Stepping randomly (stuck).
 36806 | Snake:4  | 36806 ||| Stepping randomly (stuck).
 36807 | Snake:4  | 36807 ||| Stepping randomly (stuck).
 36808 | Snake:4  | 36808 ||| Stepping randomly (stuck).
 36809 | Snake:4  | 36809 ||| Stepping randomly (stuck).
 36810 | Snake:4  | 36810 ||| Stepping randomly (stuck).
 36811 | Snake:4  | 36811 ||| Stepping randomly (stuck).
 36812 | Snake:4  | 36812 ||| Stepping randomly (stuck).
 36813 | Snake:4  | 36813 ||| Stepping randomly (stuck).
 36814 | Snake:4  | 36814 ||| Stepping randomly (stuck).
 36815 | Snake:4  | 36815 ||| Stepping randomly (stuck).
 36816 | Snake:4  | 36816 ||| Stepping randomly (stuck).
 36817 | Snake:4  | 36817 ||| Stepping randomly (stuck).
 36818 | Snake:4  | 36818 ||| Stepping randomly (stuck).
 36819 | Snake:4  | 36819 ||| Stepping randomly (stuck).
 36820 | Snake:4  | 36820 ||| Stepping randomly (stuck).
 36821 | Snake:4  | 36821 ||| Stepping randomly (stuck).
 36822 | Snake:4  | 36822 ||| Stepping randomly (stuck).
 36823 | Snake:4  | 36823 ||| Stepping randomly (stuck).
 36824 | Snake:4  | 36824 ||| Stepping randomly (stuck).
 36825 | Snake:4  | 36825 ||| Stepping ~*~*~tactically~*~*~ (stealth).
 36826 | Snake:4  | 36826 ||| Stepping randomly (stuck).
 36827 | Snake:4  | 36827 ||| Stepping randomly (stuck).
 36828 | Snake:4  | 36828 ||| Stepping randomly (stuck).
 36838 | Snake:4  | 36838 ||| Stepping randomly (stuck).
 36839 | Snake:4  | 36839 ||| Stepping randomly (stuck).
 36840 | Snake:4  | 36840 ||| Stepping randomly (stuck).
 36841 | Snake:4  | 36841 ||| Stepping randomly (stuck).
 36842 | Snake:4  | 36842 ||| Stepping randomly (stuck).
 36843 | Snake:4  | 36843 ||| Stepping randomly (stuck).
 36844 | Snake:4  | 36844 ||| Stepping randomly (stuck).
 36845 | Snake:4  | 36845 ||| Stepping randomly (stuck).
 36846 | Snake:4  | 36846 ||| Stepping randomly (stuck).
 36847 | Snake:4  | 36847 ||| Stepping randomly (stuck).
 36848 | Snake:4  | 36848 ||| Stepping randomly (stuck).
 36849 | Snake:4  | 36849 ||| Stepping randomly (stuck).
 36850 | Snake:4  | 36850 ||| Stepping randomly (stuck).
 36851 | Snake:4  | 36851 ||| Stepping randomly (stuck).
 36852 | Snake:4  | 36852 ||| Stepping randomly (stuck).
 36853 | Snake:4  | 36853 ||| Stepping randomly (stuck).
 36854 | Snake:4  | 36854 ||| Stepping randomly (stuck).
 36855 | Snake:4  | 36855 ||| Stepping randomly (stuck).
 36856 | Snake:4  | 36856 ||| Stepping randomly (stuck).
 36857 | Snake:4  | 36857 ||| Stepping randomly (stuck).
 36858 | Snake:4  | 36858 ||| Stepping randomly (stuck).
 36859 | Snake:4  | 36859 ||| Stepping randomly (stuck).
 36860 | Snake:4  | 36860 ||| Stepping randomly (stuck).
 36861 | Snake:4  | 36861 ||| Stepping randomly (stuck).
 36862 | Snake:4  | 36862 ||| Stepping randomly (stuck).
 36863 | Snake:4  | 36863 ||| Stepping randomly (stuck).
 36864 | Snake:4  | 36864 ||| Stepping randomly (stuck).
 36865 | Snake:4  | 36865 ||| Stepping randomly (stuck).
 36866 | Snake:4  | 36866 ||| Stepping randomly (stuck).
 36867 | Snake:4  | 36867 ||| Stepping randomly (stuck).
 36868 | Snake:4  | 36868 ||| Stepping randomly (stuck).
 36869 | Snake:4  | 36869 ||| Stepping randomly (stuck).
 36870 | Snake:4  | 36870 ||| Stepping randomly (stuck).
 36871 | Snake:4  | 36871 ||| Stepping randomly (stuck).
 36872 | Snake:4  | 36872 ||| Stepping randomly (stuck).
 36873 | Snake:4  | 36873 ||| Stepping randomly (stuck).
 36874 | Snake:4  | 36874 ||| Stepping randomly (stuck).
 36875 | Snake:4  | 36875 ||| Stepping randomly (stuck).
 36876 | Snake:4  | 36876 ||| Stepping randomly (stuck).
 36877 | Snake:4  | 36877 ||| Stepping randomly (stuck).
 36878 | Snake:4  | 36878 ||| Stepping randomly (stuck).
 36879 | Snake:4  | 36879 ||| Stepping randomly (stuck).
 36880 | Snake:4  | 36880 ||| Stepping randomly (stuck).
 36881 | Snake:4  | 36881 ||| Stepping randomly (stuck).
 36882 | Snake:4  | 36882 ||| Stepping randomly (stuck).
 36883 | Snake:4  | 36883 ||| Stepping randomly (stuck).
 36884 | Snake:4  | 36884 ||| Stepping randomly (stuck).
 36885 | Snake:4  | 36885 ||| Stepping randomly (stuck).
 36886 | Snake:4  | 36886 ||| Stepping randomly (stuck).
 36887 | Snake:4  | 36887 ||| Stepping randomly (stuck).
 36888 | Snake:4  | 36888 ||| Stepping randomly (stuck).
 36889 | Snake:4  | 36889 ||| Stepping randomly (stuck).
 36890 | Snake:4  | 36890 ||| Stepping randomly (stuck).
 36891 | Snake:4  | 36891 ||| Stepping randomly (stuck).
 36892 | Snake:4  | 36892 ||| Stepping randomly (stuck).
 36893 | Snake:4  | 36893 ||| Stepping randomly (stuck).
 36894 | Snake:4  | 36894 ||| Stepping randomly (stuck).
 36895 | Snake:4  | 36895 ||| Stepping randomly (stuck).
 36896 | Snake:4  | 36896 ||| Stepping randomly (stuck).
 36897 | Snake:4  | 36897 ||| Stepping randomly (stuck).
 36898 | Snake:4  | 36898 ||| Stepping randomly (stuck).
 36899 | Snake:4  | 36899 ||| Stepping randomly (stuck).
 36900 | Snake:4  | 36900 ||| Stepping randomly (stuck).
 36901 | Snake:4  | 36901 ||| Stepping randomly (stuck).
 36902 | Snake:4  | 36902 ||| Stepping randomly (stuck).
 36903 | Snake:4  | 36903 ||| Stepping randomly (stuck).
 36904 | Snake:4  | 36904 ||| Stepping randomly (stuck).
 36905 | Snake:4  | 36905 ||| Stepping randomly (stuck).
 36906 | Snake:4  | 36906 ||| Stepping randomly (stuck).
 36907 | Snake:4  | 36907 ||| Stepping randomly (stuck).
 36908 | Snake:4  | 36908 ||| Stepping randomly (stuck).
 36909 | Snake:4  | 36909 ||| Stepping randomly (stuck).
 36910 | Snake:4  | 36910 ||| Stepping randomly (stuck).
 36911 | Snake:4  | 36911 ||| Stepping randomly (stuck).
 36912 | Snake:4  | 36912 ||| Stepping randomly (stuck).
 36913 | Snake:4  | 36913 ||| Stepping randomly (stuck).
 36914 | Snake:4  | 36914 ||| Stepping randomly (stuck).
 36915 | Snake:4  | 36915 ||| Stepping randomly (stuck).
 36916 | Snake:4  | 36916 ||| Stepping randomly (stuck).
 36917 | Snake:4  | 36917 ||| Stepping randomly (stuck).
 36918 | Snake:4  | 36918 ||| Stepping randomly (stuck).
 36919 | Snake:4  | 36919 ||| Stepping randomly (stuck).
 36920 | Snake:4  | 36920 ||| Stepping randomly (stuck).
 36921 | Snake:4  | 36921 ||| Stepping randomly (stuck).
 36922 | Snake:4  | 36922 ||| Stepping randomly (stuck).
 36923 | Snake:4  | 36923 ||| Stepping randomly (stuck).
 36924 | Snake:4  | 36924 ||| Stepping randomly (stuck).
 36925 | Snake:4  | 36925 ||| Stepping randomly (stuck).
 36926 | Snake:4  | 36926 ||| Stepping randomly (stuck).
 36927 | Snake:4  | 36927 ||| Stepping randomly (stuck).
 36928 | Snake:4  | 36928 ||| Stepping randomly (stuck).
 36929 | Snake:4  | 36929 ||| Stepping randomly (stuck).
 36930 | Snake:4  | 36930 ||| Stepping randomly (stuck).
 36931 | Snake:4  | 36931 ||| Stepping randomly (stuck).
 36932 | Snake:4  | 36932 ||| Stepping randomly (stuck).
 36933 | Snake:4  | 36933 ||| Stepping randomly (stuck).
 36934 | Snake:4  | 36934 ||| Stepping randomly (stuck).
 36935 | Snake:4  | 36935 ||| Stepping randomly (stuck).
 36936 | Snake:4  | 36936 ||| Stepping randomly (stuck).
 36937 | Snake:4  | 36937 ||| Stepping randomly (stuck).
 36938 | Snake:4  | 36938 ||| Stepping randomly (stuck).
 36939 | Snake:4  | 36939 ||| Stepping randomly (stuck).
 36940 | Snake:4  | 36940 ||| Stepping randomly (stuck).
 36941 | Snake:4  | 36941 ||| Stepping randomly (stuck).
 36942 | Snake:4  | 36942 ||| Stepping randomly (stuck).
 36943 | Snake:4  | 36943 ||| Stepping randomly (stuck).
 36944 | Snake:4  | 36944 ||| Stepping randomly (stuck).
 36945 | Snake:4  | 36945 ||| Stepping randomly (stuck).
 36946 | Snake:4  | 36946 ||| Stepping randomly (stuck).
 36947 | Snake:4  | 36947 ||| Stepping randomly (stuck).
 36948 | Snake:4  | 36948 ||| Stepping randomly (stuck).
 36949 | Snake:4  | 36949 ||| Stepping randomly (stuck).
 36950 | Snake:4  | 36950 ||| Stepping randomly (stuck).
 36951 | Snake:4  | 36951 ||| Stepping randomly (stuck).
 36952 | Snake:4  | 36952 ||| Stepping randomly (stuck).
 36953 | Snake:4  | 36953 ||| Stepping randomly (stuck).
 36954 | Snake:4  | 36954 ||| Stepping randomly (stuck).
 36955 | Snake:4  | 36955 ||| Stepping randomly (stuck).
 36956 | Snake:4  | 36956 ||| Stepping randomly (stuck).
 36957 | Snake:4  | 36957 ||| Stepping randomly (stuck).
 36958 | Snake:4  | 36958 ||| Stepping randomly (stuck).
 36959 | Snake:4  | 36959 ||| Stepping randomly (stuck).
 36960 | Snake:4  | 36960 ||| Stepping randomly (stuck).
 36961 | Snake:4  | 36961 ||| Stepping randomly (stuck).
 36962 | Snake:4  | 36962 ||| Stepping randomly (stuck).
 36963 | Snake:4  | 36963 ||| Stepping randomly (stuck).
 36964 | Snake:4  | 36964 ||| Stepping randomly (stuck).
 36965 | Snake:4  | 36965 ||| Stepping randomly (stuck).
 36966 | Snake:4  | 36966 ||| Stepping randomly (stuck).
 36967 | Snake:4  | 36967 ||| Stepping randomly (stuck).
 36968 | Snake:4  | 36968 ||| Stepping randomly (stuck).
 36969 | Snake:4  | 36969 ||| Stepping randomly (stuck).
 36970 | Snake:4  | 36970 ||| Stepping randomly (stuck).
 36971 | Snake:4  | 36971 ||| Stepping randomly (stuck).
 36972 | Snake:4  | 36972 ||| Stepping randomly (stuck).
 36973 | Snake:4  | 36973 ||| Stepping randomly (stuck).
 36974 | Snake:4  | 36974 ||| Stepping randomly (stuck).
 36975 | Snake:4  | 36975 ||| Stepping randomly (stuck).
 36976 | Snake:4  | 36976 ||| Stepping randomly (stuck).
 36977 | Snake:4  | 36977 ||| PLANNING BAZAAR
 36977 | Snake:4  | 36977 ||| Stepping randomly (stuck).
 36978 | Snake:4  | 36978 ||| Stepping randomly (stuck).
 36979 | Snake:4  | 36979 ||| Stepping randomly (stuck).
 36980 | Snake:4  | 36980 ||| Stepping randomly (stuck).
 36981 | Snake:4  | 36981 ||| Stepping randomly (stuck).
 36982 | Snake:4  | 36982 ||| Stepping randomly (stuck).
 36983 | Snake:4  | 36983 ||| Stepping randomly (stuck).
 36984 | Snake:4  | 36984 ||| Stepping randomly (stuck).
 36985 | Snake:4  | 36985 ||| Stepping randomly (stuck).
 36986 | Snake:4  | 36986 ||| Stepping randomly (stuck).
 36987 | Snake:4  | 36987 ||| Stepping randomly (stuck).
 36988 | Snake:4  | 36988 ||| Stepping randomly (stuck).
 36989 | Snake:4  | 36989 ||| Stepping randomly (stuck).
 36990 | Snake:4  | 36990 ||| Stepping randomly (stuck).
 36991 | Snake:4  | 36991 ||| Stepping randomly (stuck).
 36992 | Snake:4  | 36992 ||| Stepping randomly (stuck).
 36993 | Snake:4  | 36993 ||| Stepping randomly (stuck).
 36994 | Snake:4  | 36994 ||| PLANNING BAZAAR
 36994 | Snake:4  | 36994 ||| Stepping randomly (stuck).
 36995 | Snake:4  | 36995 ||| Stepping randomly (stuck).
 36996 | Snake:4  | 36996 ||| Stepping randomly (stuck).
 36997 | Snake:4  | Upgraded the game from 0.31-a0-210-gccc998df9b to
                  | 0.31-a0-214-gb37851dbb3
 36997 | Snake:4  | 36997 ||| PLANNING BAZAAR
 37022 | Snake:4  | 37022 ||| DRINKING potion of experience.
 37022 | Snake:4  | Reached XP level 22. HP: 149/149 MP: 29/29
 37054 | Snake:4  | 37054 ||| RIP BAZAAR
 37081 | Snake:4  | 37081 ||| PLANNING SNAKE:4
 37081 | Snake:4  | 37081 ||| Stepping ~*~*~tactically~*~*~ (hiding).
 37082 | Snake:4  | 37082 ||| Stepping ~*~*~tactically~*~*~ (stealth).
 37083 | Snake:4  | 37083 ||| Stepping ~*~*~tactically~*~*~ (stealth).
 37084 | Snake:4  | 37084 ||| Stepping ~*~*~tactically~*~*~ (stealth).
 37085 | Snake:4  | 37085 ||| Stepping ~*~*~tactically~*~*~ (stealth).
 37165 | Snake:4  | 37165 ||| Stepping ~*~*~tactically~*~*~ (hiding).
 37206 | Snake:4  | 37206 ||| Stepping ~*~*~tactically~*~*~ (hiding).
 37207 | Snake:4  | 37207 ||| Stepping ~*~*~tactically~*~*~ (hiding).
 37208 | Snake:4  | 37208 ||| Stepping ~*~*~tactically~*~*~ (hiding).
 37308 | Snake:4  | Found Uzapim's Magic Scroll Shop.
 37308 | Snake:4  | Found Hofiass's Assorted Antiques.
 37318 | Snake:4  | 37318 ||| BUYING glowing scarf (328 gold).
 37318 | Snake:4  | Bought a glowing scarf for 328 gold pieces
 37318 | Snake:4  | 37318 ||| BUYING potion of enlightenment (205 gold).
 37318 | Snake:4  | Bought a potion of enlightenment for 205 gold pieces
 37318 | Snake:4  | 37318 ||| BUYING potion of heal wounds (205 gold).
 37318 | Snake:4  | Bought a potion of heal wounds for 205 gold pieces
 37324 | Snake:4  | 37324 ||| BUYING scroll of brand weapon (161 gold).
 37324 | Snake:4  | Bought a scroll of brand weapon for 161 gold pieces
 37324 | Snake:4  | 37324 ||| BUYING scroll of enchant armour (127 gold).
 37324 | Snake:4  | Bought a scroll of enchant armour for 127 gold pieces
 37324 | Snake:4  | 37324 ||| BUYING scroll of teleportation (51 gold).
 37324 | Snake:4  | Bought a scroll of teleportation for 51 gold pieces
 37324 | Snake:4  | 37324 ||| BUYING scroll of teleportation (51 gold).
 37324 | Snake:4  | Bought a scroll of teleportation for 51 gold pieces
 37324 | Snake:4  | 37324 ||| BUYING scroll of teleportation (51 gold).
 37324 | Snake:4  | Bought a scroll of teleportation for 51 gold pieces
 37354 | Snake:4  | 37354 ||| PLANNING SNAKE:4
 37406 | Snake:4  | 37406 ||| Stepping ~*~*~tactically~*~*~ (hiding).
 37462 | Snake:4  | 37462 ||| INVOKING Heroism.
 37501 | Snake:4  | Received a gift from Okawaru
 37516 | Snake:4  | Reached skill level 20 in Fighting
 37560 | Snake:4  | Got a serpentine rune of Zot
 37726 | Snake:4  | 37726 ||| Stepping ~*~*~tactically~*~*~ (hiding).
 37728 | Snake:4  | 37728 ||| Stepping ~*~*~tactically~*~*~ (hiding).
 37820 | Snake:4  | 37820 ||| PLANNING DEPTHS
 37820 | Snake:4  | 37820 ||| DROPPING scarf of invisibility.
 38171 | Depths:1 | Entered Level 1 of the Depths
 38192 | Depths:1 | Received a gift from Okawaru
 38204 | Depths:1 | 38204 ||| DROPPING +0 broad axe of draining.
 38216 | Depths:1 | 38216 ||| Stepping ~*~*~tactically~*~*~ (hiding).
 38217 | Depths:1 | 38217 ||| Stepping ~*~*~tactically~*~*~ (hiding).
 38348 | Depths:1 | 38348 ||| INVOKING Heroism.
 38378 | Depths:1 | 38378 ||| INVOKING Finesse.
 38450 | Depths:1 | Identified the +10 dagger of the Evil Eye {drain, rF- rCorr
                  | Int+6 Dex-3}
 38502 | Depths:1 | Reached XP level 23. HP: 156/156 MP: 30/30
 38545 | Depths:1 | 38545 ||| Stepping ~*~*~tactically~*~*~ (hiding).
 38557 | Depths:1 | 38557 ||| Stepping ~*~*~tactically~*~*~ (hiding).
 38560 | Depths:1 | 38560 ||| INVOKING Heroism.
 38561 | Depths:1 | 38561 ||| INVOKING Finesse.
 38666 | Depths:1 | Noticed a juggernaut
 38667 | Depths:1 | 38667 ||| INVOKING Heroism.
 38668 | Depths:1 | 38668 ||| INVOKING Finesse.
 38684 | Depths:1 | Killed a juggernaut
 38744 | Depths:1 | Received a gift from Okawaru
 38825 | Depths:1 | 38825 ||| Stepping ~*~*~tactically~*~*~ (hiding).
 38877 | Depths:1 | 38877 ||| Stepping ~*~*~tactically~*~*~ (hiding).
 38890 | Depths:1 | Reached skill level 21 in Shields
 38890 | Depths:1 | 38890 ||| INVOKING Heroism.
 38891 | Depths:1 | 38891 ||| INVOKING Finesse.
 38892 | Depths:1 | 38892 ||| INVOKING Finesse.
 38978 | Depths:1 | 38978 ||| Stepping ~*~*~tactically~*~*~ (hiding).
 38979 | Depths:1 | 38979 ||| Stepping ~*~*~tactically~*~*~ (hiding).
 38994 | Depths:1 | 38994 ||| INVOKING Finesse.
 39019 | Depths:1 | 39019 ||| Stepping ~*~*~tactically~*~*~ (stealth).
 39098 | Depths:1 | 39098 ||| INVOKING Heroism.
 39104 | Depths:1 | 39104 ||| Stepping ~*~*~tactically~*~*~ (hiding).
 39119 | Depths:1 | Received a gift from Okawaru
 39196 | Depths:1 | 39196 ||| Stepping ~*~*~tactically~*~*~ (hiding).
 39311 | Depths:1 | 39311 ||| Stepping ~*~*~tactically~*~*~ (stealth).
 39319 | Depths:1 | 39319 ||| Stepping ~*~*~tactically~*~*~ (stealth).
 39322 | Depths:1 | 39322 ||| Stepping ~*~*~tactically~*~*~ (stealth).
 39323 | Depths:1 | 39323 ||| Stepping ~*~*~tactically~*~*~ (stealth).
 39422 | Depths:1 | 39422 ||| INVOKING Heroism.
 39462 | Depths:1 | 39462 ||| INVOKING Heroism.
 39463 | Depths:1 | 39463 ||| INVOKING Finesse.
 39467 | Depths:1 | 39467 ||| Stepping ~*~*~tactically~*~*~ (stealth).
 39506 | Depths:1 | 39506 ||| Stepping ~*~*~tactically~*~*~ (stealth).
 39507 | Depths:1 | 39507 ||| Stepping ~*~*~tactically~*~*~ (stealth).
 39512 | Depths:1 | 39512 ||| Stepping ~*~*~tactically~*~*~ (stealth).
 39513 | Depths:1 | 39513 ||| Stepping ~*~*~tactically~*~*~ (stealth).
 39541 | Depths:1 | 39541 ||| Stepping ~*~*~tactically~*~*~ (stealth).
 39726 | Depths:2 | 39726 ||| INVOKING Finesse.
 39731 | Depths:2 | Reached skill level 21 in Fighting
 39790 | Depths:2 | Noticed a golden dragon
 39791 | Depths:2 | 39791 ||| Stepping ~*~*~tactically~*~*~ (hiding).
 39795 | Depths:2 | 39795 ||| Stepping ~*~*~tactically~*~*~ (hiding).
 39796 | Depths:2 | 39796 ||| INVOKING Heroism.
 39797 | Depths:2 | 39797 ||| INVOKING Finesse.
 39821 | Depths:2 | Killed a golden dragon
 39825 | Depths:2 | 39825 ||| Stepping ~*~*~tactically~*~*~ (stealth).
 39826 | Depths:2 | 39826 ||| Stepping ~*~*~tactically~*~*~ (stealth).
 39849 | Depths:2 | Noticed a caustic shrike
 39852 | Depths:2 | 39852 ||| Stepping ~*~*~tactically~*~*~ (stealth).
 39853 | Depths:2 | 39853 ||| Stepping ~*~*~tactically~*~*~ (stealth).
 39859 | Depths:2 | Killed a caustic shrike
 39917 | Depths:2 | 39917 ||| Stepping ~*~*~tactically~*~*~ (stealth).
 40015 | Depths:2 | Found a one-way gate leading to the halls of Pandemonium.
 40026 | Depths:2 | 40026 ||| INVOKING Heroism.
 40030 | Depths:2 | Received a gift from Okawaru
 40129 | Depths:2 | Reached skill level 18 in Armour
 40206 | Depths:2 | 40206 ||| Stepping ~*~*~tactically~*~*~ (hiding).
 40213 | Depths:2 | 40213 ||| Stepping ~*~*~tactically~*~*~ (hiding).
 40214 | Depths:2 | 40214 ||| Stepping ~*~*~tactically~*~*~ (hiding).
 40247 | Depths:2 | 40247 ||| DROPPING amulet of the acrobat.
 40248 | Depths:2 | 40248 ||| INVOKING Heroism.
 40288 | Depths:2 | 40288 ||| Stepping ~*~*~tactically~*~*~ (hiding).
 40297 | Depths:2 | 40297 ||| INVOKING Finesse.
 40310 | Depths:2 | Noticed Nikola
 40327 | Depths:2 | 40327 ||| Stepping ~*~*~tactically~*~*~ (hiding).
 40330 | Depths:2 | 40330 ||| Stepping ~*~*~tactically~*~*~ (hiding).
 40331 | Depths:2 | 40331 ||| Stepping ~*~*~tactically~*~*~ (hiding).
 40332 | Depths:2 | 40332 ||| Stepping ~*~*~tactically~*~*~ (hiding).
 40364 | Depths:2 | Killed Nikola
 40464 | Depths:2 | Identified the +0 long sword "Udwou" {heavy, rC+ Dex+3}
 40498 | Depths:2 | 40498 ||| INVOKING Heroism.
 40499 | Depths:2 | 40499 ||| INVOKING Finesse.
 40568 | Depths:2 | 40568 ||| Stepping ~*~*~tactically~*~*~ (stealth).
 40570 | Depths:2 | 40570 ||| Stepping ~*~*~tactically~*~*~ (hiding).
 40619 | Depths:2 | Found a one-way gateway to a ziggurat.
 40687 | Depths:2 | 40687 ||| INVOKING Finesse.
 40879 | Depths:2 | 40879 ||| Stepping ~*~*~tactically~*~*~ (hiding).
 40880 | Depths:2 | 40880 ||| Stepping ~*~*~tactically~*~*~ (hiding).
 41225 | Depths:3 | 41225 ||| Stepping ~*~*~tactically~*~*~ (hiding).
 41272 | Depths:3 | 41272 ||| INVOKING Heroism.
 41273 | Depths:3 | 41273 ||| INVOKING Finesse.
 41296 | Depths:3 | Reached XP level 24. HP: 168/168 MP: 25/30
 41342 | Depths:3 | 41342 ||| INVOKING Heroism.
 41372 | Depths:3 | 41372 ||| INVOKING Finesse.
 41393 | Depths:3 | Reached skill level 22 in Fighting
 41465 | Depths:3 | Found a one-way gate to the infinite horrors of the Abyss.
 41657 | Depths:3 | 41657 ||| Stepping ~*~*~tactically~*~*~ (hiding).
 41983 | Depths:4 | Entered Level 4 of the Depths
 41983 | Depths:4 | Found a shimmering blue altar of Sif Muna.
 42027 | Depths:4 | 42027 ||| Stepping ~*~*~tactically~*~*~ (hiding).
 42029 | Depths:4 | 42029 ||| Stepping ~*~*~tactically~*~*~ (hiding).
 42030 | Depths:4 | 42030 ||| Stepping ~*~*~tactically~*~*~ (hiding).
 42031 | Depths:4 | 42031 ||| Stepping ~*~*~tactically~*~*~ (hiding).
 42032 | Depths:4 | 42032 ||| Stepping ~*~*~tactically~*~*~ (hiding).
 42080 | Depths:4 | 42080 ||| Stepping ~*~*~tactically~*~*~ (hiding).
 42143 | Depths:4 | 42143 ||| Stepping ~*~*~tactically~*~*~ (hiding).
 42146 | Depths:4 | 42146 ||| Stepping ~*~*~tactically~*~*~ (hiding).
 42149 | Depths:4 | 42149 ||| Stepping ~*~*~tactically~*~*~ (hiding).
 42153 | Depths:4 | 42153 ||| INVOKING Heroism.
 42207 | Depths:4 | Found a shadowy altar of Dithmenos.
 42235 | Abyss:3  | Cast into level 3 of the Abyss (vampire knight)
 42303 | Abyss:3  | 42303 ||| Stepping ~*~*~tactically~*~*~ (stealth).
 42307 | Abyss:3  | 42307 ||| INVOKING Heroism.
 42377 | Abyss:3  | 42377 ||| Stepping ~*~*~tactically~*~*~ (stealth).
 42378 | Abyss:3  | 42378 ||| Stepping ~*~*~tactically~*~*~ (stealth).
 42381 | Abyss:3  | 42381 ||| Stepping ~*~*~tactically~*~*~ (hiding).
 42383 | Abyss:3  | 42383 ||| Stepping ~*~*~tactically~*~*~ (hiding).
 42384 | Abyss:3  | 42384 ||| Stepping ~*~*~tactically~*~*~ (hiding).
 42385 | Abyss:3  | 42385 ||| Stepping ~*~*~tactically~*~*~ (hiding).
 42394 | Abyss:3  | 42394 ||| Stepping ~*~*~tactically~*~*~ (stealth).
 42406 | Abyss:3  | 42406 ||| Stepping ~*~*~tactically~*~*~ (hiding).
 42425 | Abyss:3  | 42425 ||| INVOKING Heroism.
 42431 | Abyss:3  | Received a gift from Okawaru
 42439 | Abyss:3  | 42439 ||| Stepping ~*~*~tactically~*~*~ (stealth).
 42451 | Abyss:3  | 42451 ||| Stepping ~*~*~tactically~*~*~ (hiding).
 42467 | Abyss:3  | Gained mutation: You occasionally lose the ability to read
                  | scrolls when taking damage. [a neqoxec]
 42472 | Abyss:3  | 42472 ||| DRINKING 5 potions of mutation.
 42472 | Abyss:3  | Lost mutation: You occasionally lose the ability to read
                  | scrolls when taking damage. [potion of mutation]
 42472 | Abyss:3  | Gained mutation: You have hidden genetic potential. [potion
                  | of mutation]
 42472 | Abyss:3  | Gained mutation: You have great hidden genetic potential.
                  | [potion of mutation]
 42472 | Abyss:3  | Gained mutation: You possess an exceptional clarity of
                  | mind. [potion of mutation]
 42497 | Abyss:3  | 42497 ||| INVOKING Heroism.
 42528 | Abyss:3  | Received a gift from Okawaru
 42539 | Abyss:3  | 42539 ||| Stepping ~*~*~tactically~*~*~ (stealth).
 42542 | Abyss:3  | 42542 ||| Stepping ~*~*~tactically~*~*~ (stealth).
 42549 | Abyss:3  | 42549 ||| Stepping ~*~*~tactically~*~*~ (stealth).
 42556 | Abyss:3  | Gained mutation: You are occasionally teleported next to
                  | monsters. [a neqoxec]
 42558 | Abyss:3  | 42558 ||| Stepping ~*~*~tactically~*~*~ (hiding).
 42563 | Abyss:3  | 42563 ||| DRINKING 4 potions of mutation.
 42563 | Abyss:3  | Lost mutation: You possess an exceptional clarity of mind.
                  | [potion of mutation]
 42563 | Abyss:3  | Lost mutation: You have great hidden genetic potential.
                  | [potion of mutation]
 42563 | Abyss:3  | Lost mutation: You have hidden genetic potential. [potion
                  | of mutation]
 42563 | Abyss:3  | Gained mutation: You are vulnerable to heat. (rF-) [potion
                  | of mutation]
 42563 | Abyss:3  | Gained mutation: Your muscles are strong. (Str +4, Int/Dex
                  | -1) [potion of mutation]
 42563 | Abyss:3  | Gained mutation: You have a pair of small antennae on your
                  | head. [potion of mutation]
 42564 | Abyss:3  | 42564 ||| DRINKING 3 potions of mutation.
 42564 | Abyss:3  | Lost mutation: You are occasionally teleported next to
                  | monsters. [potion of mutation]
 42564 | Abyss:3  | Lost mutation: Your muscles are strong. (Str +4, Int/Dex
                  | -1) [potion of mutation]
 42564 | Abyss:3  | Gained mutation: You are robust. (+10% HP) [potion of
                  | mutation]
 42564 | Abyss:3  | Gained mutation: You have sharp toenails. [potion of
                  | mutation]
 42587 | Abyss:3  | Found a corrupted altar of Lugonu.
 42599 | Abyss:3  | 42599 ||| Stepping ~*~*~tactically~*~*~ (stealth).
 42601 | Abyss:3  | 42601 ||| Stepping ~*~*~tactically~*~*~ (stealth).
 42607 | Abyss:3  | 42607 ||| Stepping ~*~*~tactically~*~*~ (stealth).
 42609 | Abyss:3  | 42609 ||| Stepping ~*~*~tactically~*~*~ (hiding).
 42634 | Abyss:3  | Found a corrupted altar of Lugonu.
 42646 | Abyss:3  | 42646 ||| Stepping ~*~*~tactically~*~*~ (stealth).
 42649 | Abyss:3  | 42649 ||| INVOKING Heroism.
 42682 | Abyss:3  | 42682 ||| Stepping ~*~*~tactically~*~*~ (stealth).
 42703 | Abyss:3  | Received a gift from Okawaru
 42732 | Abyss:3  | 42732 ||| Stepping ~*~*~tactically~*~*~ (stealth).
 42747 | Abyss:3  | 42747 ||| Stepping ~*~*~tactically~*~*~ (stealth).
 42758 | Abyss:3  | 42758 ||| Stepping ~*~*~tactically~*~*~ (stealth).
 42760 | Abyss:3  | 42760 ||| Stepping ~*~*~tactically~*~*~ (stealth).
 42803 | Abyss:3  | 42803 ||| Stepping ~*~*~tactically~*~*~ (stealth).
 42810 | Abyss:3  | Found a corrupted altar of Lugonu.
 42812 | Abyss:3  | Found a corrupted altar of Lugonu.
 42836 | Abyss:3  | 42836 ||| Stepping ~*~*~tactically~*~*~ (stealth).
 42839 | Abyss:3  | Found a corrupted altar of Lugonu.
 42849 | Abyss:3  | 42849 ||| Stepping ~*~*~tactically~*~*~ (stealth).
 42870 | Abyss:3  | 42870 ||| Stepping ~*~*~tactically~*~*~ (hiding).
 42872 | Depths:4 | Escaped the Abyss
 43070 | Depths:4 | Identified the +10 dagger of Skirmishing {elec, rC+ Int+4}
 43189 | Depths:4 | 43189 ||| Stepping ~*~*~tactically~*~*~ (hiding).
 43217 | Depths:4 | Found a gate to the Realm of Zot.
 43218 | Depths:4 | 43218 ||| Stepping ~*~*~tactically~*~*~ (hiding).
 43238 | Depths:4 | 43238 ||| Stepping ~*~*~tactically~*~*~ (cloud).
 43243 | Depths:4 | Received a gift from Okawaru
 43323 | Depths:4 | Received a gift from Okawaru
 43324 | Depths:4 | Reached skill level 12 in Throwing
 43453 | Depths:4 | 43453 ||| INVOKING Finesse.
 43466 | Depths:4 | 43466 ||| INVOKING Heroism.
 43525 | Depths:4 | 43525 ||| INVOKING Finesse.
 43820 | Depths:4 | 43820 ||| PLANNING VAULTS:5
 43820 | Depths:4 | 43820 ||| DROPPING +2 helmet of intelligence.
 44096 | Vaults:5 | Entered Level 5 of the Vaults
 44105 | Vaults:5 | 44105 ||| STAIRDANCE
 44109 | Vaults:4 | Received a gift from Okawaru
 44228 | Vaults:5 | 44228 ||| STAIRDANCE
 44241 | Vaults:4 | Received a gift from Okawaru
 44251 | Vaults:5 | Noticed a dread lich
 44252 | Vaults:5 | 44252 ||| INVOKING Heroism.
 44263 | Vaults:5 | 44263 ||| INVOKING Finesse.
 44271 | Vaults:5 | Killed a dread lich
 44273 | Vaults:5 | Received a gift from Okawaru
 44279 | Vaults:5 | Reached skill level 23 in Fighting
 44299 | Vaults:5 | Reached XP level 25. HP: 193/193 MP: 27/30
 44309 | Vaults:5 | Identified the +1 scale mail of Death Resistance {+Blink
                  | Regen+} (Okawaru gifted it to you on level 5 of the Vaults)
 44309 | Vaults:5 | Received a gift from Okawaru
 44378 | Vaults:5 | 44378 ||| INVOKING Heroism.
 44586 | Vaults:5 | 44586 ||| Stepping ~*~*~tactically~*~*~ (stealth).
 44608 | Vaults:5 | 44608 ||| Stepping ~*~*~tactically~*~*~ (hiding).
 44609 | Vaults:5 | 44609 ||| Stepping ~*~*~tactically~*~*~ (hiding).
 44708 | Vaults:5 | Identified the +6 arbalest of the Spheres {elec, Str+3
                  | Int-4 Dex+3}
 44842 | Vaults:5 | 44842 ||| Stepping ~*~*~tactically~*~*~ (hiding).
 44844 | Vaults:5 | 44844 ||| INVOKING Heroism.
 45017 | Vaults:5 | Identified the +5 leather armour of the Original Sin {rN+}
 45018 | Vaults:5 | Identified the +4 quarterstaff of Moderation {heavy, rPois}
 45064 | Vaults:5 | Identified the +1 robe of Daffodils {Int+3 Slay+3 Stlth+}
 45113 | Vaults:5 | 45113 ||| Stepping ~*~*~tactically~*~*~ (stealth).
 45114 | Vaults:5 | 45114 ||| Stepping ~*~*~tactically~*~*~ (stealth).
 45116 | Vaults:5 | 45116 ||| Stepping ~*~*~tactically~*~*~ (hiding).
 45413 | Vaults:5 | 45413 ||| Stepping ~*~*~tactically~*~*~ (hiding).
 45433 | Vaults:5 | 45433 ||| Stepping ~*~*~tactically~*~*~ (stealth).
 45435 | Vaults:5 | Received a gift from Okawaru
 45558 | Vaults:5 | Identified the +3 ring mail of the Watchman {rPois rCorr
                  | Str+7}
 45613 | Vaults:5 | Identified the +2 pair of gloves of the Sea {Int+3 Dex+3}
 45616 | Vaults:5 | Got a silver rune of Zot
 45618 | Vaults:5 | Identified the +1 ring mail of the Amoeba {Stlth+}
 45621 | Vaults:5 | Identified the ring "Pon Kiziq" {rPois Dex+4}
 45697 | Vaults:5 | 45697 ||| PLANNING SHOPPING SPREE
 45697 | Vaults:5 | 45697 ||| DROPPING +1 scale mail of Liberty {rCorr}.
 45698 | Vaults:5 | 45698 ||| UPGRADING to +2 pair of gloves of the Sea {Int+3
                  | Dex+3}.
 45708 | Vaults:5 | 45708 ||| DROPPING +2 pair of gloves.
 45709 | Vaults:5 | 45709 ||| DROPPING amulet of regeneration.
 45710 | Vaults:5 | 45710 ||| DROPPING amulet of guardian spirit.
 45711 | Vaults:5 | 45711 ||| DROPPING ring of see invisible.
 45712 | Vaults:5 | 45712 ||| DROPPING +4 ring of protection.
 45713 | Vaults:5 | 45713 ||| DROPPING ring "Pon Kiziq" {rPois Dex+4}.
 45897 | D:11     | 45897 ||| Stepping ~*~*~tactically~*~*~ (hiding).
 46104 | D:8      | 46104 ||| BUYING potion of haste (130 gold).
 46104 | D:8      | Bought a potion of haste for 130 gold pieces
 46104 | D:8      | 46104 ||| BUYING potion of haste (130 gold).
 46104 | D:8      | Bought a potion of haste for 130 gold pieces
 46104 | D:8      | 46104 ||| BUYING potion of lignification (39 gold).
 46104 | D:8      | Bought a potion of lignification for 39 gold pieces
 46104 | D:8      | 46104 ||| BUYING potion of might (52 gold).
 46104 | D:8      | Bought a potion of might for 52 gold pieces
 46104 | D:8      | 46104 ||| BUYING potion of might (52 gold).
 46104 | D:8      | Bought a potion of might for 52 gold pieces
 46125 | D:8      | 46125 ||| BUYING scroll of enchant weapon (90 gold).
 46125 | D:8      | Bought a scroll of enchant weapon for 90 gold pieces
 46125 | D:8      | 46125 ||| READING scroll of enchant weapon.
 46125 | D:8      | 46125 ||| ENCHANTING +4 vampiric broad axe.
 46126 | D:8      | 46126 ||| DROPPING +5 broad axe.
 46396 | Snake:3  | 46396 ||| BUYING ring of resist corrosion (300 gold).
 46396 | Snake:3  | Bought a ring of resist corrosion for 300 gold pieces
 46663 | Vaults:1 | 46663 ||| BUYING dented diamond amulet (500 gold).
 46663 | Vaults:1 | Bought a dented diamond amulet for 500 gold pieces
 46663 | Vaults:1 | 46663 ||| DROPPING amulet of magic regeneration.
 47030 | Vaults:1 | 47030 ||| BUYING pair of embroidered boots (750 gold).
 47030 | Vaults:1 | Bought a pair of embroidered boots for 750 gold pieces
 47030 | Vaults:1 | 47030 ||| DROPPING +1 pair of boots.
 47031 | Vaults:1 | 47031 ||| PLANNING ZOT:1-4
 47289 | Zot:1    | Entered Level 1 of the Realm of Zot
 47313 | Zot:1    | 47313 ||| Stepping ~*~*~tactically~*~*~ (cloud).
 47314 | Zot:1    | 47314 ||| INVOKING Heroism.
 47353 | Zot:1    | 47353 ||| DRINKING 2 potions of mutation.
 47353 | Zot:1    | Lost mutation: You are vulnerable to heat. (rF-) [potion of
                  | mutation]
 47353 | Zot:1    | Lost mutation: You have sharp toenails. [potion of
                  | mutation]
 47353 | Zot:1    | Lost mutation: You are robust. (+10% HP) [potion of
                  | mutation]
 47353 | Zot:1    | Gained mutation: Your body sometimes deteriorates upon
                  | taking damage. [potion of mutation]
 47353 | Zot:1    | Gained mutation: You are frail. (-10% HP) [potion of
                  | mutation]
 47354 | Zot:1    | 47354 ||| DRINKING potion of mutation.
 47354 | Zot:1    | Lost mutation: Your body sometimes deteriorates upon taking
                  | damage. [potion of mutation]
 47354 | Zot:1    | Lost mutation: You are frail. (-10% HP) [potion of
                  | mutation]
 47354 | Zot:1    | Lost mutation: You have a pair of small antennae on your
                  | head. [potion of mutation]
 47354 | Zot:1    | Gained mutation: Your spells are a little easier to cast,
                  | but a little less powerful. [potion of mutation]
 47354 | Zot:1    | Gained mutation: You are partially covered in large bone
                  | plates. (SH +4) [potion of mutation]
 47354 | Zot:1    | Gained mutation: You have hidden genetic defects. [potion
                  | of mutation]
 47366 | Zot:1    | 47366 ||| Stepping ~*~*~tactically~*~*~ (stealth).
 47367 | Zot:1    | 47367 ||| Stepping ~*~*~tactically~*~*~ (stealth).
 47381 | Zot:1    | Identified the +2 morningstar "Musots" {freeze, rF+ Str+3
                  | Int+2 Dex+3}
 47406 | Zot:1    | Identified the +0 crystal plate armour of Refuge {rElec rC+
                  | Int+3} (Okawaru gifted it to you on level 1 of the Realm of
                  | Zot)
 47406 | Zot:1    | Received a gift from Okawaru
 47520 | Zot:1    | Found the +4 dragonskin cloak
 47520 | Zot:1    | Noticed Tiamat
 47521 | Zot:1    | 47521 ||| INVOKING Heroism.
 47522 | Zot:1    | 47522 ||| INVOKING Finesse.
 47564 | Zot:1    | Reached skill level 12 in Dodging
 47568 | Zot:1    | Reached skill level 24 in Fighting
 47576 | Zot:1    | Killed Tiamat
 47619 | Zot:1    | 47619 ||| Stepping ~*~*~tactically~*~*~ (hiding).
 47640 | Zot:1    | 47640 ||| Stepping ~*~*~tactically~*~*~ (hiding).
 47644 | Zot:1    | 47644 ||| INVOKING Heroism.
 47666 | Zot:1    | Gained mutation: You are vulnerable to heat. (rF-) [hidden
                  | defects]
 47675 | Zot:1    | HP: 36/178 [tentacled monstrosity (11)]
 47676 | Zot:1    | 47676 ||| READING 8 scrolls of teleportation.
 47676 | Zot:1    | HP: 13/178 [tentacled monstrosity (9)]
 47677 | Zot:1    | 47677 ||| DRINKING 7 potions of heal wounds.
 47678 | Zot:1    | 47678 ||| DRINKING 6 potions of heal wounds.
 47679 | Zot:1    | 47679 ||| DRINKING 5 potions of heal wounds.
 47679 | Zot:1    | HP: 6/178 [constriction (1)]
 47679 | Zot:1    | Killed from afar by a black draconian knight

Levels and vault maps discovered:
D:1:      sevenhm_arrival_forest_fort_small_6, layout_basic
D:2:      layout_basic
D:3:      cheibrodos_thug_alley, layout_loops_ring,
          pdpol_wu_jian_five_deadly_venoms, fedhas_altar_fruit_tree,
          zin_statuary, nicolae_overflow_crystal_walls,
          riverfiend_overflow_shadow_ancestor, serial_shops,
          nicolae_shop_tiny_real_fake_doors
D:4:      layout_gridville, nemelex_dance_club_becter, fiery_altar_vehumet
D:5:      layout_loops_cross, minmay_temple_entry_slanted, minmay_lizard_king
D:6:      layout_cave_pools, yredelemnul_altar_generic,
          mainiacjoe_overflow_alcove_2, serial_shops, shop_statue, minivault_25
D:7:      layout_loops_ring, hangedman_ru_absence
D:8:      layout_basic, serial_shops, nicolae_shop_rolling_square,
          nicolae_shop_crystal, shop_scrolls, nicolae_shop_bloodbath_and_beyond,
          kennysheep_mini_moat, chequers_serial_rivers_room_b
D:9:      layout_stronghold, nicolae_kikubaaqudgha_miasma_corner
D:10:     lemuel_bear_cage, layout_loops_ring, uniq_grum
D:11:     layout_roguey, minmay_lair_entry_grove, nicolae_trove_entry_diagonal,
          uniq_sonja, uniq_nergalle
D:12:     layout_basic, kennysheep_orc_monster_closet_entryway,
          minmay_misc_feat_pillars
D:13:     layout_stronghold, nicolae_hepliaklqana_hazy_memory
D:14:     layout_roguey, erik_vaults_1, minmay_misc_feat_more_columns,
          st_stairs_10, eino_house_with_fridge
D:15:     gammafunk_enter_depths_forms, layout_loops_corners,
          gauntlet_entry_generic, kennysheep_doodads
Lair:1:   layout_chaotic_city, beast_lair_carwin_5
Lair:2:   layout_concentric_octagons, swamp_mist_pool,
          nicolae_snake_entry_warm_welcome, gammafunk_ghost_hydra_chop,
          beast_lair_carwin_11, lemuel_fruit_fields
Lair:3:   layout_long_grid, gammafunk_ghost_cemetery, st_stairs_5
Lair:4:   layout_layer_cave, grunt_megastairs_1
Lair:5:   evil_forest, layout_regular_city, nicolae_slime_entry_field_trip,
          serial_bayou_pond_d
Swamp:1:  layout_basic_swamp, nicolae_swamp_decorative_isthmus
Swamp:2:  layout_basic_swamp, evilmike_swamp_ruin_house_5, swamp_pool1,
          nicolae_swamp_necromancer_hut, infiniplex_staircase_pool
Swamp:3:  layout_basic_swamp, nicolae_swamp_small_spring, uniq_aizul
Swamp:4:  swamp_basic_johnstein, layout_basic_swamp, uniq_mara
Snake:1:  layout_chambers, grunt_megastairs_3, lemuel_fruit_tree, uniq_josephine
Snake:2:  layout_layer_cave, hellmonk_ghost_happy_afterlife,
          serial_bayou_shore_a
Snake:3:  layout_grid_shapes, serial_shops, nicolae_shop_behind_doors,
          uniq_donald
Snake:4:  snake_pit, layout_cave_town, serial_shops, bzr_entry_customers,
          minmay_shoptagon
Orc:1:    gammafunk_beogh_shrine, layout_diamond_mine, trog_butcher_becter
Orc:2:    st_orc_rangers, layout_diamond_mine, uniq_maurice, uniq_rupert
Vaults:1: hangedman_vaults_pinch, vaults_room_large_hall,
          kennysheep_vaults_gozag_temple, v_misc_2, v_misc_27,
          vaults_room_semicircle, nicolae_vaults_what_the_h,
          nicolae_vaults_diamond_1, nicolae_vaults_disjoint_gnomons, v_misc_28,
          nicolae_vaults_little_squares_6, v_misc_23,
          ontoclasm_vaults_ring_large, nicolae_vaults_diamond_2,
          grunt_vaults_focal, layout_vaults_ring, serial_shops, bzr_in_the_mist
Vaults:2: v_pattern_4, nicolae_vaults_little_squares_5,
          minmay_crypt_entry_simple_walls, nicolae_vaults_cornered_office,
          v_misc_22, v_rooms_6, nicolae_vaults_yaktaur_gun_rack,
          nicolae_vaults_closet_pinwheel_4,
          nicolae_vaults_shipping_containers_4,
          nicolae_vaults_offset_grid_hallway_4,
          nicolae_vaults_storage_room_glass, vaults_dpeg_ring,
          vaults_dpeg_diagonal, grunt_vaults_hallway_short,
          layout_vaults_omnicross, uniq_sojobo, uniq_margery
Vaults:3: portal_desolation_entry_nicolae_nacl, nicolae_vaults_specimen_jars,
          vaults_room_grid, nicolae_vaults_puzzle_piece,
          nicolae_vaults_wrenched, hangedman_vaults_impose,
          nicolae_vaults_network_s, nicolae_vaults_little_guard_posts,
          hangedman_vaults_unwind, nicolae_vaults_tetromino_T_2,
          nicolae_vaults_tetromino_L_1, nicolae_vaults_sightless_eye,
          vaults_mumra_hex, layout_vaults_maze
Vaults:4: ontoclasm_vaults_loading_screen, nicolae_vaults_disjoint_gnomons,
          nicolae_vaults_circle_grid_b, nicolae_vaults_closet_pinwheel_3,
          vaults_room_corners, nicolae_vaults_stepped_doors,
          nicolae_vaults_sealed_display, nicolae_vaults_shelves_hall,
          nicolae_vaults_sesquioval_fish, vaults_room_grid,
          layout_vaults_omnigrid
Vaults:5: serial_shops
Depths:1: layout_basic, fountainhead, pf_hell_entry_tar_river, nzn_random_ring
Depths:2: minmay_tri_box, layout_cave_shapes, enter_ziggurat_e,
          grunt_mini_vestibule, nicolae_the_louvre, rand_demon_pan_entry_8,
          serial_bayou_lake_a, infiniplex_staircase_pillars_1, uniq_nikola,
          uniq_josephina
Depths:3: minmay_curly_fans, layout_gridlike, pan_entry, minmay_holes,
          hangedman_abyss_entry_splay, hell_entry,
          hangedman_abyss_or_decor_slice, infiniplex_staircase_pool_1
Depths:4: grunt_zot_entry_tricorne, layout_gridlike,
          nicolae_sif_muna_condensation, hangedman_coc_ice_floe, abyss_entry,
          grunt_dithmenos_smoke_and_mirrors
Zot:1:    kennysheep_blocky_room, layout_gridlike, grunt_ministairs_13,
          skrybe_zot_glass_3, uniq_tiamat

Skill      XL: |  1  2  3  4  5  6  7  8  9 10 11 12 13 14 15 16 17 18 19 20 21 22 23 24 25 |
---------------+----------------------------------------------------------------------------+-----
Axes           | 2 3 4 5 6 8 10 11 12 13 15 16 17 18 | 18.0
Throwing       | 2 3 8 9 10 11 13 | 13.8
Fighting       | 4 5 7 9 10 11 12 13 15 17 18 19 20 21 23 24 | 24.0
Invocations    | 1 4 5 9 10 | 10.0
Dodging        | 1 2 3 4 6 7 8 9 10 12 | 12.0
Armour         | 4 5 6 7 8 10 11 12 13 15 16 18 19 | 19.1
Shields        | 4 5 6 7 12 13 14 18 19 20 21 22 | 22.0

Action                     |  1- 3 |  4- 6 |  7- 9 | 10-12 | 13-15 | 16-18 | 19-21 | 22-24 | 25-27 || total
---------------------------+-------+-------+-------+-------+-------+-------+-------+-------+-------++-------
  Melee: War axe           |    78 |    91 |    85 |       |       |       |       |       |       ||   254
         Broad axe         |       |       |   132 |   421 |   677 |  1504 |  1252 |  1436 |   379 ||  5801
         Morningstar       |       |       |       |       |    82 |    23 |       |       |       ||   105
  Throw: Boomerang         |     7 |    38 |    77 |    35 |   121 |    97 |    47 |   193 |       ||   615
         Javelin           |       |       |       |    33 |   162 |    97 |   114 |    40 |    15 ||   461
 Invoke: Heroism           |       |     3 |     8 |    10 |    14 |    39 |     7 |    21 |     5 ||   107
         Finesse           |       |       |       |     1 |     7 |     4 |     6 |    16 |     1 ||    35
    Use: Scroll            |     8 |     2 |     6 |     9 |     3 |    16 |     1 |       |     2 ||    47
         Potion            |     1 |     1 |     2 |     3 |       |     3 |     3 |     3 |     5 ||    21
 Armour: Scale mail        |    16 |       |       |       |       |       |       |       |       ||    16
         Ring mail         |    13 |       |       |       |       |       |       |       |       ||    13
         Chain mail        |     4 |    59 |   122 |   195 |   350 |   783 |   402 |   511 |   178 ||  2604
  Dodge: Dodged            |    36 |    34 |   150 |   283 |   381 |   792 |   456 |   642 |   219 ||  2993
  Block: Buckler           |     7 |    23 |    83 |   168 |   139 |       |       |       |       ||   420
         Kite shield       |       |       |       |       |   164 |   560 |       |       |       ||   724
         Tower shield      |       |       |       |       |       |   515 |   973 |  1240 |   411 ||  3139

Table legend:
 A = Non-vault XP
 B = Vault XP
 C = Vault XP percentage of total XP
 D = Non-vault monster count
 E = Vault monster count
 F = Vault count percentage of total count
                 A         B        C        D         E       F
            +---------+---------+-------+---------+---------+-------
      Total |  536621 |  422513 |  44.1 |    1214 |     665 |  35.4
            +---------+---------+-------+---------+---------+-------
        D:1 |      15 |       0 |   0.0 |      13 |       0 |   0.0
        D:2 |      58 |       0 |   0.0 |      18 |       0 |   0.0
        D:3 |      77 |     111 |  59.0 |      16 |      10 |  38.5
        D:4 |     484 |       5 |   1.0 |      24 |       2 |   7.7
        D:5 |     559 |      46 |   7.6 |      16 |      11 |  40.7
        D:6 |     911 |       0 |   0.0 |      26 |       0 |   0.0
        D:7 |    2133 |       0 |   0.0 |      20 |       0 |   0.0
        D:8 |    1503 |       0 |   0.0 |      22 |       0 |   0.0
        D:9 |    1613 |       0 |   0.0 |      18 |       0 |   0.0
       D:10 |     855 |     533 |  38.4 |      21 |       4 |  16.0
       D:11 |    4922 |    3802 |  43.6 |      16 |      15 |  48.4
       D:12 |    5464 |    1634 |  23.0 |      17 |      20 |  54.1
       D:13 |    7006 |       0 |   0.0 |      11 |       0 |   0.0
       D:14 |   11523 |    3562 |  23.6 |      31 |      16 |  34.0
       D:15 |   10792 |    5211 |  32.6 |      29 |       9 |  23.7
     Lair:1 |    9784 |     900 |   8.4 |      33 |       6 |  15.4
     Lair:2 |    5075 |    1287 |  20.2 |      19 |       7 |  26.9
     Lair:3 |    7061 |     826 |  10.5 |      34 |       3 |   8.1
     Lair:4 |    9008 |    1616 |  15.2 |      24 |       7 |  22.6
     Lair:5 |   16168 |   11600 |  41.8 |      44 |      30 |  40.5
    Swamp:1 |   19806 |       0 |   0.0 |      40 |       0 |   0.0
    Swamp:2 |    8893 |    4074 |  31.4 |      23 |      11 |  32.4
    Swamp:3 |   11359 |    1180 |   9.4 |      23 |       1 |   4.2
    Swamp:4 |   10225 |   25217 |  71.2 |      23 |      34 |  59.6
    Snake:1 |    9372 |    1848 |  16.5 |      23 |       6 |  20.7
    Snake:2 |   20596 |       0 |   0.0 |      35 |       0 |   0.0
    Snake:3 |   20127 |    1356 |   6.3 |      44 |       1 |   2.2
    Snake:4 |   12872 |   17737 |  57.9 |      27 |      30 |  52.6
      Orc:1 |    5585 |     242 |   4.2 |      54 |       4 |   6.9
      Orc:2 |    6220 |    7584 |  54.9 |      45 |      40 |  47.1
   Vaults:1 |   32186 |   31873 |  49.8 |      44 |      37 |  45.7
   Vaults:2 |   29344 |   33004 |  52.9 |      41 |      38 |  48.1
   Vaults:3 |   23756 |   21938 |  48.0 |      33 |      32 |  49.2
   Vaults:4 |   20254 |   26676 |  56.8 |      39 |      31 |  44.3
   Vaults:5 |   17028 |   88779 |  83.9 |      22 |      92 |  80.7
   Depths:1 |   49434 |   24065 |  32.7 |      62 |      22 |  26.2
   Depths:2 |   38847 |   16147 |  29.4 |      49 |      11 |  18.3
   Depths:3 |   25343 |    1174 |   4.4 |      31 |       1 |   3.1
   Depths:4 |   31790 |   14466 |  31.3 |      40 |      15 |  27.3
      Zot:1 |   21520 |   29025 |  57.4 |      15 |      22 |  59.5
    Abyss:3 |   27053 |       0 |   0.0 |      49 |       0 |   0.0
 Desolation |       0 |   41638 | 100.0 |       0 |      85 | 100.0
   Gauntlet |       0 |    3357 | 100.0 |       0 |      12 | 100.0
            +---------+---------+-------+---------+---------+-------
